Workbook
Name ADD_HL_LIST_MO_MARKER: 'Список территорий'!$G$17
Name ALL_FILES: modUIButtons!$B$1
Name ATH_SCHEME: TECHSHEET!$X$3
Name AUTHORIZATION_MODE: TECHSHEET!$M$10
Name CALC_IDENTIFIER: TECHSHEET!$G$14
Name CHANGE_HL_LIST_MO_COLUMN_MARKER: 'Список территорий'!$D$14
Name chkGetUpdatesValue: Инструкция!$AA$95
Name chkNoUpdatesValue: Инструкция!$AA$97
Name CNCSN_IP_LIST_RANGE: REESTR_CNCSN_IP!$A$2:$G$111
Name CNCSN_LIST: REESTR_CNCSN_IP!$B$2:$G$47
Name CNCSN_NAME_LIST: REESTR_CNCSN_IP!$C$2:$C$47
Name code: Инструкция!$B$2
Name COLDVSNA_BAL_PR_ADD_HL_MARKER: ХВС.БПр!$G$132
Name COLDVSNA_BAL_PR_ADD_RANGE: ХВС.БПр!$1:$28
Name COLDVSNA_BAL_PR_CALC_AREA: ХВС.БПр!$F$131:$AV$132
Name COLDVSNA_BAL_PR_DELETE_HL_COLUMN_MARKER: ХВС.БПр!$E$124
Name COLDVSNA_BAL_PR_EMPTY_RANGE: ХВС.БПр!$H$1:$BF$28
Name COLDVSNA_BAL_PR_END_COLUMN_MARKER: ХВС.БПр!$AS$120
Name COLDVSNA_BAL_PR_NUM_COLUMN_MARKER: ХВС.БПр!$B$124
Name COLDVSNA_BAL_PR_RANGE: ХВС.БПр!$H$29:$BF$56
Name COLDVSNA_BAL_TR_ADD_HL_MARKER: ХВС.БТр!$G$132
Name COLDVSNA_BAL_TR_ADD_RANGE: ХВС.БТр!$1:$28
Name COLDVSNA_BAL_TR_CALC_AREA: ХВС.БТр!$F$131:$AC$132
Name COLDVSNA_BAL_TR_DELETE_HL_COLUMN_MARKER: ХВС.БТр!$E$124
Name COLDVSNA_BAL_TR_EMPTY_RANGE: ХВС.БТр!$H$1:$BF$28
Name COLDVSNA_BAL_TR_END_COLUMN_MARKER: ХВС.БТр!$AC$119
Name COLDVSNA_BAL_TR_NUM_COLUMN_MARKER: ХВС.БТр!$B$124
Name COLDVSNA_BAL_TR_RANGE: ХВС.БТр!$H$29:$BF$56
Name COLDVSNA_CALC_ADD_HL_MARKER: ХВС.РО!$AT$18
Name COLDVSNA_CALC_ADD_RANGE: COLDVSNA_REAGENT_TECH_VERTICAL!#REF!
Name COLDVSNA_CALC_ADD_RANGE: HEAT_FUEL_TECH_VERTICAL!#REF!
Name COLDVSNA_CALC_ADD_RANGE: VOTV_CALC_TECH_VERTICAL!#REF!
Name COLDVSNA_CALC_ADD_RANGE: VOTV_REAGENT_TECH_VERTICAL!#REF!
Name COLDVSNA_CALC_ADD_RANGE: COLDVSNA_CALC_TECH_VERTICAL!$AB$3:$AD$363
Name COLDVSNA_CALC_AREA: ХВС.РО!$AS$23:$AT$306
Name COLDVSNA_CALC_BALANCE_ROW_MARKER: ХВС.РО!$AN$240
Name COLDVSNA_CALC_CI_ROW_MARKER: ХВС.РО!$AN$210
Name COLDVSNA_CALC_COST_ROW_MARKER: ХВС.РО!$AN$203
Name COLDVSNA_CALC_D_AREA: COLDVSNA_REAGENT_TECH_VERTICAL!#REF!
Name COLDVSNA_CALC_D_AREA: HEAT_FUEL_TECH_VERTICAL!#REF!
Name COLDVSNA_CALC_D_AREA: VOTV_CALC_TECH_VERTICAL!#REF!
Name COLDVSNA_CALC_D_AREA: VOTV_REAGENT_TECH_VERTICAL!#REF!
Name COLDVSNA_CALC_D_AREA: COLDVSNA_CALC_TECH_VERTICAL!$AE$290:$AG$306
Name COLDVSNA_CALC_DELETE_HL_ROW_MARKER: ХВС.РО!$AS$18
Name COLDVSNA_CALC_ECONOMY_SUM_10_ROW_MARKER: ХВС.РО!$AN$351
Name COLDVSNA_CALC_ECONOMY_SUM_11_ROW_MARKER: ХВС.РО!$AN$357
Name COLDVSNA_CALC_EMPTY_BASE_RANGE: COLDVSNA_REAGENT_TECH_VERTICAL!#REF!
Name COLDVSNA_CALC_EMPTY_BASE_RANGE: HEAT_FUEL_TECH_VERTICAL!#REF!
Name COLDVSNA_CALC_EMPTY_BASE_RANGE: VOTV_CALC_TECH_VERTICAL!#REF!
Name COLDVSNA_CALC_EMPTY_BASE_RANGE: VOTV_REAGENT_TECH_VERTICAL!#REF!
Name COLDVSNA_CALC_EMPTY_BASE_RANGE: COLDVSNA_CALC_TECH_VERTICAL!$AB$23:$AD$363
Name COLDVSNA_CALC_EXTENDED_AREA: ХВС.РО!$AP$313:$AP$332
Name COLDVSNA_CALC_EXTENDED_CLN_AREA: ХВС.РО!$AP$319:$AP$322
Name COLDVSNA_CALC_EXTENDED_FACILITY_1_AREA: ХВС.РО!$AP$320
Name COLDVSNA_CALC_EXTENDED_PR_AREA: ХВС.РО!$AP$315:$AP$317
Name COLDVSNA_CALC_EXTENDED_SL_AREA: ХВС.РО!$AP$328:$AP$331
Name COLDVSNA_CALC_EXTENDED_TR_AREA: ХВС.РО!$AP$324:$AP$326
Name COLDVSNA_CALC_INV_DATA_CN: ХВС.РО!$AP$286
Name COLDVSNA_CALC_INV_DATA_IP: ХВС.РО!$AP$266
Name COLDVSNA_CALC_IP_EXCEPT_CN_1_ROW_MARKER: ХВС.РО!$AN$250

Sheet Инструкция
AA1: (требуется обновление)
B2: ="Код отчёта: " & GetCode() -> Код отчёта: CALC.WARM.MULTI.2.52
B3: ="Версия " & GetVersion() -> Версия 5.3.2
B5: ="Показатели организаций коммунального комплекса за " & PERIOD & " год (факт)" -> Показатели организаций коммунального комплекса за 2024 год (факт)
E7: • На рабочем месте должен быть установлен MS Office 2003 SP3, 2007 SP3, 2010, 2013, 2016, 2019 с полной версией MS Excel • Макросы во время работы должны быть включены (!) • Для корректной работы отчёта требуется выбрать низкий уровень безопасности (В меню MS Excel 2003: Сервис | Макрос | Безопасность | выбрать пункт «Низкая безопасность» | OK) (В меню MS Excel 2007/2010/2013/2016/2019: Параметры Excel | Центр управления безопасностью | Параметры центра управления безопасностью | Параметры макросов | Включить все макросы | ОК) • Если Вы работаете в табличном процессоре MS Excel 2007 и выше, то можете использовать для работы формат XLSB (Двоичная книга Excel). При работе в формате XLSB заметно быстрее происходит сохранение файла, а также уменьшается размер по сравнению с форматами XLS и XLSM • Не рекомендуется снимать защиту с листов и каким-либо образом модифицировать защищаемые формулы и расчётные поля, в противном случае, отчёт будет отклонён системой • При сохранении не следует выбирать формат XLSX (Книга Excel), так как в указанном формате макросы, необходимые для работы отчёта, безвозвратно удаляются
E21: A | F21: - предназначенные для заполнения | O21: A | P21: - ссылки и автозаполняемые поля
E22: A | F22: - с формулами и константами | O22: A | P22: - обязательные для заполнения
E35: Если в предложенном Вам списке необходимая организация, МР/МО отсутствуют, обновите реестры с помощью кнопок на листе "Список организаций" В результате синхронизации с базой данных список организаций (МР/МО) будет заменён актуальным (механизм синхронизации требует подключения к сети Интернет и основан на использовании протокола HTTPS (TCP порт 443)) Если после обновления Вам не удалось найти необходимую организацию в списке, обратитесь к ответственному за поддержание реестра Вашего региона.
E41: Адрес сервера ЕИАС для запроса данных: | R41: https://eias.ru
E46: • При сохранении шаблона осуществляется проверка корректности данных, в том числе на наличие значений в ячейках, обязательных для заполнения • Если какая-то ячейка не удовлетворяет условию проверки, на лист «Проверка» добавляется гиперссылка на данную ячейку и указывается причина ошибки • В колонке «Статус» для каждого сообщения возможны 2 значения: ошибка и предупреждение • При наличии сообщений со статусом «Ошибка» шаблон будет отклонён системой и не будет загружен в хранилище данных, сообщения со статусом «Предупреждение» носят информационный характер, и такой шаблон будет принят системой
E59: Консультации: | K59: Обратиться за помощью
E60: Дистрибутивы: | K60: Перейти
E73: Руководство по заполнению: | K73: Перейти к руководству по заполнению
E77: Сопровождение: | K77: Обратиться за помощью
E78: Отчётные формы: | K78: Перейти к разделу
E79: Хранилище документов: | K79: Руководство по загрузке документов
E93: При наличии подключения к Интернет, можно автоматически проверять наличие доступных обновлений. Выберите способ оповещения о наличии обновлений для отчёта:
F95: проверять доступные обновления (рекомендуется) | AA95: y
F97: никогда не проверять наличие обновлений (не рекомендуется)
E103: Использовать прокси-сервер для запроса обновлений | R103: нет
E104: Адрес прокси-сервера
E105: Порт

Sheet Лог обновления
A2: 3/17/2012 12:12:41 AM | B2: Дата/Время | C2: Сообщение | D2: Статус
B3: 3/6/2026 6:05:00 PM | C3: Проверка доступных обновлений... | D3: Информация
B4: 3/6/2026 6:05:01 PM | C4: Доступно обновление до версии 1.0.4 | D4: Информация
B5: 3/6/2026 6:05:01 PM | C5: Описание изменений: Версия 1.0.4 - Модификация формул в строках 536:542, 563:569 на листе "Т" - Модификация формул в блоке "Фактически исполнено инвестиций за [отчётный] год, тыс.руб." на листе "КС" Версия 1.0.3 - Модификация формул в блоке "Полезный отпуск продукции всего" (строка 1104) на листе "Т" Версия 1.0.2 - Модификация формул в блоке "Фактически исполнено инвестиций за [отчётный] год, тыс.руб." на листе "КС" Версия 1.0.1 - Модификация формул расчёта на листе "БПр" | D5: Информация
B6: 3/6/2026 6:05:01 PM | C6: Размер файла обновления: 322560 байт | D6: Информация
B7: 3/6/2026 6:05:09 PM | C7: Обновление отменено пользователем | D7: Предупреждение

Sheet Титульный
E4: - обновление индикаторов проверки отчёта
E5: Технико-экономические показатели регулируемой организации (факт)
E7: Субъект РФ | H7: Нижегородская область | Q7: MANDATORY
E9: Отчётный период | H9: 2024 | Q9: MANDATORY
H10: Год | Q10: MANDATORY
E12: RST_ORG_ID | H12: 26322355 | Q12: MANDATORY
E14: Наименование юридического лица | H14: ЗАО "Концерн "Термаль" | Q14: MANDATORY
E15: Наименование (описание) обособленного подразделения | O15: 5412526 | Q15: OPTIONAL
E16: ИНН | H16: 5261017382 | O16: 5257048 | Q16: MANDATORY
E17: КПП | H17: 526101001 | O17: 5431579 | Q17: MANDATORY
E18: Организационно-правовая форма | H18: 1 22 67 | Непубличные акционерные общества | J18: Где найти? | Q18: MANDATORY
E19: Вид(-ы) деятельности организации | H19: Некомбинированное производство :: Передача :: Сбыт | O19: =IF(LEN(H19)=0,"",VLOOKUP(H19,VDET_ID_LIST,2,FALSE)) -> 2386758237 | Q19: MANDATORY
E20: ="Наличие статуса " & SPHERE_SPECIFIC_STATUS & " *" -> Наличие статуса ЕТО * | H20: нет | J20: =IF(SPHERE_SPECIFIC_STATUS_DESCRIPTION="","",SPHERE_SPECIFIC_STATUS_DESCRIPTION) -> * ЕТО - единая теплоснабжающая организация | Q20: OPTIONAL
E21: ="URL-ссылка на документ, подтверждающий статус " & SPHERE_SPECIFIC_STATUS -> URL-ссылка на документ, подтверждающий статус ЕТО | Q21: OPTIONAL
E23: ="Наличие нерегулируемых (других регулируемых, кроме " & TEMPLATE_SPHERE & ") видов деятельности" -> Наличие нерегулируемых (других регулируемых, кроме теплоснабжения) видов деятельности | H23: да | Q23: MANDATORY
E24: ="Наличие раздельного учёта затрат по регулируемым видам деятельности в сфере " & TEMPLATE_SPHERE -> Наличие раздельного учёта затрат по регулируемым видам деятельности в сфере теплоснабжения | H24: да | Q24: MANDATORY
E25: Плательщик НДС | H25: да | Q25: MANDATORY
E26: Является ли организация подведомственной Министерства Обороны РФ | H26: нет | Q26: MANDATORY
E27: ="Является ли деятельность в сфере " & TEMPLATE_SPHERE & " профильным видом деятельности" -> Является ли деятельность в сфере теплоснабжения профильным видом деятельности | H27: нет | Q27: MANDATORY
E30: ОГРН | H30: 1025203560854 | J30: Где найти? | Q30: MANDATORY
E31: Код по ОКПО | H31: 36737437 | J31: Где найти? | Q31: MANDATORY
E33: ="Государственное и (или) муниципальное участие " & IF(H17="отсутствует","в индивидуальном предпринимателе","в юридическом лице") -> Государственное и (или) муниципальное участие в юридическом лице | F33: Наличие | H33: нет | Q33: MANDATORY
F34: Сведения о доле | H34: 0 % | Q34: MANDATORY
F35: ="Преобладающий тип собственности " & IF(H17="отсутствует","в индивидуальном предпринимателе","в юридическом лице") -> Преобладающий тип собственности в юридическом лице | H35: частная | Q35: MANDATORY
E38: Контактные данные
E40: Ответственный за предоставление информации | F40: ФИО | H40: Шунаев Игорь Борисович | Q40: MANDATORY
F41: Должность | H41: главный инженер | Q41: MANDATORY
F42: Контактный телефон | H42: (831) 233-44-48 | Q42: MANDATORY
F43: e-mail | H43: tremalenergy@yandex.ru | Q43: MANDATORY
E45: Дата последнего обновления реестра организаций: 09.09.2025 10:29:58
E46: Дата последнего обновления данных мониторинга принятых тарифных решений на 2024 год: 09.09.2025 10:37:29
E47: Дата последнего обновления обновления параметров проверки отчёта: 09.09.2025 10:29:58
E49: Показывать настройки проверки при сохранении

Sheet modSheetTitle

Sheet Список территорий
G4: ="Перечень муниципальных образований, на территории которых организация оказывает услуги " & TEMPLATE_SPHERE -> Перечень муниципальных образований, на территории которых организация оказывает услуги теплоснабжения
F12: № п/п | G12: Муниципальный район | H12: Муниципальное образование | I12: ОКТМО | J12: Тип муниципального образования | M12: Плательщик НДС | N12: Дополнительные признаки дифференциации тарифов | P12: Проверить наличие наименования в справочнике | Q12: SRC | AC12: Вид(-ы) теплоносителя(-ей) | AJ12: Вид воды | AQ12: Вид сточных вод | BV12: =IF(TEMPLATE_SPHERE_CODE="HEAT","Размерность тарифа на транспортировку " & RESOURCE_IDENTIFIER,"") -> Размерность тарифа на транспортировку ТЭ | CI12: ="Оказание услуг в течение " & god & " года (все потребители, включая собственные нужды)" -> Оказание услуг в течение 2024 года (все потребители, включая собственные нужды)
CJ13: Январь | CK13: Февраль | CL13: Март | CM13: Апрель | CN13: Май | CO13: Июнь | CP13: Июль | CQ13: Август | CR13: Сентябрь | CS13: Октябрь | CT13: Ноябрь | CU13: Декабрь
F15: 0
E16: О | F16: 1 | G16: город Нижний Новгород | H16: город Нижний Новгород | I16: 22701000 | J16: =IF(LEN(I16)=0,"",VLOOKUP(I16,OKTMO_VS_TYPE_LIST,2,FALSE)) -> городской округ | M16: =IF(TAX="","",TAX) -> да | Q16: =IF('Список объектов'!$Q$16="","Не определено",'Список объектов'!$Q$16) -> 1 | S16: =IF(КС!$Q$16="","Не определено",КС!$Q$16) -> 0 | T16: =IF(ТН!$Q$16="","Не определено",ТН!$Q$16) -> 0 | V16: 110.1 | AC16: Тариф: Носитель - горячая вода (Т) | CJ16: a | CK16: a | CL16: a | CM16: a | CN16: a | CO16: a | CP16: a | CQ16: a | CR16: a | CS16: a | CT16: a | CU16: a
G17: Добавить территорию
F19: Дата последнего обновления реестра МР/МО/ОКТМО: 09.09.2025 10:29:55

Sheet Список объектов
G4: ="Перечень объектов организаций, оказывающих услуги " & TEMPLATE_SPHERE -> Перечень объектов организаций, оказывающих услуги теплоснабжения
F12: № п/п | G12: Муниципальный район | H12: Муниципальное образование | I12: ОКТМО | Q12: Количество объектов | R12: NUMBER | S12: =IF(TEMPLATE_SPHERE_CODE="HEAT","Производство",IF(TEMPLATE_SPHERE_CODE="COLDVSNA","Производство (подъём / добыча)",IF(TEMPLATE_SPHERE_CODE="VOTV","Приём сточных вод",""))) -> Производство | U12: =IF(TEMPLATE_SPHERE_CODE="HEAT","Передача",IF(TEMPLATE_SPHERE_CODE="COLDVSNA","Очистка воды",IF(TEMPLATE_SPHERE_CODE="VOTV","Очистка сточных вод",""))) -> Передача | W12: =IF(TEMPLATE_SPHERE_CODE="HEAT","Сбыт",IF(TEMPLATE_SPHERE_CODE="COLDVSNA","Транспортировка воды",IF(TEMPLATE_SPHERE_CODE="VOTV","Транспортировка сточных вод",""))) -> Сбыт | AB12: № п/п | AC12: Наименование объекта | AD12: Тип объекта | AE12: Виды деятельности | AH12: Адрес объекта | AU12: Территория оказания услуг | BH12: =IF(TEMPLATE_SPHERE_CODE="HEAT","Производство",IF(TEMPLATE_SPHERE_CODE="COLDVSNA","Производство (подъём / добыча)",IF(TEMPLATE_SPHERE_CODE="VOTV","Приём сточных вод",""))) -> Производство | BJ12: =IF(TEMPLATE_SPHERE_CODE="HEAT","Передача",IF(TEMPLATE_SPHERE_CODE="COLDVSNA","Очистка воды",IF(TEMPLATE_SPHERE_CODE="VOTV","Очистка сточных вод",""))) -> Передача | BL12: =IF(TEMPLATE_SPHERE_CODE="HEAT","Сбыт",IF(TEMPLATE_SPHERE_CODE="COLDVSNA","Транспортировка воды",IF(TEMPLATE_SPHERE_CODE="VOTV","Транспортировка сточных вод",""))) -> Сбыт | BP12: =IF(TEMPLATE_SPHERE_CODE="HEAT","FUEL_LIST","") -> FUEL_LIST | CD12: Комментарии
AE13: =IF(TEMPLATE_SPHERE_CODE="HEAT","Производство",IF(TEMPLATE_SPHERE_CODE="COLDVSNA","Производство (подъём / добыча)",IF(TEMPLATE_SPHERE_CODE="VOTV","Приём сточных вод",""))) -> Производство | AF13: =IF(TEMPLATE_SPHERE_CODE="HEAT","Передача",IF(TEMPLATE_SPHERE_CODE="COLDVSNA","Очистка воды",IF(TEMPLATE_SPHERE_CODE="VOTV","Очистка сточных вод",""))) -> Передача | AG13: =IF(TEMPLATE_SPHERE_CODE="HEAT","Сбыт",IF(TEMPLATE_SPHERE_CODE="COLDVSNA","Транспортировка воды",IF(TEMPLATE_SPHERE_CODE="VOTV","Транспортировка сточных вод",""))) -> Сбыт | AH13: Муниципальный район | AI13: Муниципальное образование | AJ13: ОКТМО | AK13: Населённый пункт | AL13: ОКТМО | AM13: улица, проезд, проспект, переулок и т.п. | AN13: дом, корпус, строение | AU13: Муниципальный район | AV13: Муниципальное образование | AW13: ОКТМО | AX13: Населённый пункт | AY13: ОКТМО | BH13: ="Установленная мощность, " & IF(TEMPLATE_SPHERE_CODE="HEAT","Гкал/час",IF(TEMPLATE_SPHERE_CODE="COLDVSNA","куб.м/час",IF(TEMPLATE_SPHERE_CODE="VOTV","куб.м/час",""))) -> Установленная мощность, Гкал/час | BI13: ="Подключенная нагрузка, " & IF(TEMPLATE_SPHERE_CODE="HEAT","Гкал/час",IF(TEMPLATE_SPHERE_CODE="COLDVSNA","куб.м/час",IF(TEMPLATE_SPHERE_CODE="VOTV","куб.м/час",""))) -> Подключенная нагрузка, Гкал/час | BJ13: ="Установленная мощность, " & IF(TEMPLATE_SPHERE_CODE="HEAT","Гкал/час",IF(TEMPLATE_SPHERE_CODE="COLDVSNA","куб.м/час",IF(TEMPLATE_SPHERE_CODE="VOTV","куб.м/час",""))) -> Установленная мощность, Гкал/час | BK13: ="Подключенная нагрузка, " & IF(TEMPLATE_SPHERE_CODE="HEAT","Гкал/час",IF(TEMPLATE_SPHERE_CODE="COLDVSNA","куб.м/час",IF(TEMPLATE_SPHERE_CODE="VOTV","куб.м/час",""))) -> Подключенная нагрузка, Гкал/час | BL13: ="Установленная мощность, " & IF(TEMPLATE_SPHERE_CODE="HEAT","Гкал/час",IF(TEMPLATE_SPHERE_CODE="COLDVSNA","куб.м/час",IF(TEMPLATE_SPHERE_CODE="VOTV","куб.м/час",""))) -> Установленная мощность, Гкал/час | BM13: ="Подключенная нагрузка, " & IF(TEMPLATE_SPHERE_CODE="HEAT","Гкал/час",IF(TEMPLATE_SPHERE_CODE="COLDVSNA","куб.м/час",IF(TEMPLATE_SPHERE_CODE="VOTV","куб.м/час",""))) -> Подключенная нагрузка, Гкал/час
S14: IC | T14: CL | U14: IC | V14: CL | W14: IC | X14: CL
F15: 0
E16: Удалить | F16: =IF('Список территорий'!$F$16="","",'Список территорий'!$F$16) -> 1 | G16: =IF('Список территорий'!$G$16="","",'Список территорий'!$G$16) -> город Нижний Новгород | H16: =IF('Список территорий'!$H$16="","",'Список территорий'!$H$16) -> город Нижний Новгород | I16: =IF('Список территорий'!$I$16="","",'Список территорий'!$I$16) -> 22701000 | Q16: =ROW(P18)-ROW(P16)-1 -> 1 | R16: =F16 & ".0" -> 1.0 | S16: =SUM(BH16:BH18) -> 5.6 | T16: =SUM(BI16:BI18) -> 4.82 | U16: =SUM(BJ16:BJ18) -> 5.6 | V16: =SUM(BK16:BK18) -> 4.82 | W16: =SUM(BL16:BL18) -> 5.6 | X16: =SUM(BM16:BM18) -> 4.82 | AB16: 0
Z17: Изменить | AA17: О | AB17: 1 | AC17: котельная с сетями | AD17: ТИ с сетями | AE17: да | AF17: да | AG17: да | AH17: город Нижний Новгород | AI17: город Нижний Новгород | AJ17: 22701000 | AK17: г Нижний Новгород | AL17: 22701000001 | AM17: пр. Гагарина | AN17: 178 | AU17: Город Нижний Новгород | AV17: Город Нижний Новгород | AW17: 22701000 | AX17: г Нижний Новгород | AY17: 22701000001 | BH17: 5.6 | BI17: 4.82 | BJ17: 5.6 | BK17: 4.82 | BL17: 5.6 | BM17: 4.82 | BP17: [Газ природный]
AC18: Добавить объект
G19: Добавить территорию
G21: Примечания:
G22: 1. Необходимо перечислить все объекты регулируемой инфраструктуры, для которых предоставляются технико-экономические показатели на расчётных листах блока по территории
G23: 2. Выбор объектов доступен только в рамках территорий (ОКТМО), для которых информация по соответствующим видам деятельности представлена в мониторингах реестра объектов инфраструктуры
F25: Дата последнего обновления данных мониторинга "Реестр объектов инфраструктуры": 09.09.2025 10:37:29

Sheet КС
G4: ="Перечень заключённых концессионных соглашений, действующих в течение " & god & " года, для организаций, оказывающих услуги " & TEMPLATE_SPHERE -> Перечень заключённых концессионных соглашений, действующих в течение 2024 года, для организаций, оказывающих услуги теплоснабжения
F12: № п/п | G12: Муниципальный район | H12: Муниципальное образование | I12: ОКТМО | N12: Дополнительные признаки дифференциации тарифов | Q12: Количество позиций | R12: NUMBER | AB12: № п/п | AC12: Тип | AD12: Наименование | AE12: Является смешанной концессией | AF12: Сферы смешанной концессии | AH12: ="Выбор КС по данным мониторинга принятых тарифных решений на " & god & " год" -> Выбор КС по данным мониторинга принятых тарифных решений на 2024 год | AI12: Сроки реализации / действия концессионного соглашения | AL12: URL-ссылка на концессионное соглашение | AN12: Реквизиты решения | AU12: ="Запланировано инвестиций на весь период действия (с момента заключения до окончания действия КС, план на весь период действия), в том числе по КС, срок действия по которым истек в " & god-1 & " году, тыс.руб." -> Запланировано инвестиций на весь период действия (с момента заключения до окончания действия КС, план на весь период действия), в том числе по КС, срок действия по которым истек в 2023 году, тыс.руб. | BA12: ="Запланировано инвестиций с момента заключения КС по 31.12." & god-1 & ", тыс.руб." -> Запланировано инвестиций с момента заключения КС по 31.12.2023, тыс.руб. | BG12: ="Фактически исполнено инвестиций с момента заключения КС по 31.12." & god-1 & ", тыс.руб." -> Фактически исполнено инвестиций с момента заключения КС по 31.12.2023, тыс.руб. | BM12: ="Запланировано инвестиций на " & god & " год, тыс.руб." -> Запланировано инвестиций на 2024 год, тыс.руб. | CK12: ="Фактически исполнено инвестиций за " & god & " год, тыс.руб." -> Фактически исполнено инвестиций за 2024 год, тыс.руб. | DH12: Перечень ИП, которые выполняются в рамках КС
AI13: Дата начала | AJ13: Дата окончания | AN13: Наименование | AO13: Вид | AP13: Номер | AQ13: Дата принятия | AR13: URL-ссылка на решение | BM13: Всего | BN13: Собственные средства | BS13: Привлеченные средства | BY13: Бюджетное финансирование | CC13: Прочие источники | CK13: Всего | CL13: Собственные средства | CQ13: Привлеченные средства | CW13: Бюджетное финансирование | DA13: Прочие источники | DI13: № п/п | DJ13: Наименование ИП | DM13: ="Запланировано инвестиций на " & god & " год, тыс.руб." -> Запланировано инвестиций на 2024 год, тыс.руб. | DN13: ="Фактически исполнено инвестиций за " & god & " год, тыс.руб." -> Фактически исполнено инвестиций за 2024 год, тыс.руб. | DP13: URL-ссылка на ИП | DS13: PLN IP SUM | DT13: FCT IP SUM | DU13: PLN IP SUM CONSISTENCY | DV13: FCT IP SUM CONSISTENCY | DW13: CNCSN SUM FACT | DX13: PLN CNCSN SUM | DY13: FCT CNCSN SUM | DZ13: CNCSN SUM PLAN TOTAL | EA13: CNCSN SUM CONSISTENCY FCT + PLN | EB13: CNCSN SUM CONSISTENCY PLN + PLN | EE13: Комментарии
AU14: Всего | AV14: Частные инвестиции | AW14: Расходы / плата концедента | AX14: Объём возмещения частных инвестиций из тарифа | BA14: Всего | BB14: Частные инвестиции | BC14: Расходы / плата концедента | BD14: Объём возмещения частных инвестиций из тарифа | BG14: Всего | BH14: Частные инвестиции | BI14: Расходы / плата концедента | BJ14: Объём возмещения частных инвестиций из тарифа | BN14: Всего | BO14: Прибыль, направляемая на инвестиции | BP14: Амортизационные отчисления | BQ14: Плата за подключение (технологическое присоединение) | BR14: Прочие собственные средства | BS14: Всего | BT14: Кредиты | BU14: Займы. Всего | BV14: Займы, предоставленные Фондом ЖКХ за счёт средств ФНБ | BW14: Прочие займы | BX14: Прочие привлечённые средства | BY14: Всего | BZ14: Федеральный бюджет | CA14: Бюджет субъекта РФ | CB14: Бюджет муниципального образования | CC14: Всего | CD14: Лизинг | CE14: Прочие | CF14: =IF(TEMPLATE_SPHERE_CODE="VOTV","Доход от взимания платы за нарушение нормативов по объему и (или) составу сточных вод","") | CG14: =IF(TEMPLATE_SPHERE_CODE="VOTV","Доход от взимания платы за негативное воздействие на работу централизованной системы водоотведения","") | CL14: Всего | CM14: Прибыль, направляемая на инвестиции | CN14: Амортизационные отчисления | CO14: Плата за подключение (технологическое присоединение) | CP14: Прочие собственные средства | CQ14: Всего | CR14: Кредиты | CS14: Займы. Всего | CT14: Займы, предоставленные Фондом ЖКХ за счёт средств ФНБ | CU14: Прочие займы | CV14: Прочие привлечённые средства | CW14: Всего | CX14: Федеральный бюджет | CY14: Бюджет субъекта РФ | CZ14: Бюджет муниципального образования | DA14: Всего | DB14: Лизинг | DC14: Прочие | DD14: =IF(TEMPLATE_SPHERE_CODE="VOTV","Доход от взимания платы за нарушение нормативов по объему и (или) составу сточных вод","") | DE14: =IF(TEMPLATE_SPHERE_CODE="VOTV","Доход от взимания платы за негативное воздействие на работу централизованной системы водоотведения","")
F15: 0
E16: Удалить | F16: =IF('Список территорий'!$F$16="","",'Список территорий'!$F$16) -> 1 | G16: =IF('Список территорий'!$G$16="","",'Список территорий'!$G$16) -> город Нижний Новгород | H16: =IF('Список территорий'!$H$16="","",'Список территорий'!$H$16) -> город Нижний Новгород | I16: =IF('Список территорий'!$I$16="","",'Список территорий'!$I$16) -> 22701000 | N16: =IF('Список территорий'!$N$16="","",'Список территорий'!$N$16) | Q16: =COUNTIF(AA16:AA17,"О") -> 0 | R16: =F16 & ".0" -> 1.0 | AB16: 0
AC17: Добавить
G18: Добавить организацию
G20: Примечание:
G21: Необходимо перечислить все заключённые концессионные соглашения, действующие в отчётном периоде на территориях муниципальных образований по организации
F24: Дата последнего обновления данных мониторинга принятых тарифных решений: (обновление не выполнялось)
F25: Дата последнего обновления данных мониторинга инвестиционных программ: 09.09.2025 10:31:57

Sheet ТН
G4: ="Перечень тарифов, действовавших в течение " & god & " года и применявшихся при оказании услуги " & TEMPLATE_SPHERE & " населению" -> Перечень тарифов, действовавших в течение 2024 года и применявшихся при оказании услуги теплоснабжения населению | AQ4: =SUM(AQ15:AQ18) -> 0 | CI4: =IF(TEMPLATE_SPHERE_CODE="HEAT","Гкал",IF(TEMPLATE_SPHERE_CODE="COLDVSNA","куб.м",IF(TEMPLATE_SPHERE_CODE="VOTV","куб.м","ед.изм."))) -> Гкал
F12: № п/п | G12: Муниципальный район | H12: Муниципальное образование | I12: ОКТМО | N12: Дополнительные признаки дифференциации тарифов | Q12: Количество позиций | R12: NUMBER | AB12: № п/п | AC12: Дополнительные признаки дифференциации тарифов | AE12: ="ЭОТ, с НДС, руб./" & $CI$4 -> ЭОТ, с НДС, руб./Гкал | AF12: ="ТФН, с НДС, руб./" & $CI$4 -> ТФН, с НДС, руб./Гкал | AH12: Муниципальный район | AI12: Муниципальное образование | AJ12: ОКТМО | AK12: Тип муниципального образования | AO12: На период | AQ12: ="Объём отпуска услуги населению, " & $CI$4 -> Объём отпуска услуги населению, Гкал | BG12: Сумма возмещения, тыс.руб. | BW12: Реквизиты решения | CI12: Комментарии
AQ13: Всего | AR13: Январь | AS13: Февраль | AT13: Март | AU13: Апрель | AV13: Май | AW13: Июнь | AX13: Июль | AY13: Август | AZ13: Сентябрь | BA13: Октябрь | BB13: Ноябрь | BC13: Декабрь | BG13: Расчёт | BH13: Фактически получено по состоянию на 30.06.2025 | BY13: Номер | BZ13: Дата принятия | CA13: URL-ссылка на решение
F15: 0
E16: Удалить | F16: =IF('Список территорий'!$F$16="","",'Список территорий'!$F$16) -> 1 | G16: =IF('Список территорий'!$G$16="","",'Список территорий'!$G$16) -> город Нижний Новгород | H16: =IF('Список территорий'!$H$16="","",'Список территорий'!$H$16) -> город Нижний Новгород | I16: =IF('Список территорий'!$I$16="","",'Список территорий'!$I$16) -> 22701000 | N16: =IF('Список территорий'!$N$16="","",'Список территорий'!$N$16) | Q16: =ROW(P17)-ROW(P16)-1 -> 0 | R16: =F16 & ".0" -> 1.0 | X16: =F16 -> 1 | AB16: 0 | AQ16: =SUMIF(БПр!$C$131:$C$160,$R16,БПр!$S$131:$S$160)+SUMIF(БПр!$C$131:$C$160,$R16,БПр!$AW$131:$AW$160)+SUMIF(БТр!$C$131:$C$160,$R16,БТр!$S$131:$S$160) -> 0
AC17: Добавить
G18: Добавить организацию
G20: Необходимо указать все тарифы для населения, применявшихся для расчётов с населением на территориях муниципальных образований субъекта РФ

Sheet TECHSHEET
A1: Алтайский край | B1: RU22 | C1: Алтайский край | E1: HEAT_PRODUCTION_TYPE_LIST | G1: TEMPLATE_SPHERE | I1: HEAT_TRANSMISSION_TARIFF_UNIT | K1: YES_NO | M1: SAX_PARSER_FEATURE | O1: VALIDATION_SETTINGS | Q1: DNS | S1: VDET_NAME | T1: VDET_ID | X1: chehonadskihev | Y1: LOGIN | AA1: YEAR_LIST | AB1: MONTH_LIST | AG1: DPR_AREA_TYPE_LIST
A2: Амурская область | B2: RU28 | C2: Амурская область | E2: некомбинированное | G2: теплоснабжения | I2: руб/Гкал | K2: да | M2: YES | O2: NO | Q2: =USE_DNS_SERVICE -> https://eias.ru | S2: Комбинированное производство, более 25 МВт | T2: 2386758239 | Y2: PASSWORD | AA2: 2012 | AB2: Январь | AG2: городское поселение
A3: Архангельская область | B3: RU29 | C3: Архангельская область | E3: комбинированное, более 25 МВт | G3: теплоснабжения | I3: руб/Гкал/час в мес | K3: нет | O3: NO | S3: Комбинированное производство, более 25 МВт :: Передача | T3: 3389587965 | X3: MD5 | Y3: ATH_SCHEME | AA3: 2013 | AB3: Февраль | AG3: сельское поселение
A4: Астраханская область | B4: RU30 | C4: Астраханская область | E4: комбинированное, менее 25 МВт | G4: холодного водоснабжения | O4: NO | Q4: NDS | S4: Комбинированное производство, более 25 МВт :: Передача :: Сбыт | T4: 3389595657 | X4: NO | Y4: RETAIN_PASSWORD | AA4: 2014 | AB4: Март | AG4: населённый пункт
A5: Белгородская область | B5: RU31 | C5: Белгородская область | G5: водоотведения | I5: COLDVSNA_TRANSMISSION_TARIFF_UNIT | M5: PROTECT_MARKER | O5: YES | Q5: 1.2 | S5: Комбинированное производство, более 25 МВт :: Сбыт | T5: 3390051601 | Y5: SESSION_ID | AA5: 2015 | AB5: Апрель
A6: Брянская область | B6: RU32 | C6: Брянская область | E6: HEAT_VD_COMPONENTS | I6: руб/куб.м | M6: FEDERAL.2024 | S6: Комбинированное производство, менее 25 МВт | T6: 2386758236 | X6: 70:107:68:40:43:52:40 | Y6: OBFUSCATED_PASSWORD | AA6: 2016 | AB6: Май | AG6: DPR_AREA_BIND_LIST
A7: Владимирская область | B7: RU33 | C7: Владимирская область | E7: Производство | G7: TEMPLATE_SPHERE_OKK_SOURCE | Q7: PERIOD | S7: Комбинированное производство, менее 25 МВт :: Передача | T7: 3389587923 | AA7: 2017 | AB7: Июнь | AG7: муниципальный район
A8: Волгоградская область | B8: RU34 | C8: Волгоградская область | E8: Передача | G8: ТИ | I8: VOTV_TRANSMISSION_TARIFF_UNIT | Q8: =god -> 2024 | S8: Комбинированное производство, менее 25 МВт :: Передача :: Сбыт | T8: 3389551038 | AA8: 2018 | AB8: Июль | AG8: муниципальный округ
A9: Вологодская область | B9: RU35 | C9: Вологодская область | E9: Сбыт | G9: Теплоисточник | I9: руб/куб.м | M9: AUTHORIZATION_MODE | S9: Комбинированное производство, менее 25 МВт :: Сбыт | T9: 3417554921 | X9: XML_ORG_LIST_TAG_NAMES | AA9: 2019 | AB9: Август | AG9: городской округ
A10: Воронежская область | B10: RU36 | C10: Воронежская область | G10: Насосная станция | M10: EIAS | Q10: Организация | S10: Некомбинированное производство | T10: 2386758240 | X10: REGION_NAME | AA10: 2020 | AB10: Сентябрь
A11: г. Москва | B11: RU77 | C11: Москва | E11: COLDVSNA_VD_COMPONENTS | G11: Канализационно-насосная станция | I11: COLDVSNA_VTOV | Q11: ="01.01." & PERIOD -> 01.01.2024 | S11: Некомбинированное производство :: Передача | T11: 2392814112 | X11: MR_NAME | AA11: 2021 | AB11: Октябрь
A12: г. Байконур | B12: RU00 | E12: Производство (подъём / добыча) воды | I12: питьевая вода | Q12: ="31.12." & PERIOD -> 31.12.2024 | S12: Некомбинированное производство :: Передача :: Сбыт | T12: 2386758237 | X12: OKTMR_NAME | AA12: 2022 | AB12: Ноябрь
A13: г. Санкт-Петербург | B13: RU78 | C13: Cанкт-Петербург | E13: Очистка воды | G13: CALC_IDENTIFIER | I13: техническая вода | S13: Некомбинированное производство :: Сбыт | T13: 2386758238 | X13: MO_NAME | AA13: 2023 | AB13: Декабрь
A14: г. Севастополь | B14: RU92 | C14: Севастополь | E14: Транспортировка воды | Q14: Виды деятельности | S14: Очистка воды :: Подвоз воды | T14: 3234983993 | X14: OKTMO_NAME | AA14: 2024
A15: Еврейская автономная область | B15: RU79 | C15: Еврейская автономная область | E15: Сбыт (распределение) воды | I15: VOTV_VTOV | Q15: ="01.01." & PERIOD -> 01.01.2024 | S15: Очистка воды :: Транспортировка воды | T15: 2936022869 | X15: RST_ORG_ID | AA15: 2025
A16: Забайкальский край | B16: RU75 | C16: Забайкальский край | E16: Подвоз воды | G16: Вид воды | I16: Без дифференциации | Q16: ="31.12." & PERIOD -> 31.12.2024 | S16: Очистка воды :: Транспортировка воды :: Сбыт (распределение) воды | T16: 2400828797 | X16: ORG_NAME | AA16: 2026
A17: Ивановская область | B17: RU37 | C17: Ивановская область | G17: Вид стоков | I17: ЖБО | J17: жидкие бытовые отходы | S17: Очистка воды :: Транспортировка воды :: Сбыт (распределение) воды :: Подвоз воды | T17: 2913158454 | X17: INN_NAME | AA17: 2027
A18: Иркутская область | B18: RU38 | C18: Иркутская область | E18: VOTV_VD_COMPONENTS | I18: ПСВ | J18: поверхностные сточные воды | Q18: Территории | S18: Очистка сточных вод :: Транспортировка сточных вод | T18: 2396016426 | X18: KPP_NAME | AA18: 2028
A19: Кабардино-Балкарская республика | B19: RU07 | C19: Республика Кабардино-Балкария | E19: Приём сточных вод | G19: RESOURCE_IDENTIFIER | I19: ХБСВ | J19: хозяйственно-бытовые сточные воды, отводимые товариществами собственников жилья, жилищно-строительными, жилищными и иными специализированными потребительскими кооперативами, управляющими организациями и другими лицами, осуществляющими деятельность по управлению многоквартирными домами, жителями индивидуальных жилых домов и другими абонентами, отводящими преимущественно сточные воды, связанные с хозяйственно-бытовой деятельностью, в отношении которых не устанавливаются нормативы водоотведения (сброса) по составу сточных вод, нормативы допустимых сбросов абонентов | O19: VOTV_FACILITY_3_INDEX_GROUP | Q19: ="01.01." & PERIOD -> 01.01.2024 | S19: Передача | T19: 5379004 | X19: VDET_NAME | AA19: 2029
A20: Калининградская область | B20: RU39 | C20: Калининградская область | E20: Очистка сточных вод | G20: ТЭ | I20: СВ (нормативы) | J20: сточные воды, отводимые абонентами, для объектов которых устанавливаются нормативы водоотведения (сброса) по составу сточных вод, нормативы допустимых сбросов абонентов | M20: COLDVSNA_FACILITY_INDEX_GROUP | O20: VOTV_FACILITY_INDEX_GROUP | Q20: ="31.12." & PERIOD -> 31.12.2024 | S20: Передача :: Сбыт | T20: 2386758235 | X20: VDET_NAME_LIST | AA20: 2030
A21: Калужская область | B21: RU40 | C21: Калужская область | E21: Транспортировка сточных вод | G21: ТЭ | I21: СВ (иные) | J21: сточные воды, отводимые иными абонентами | M21: 0 | O21: 0 | S21: Подвоз воды | T21: 2393647394 | X21: VDET_FULL_NAME_LIST
A22: Камчатский край | B22: RU41 | C22: Камчатский край | G22: холодной воды | M22: 1 | O22: 1 | S22: Приём сточных вод | T22: 2392789430 | X22: ORG_START_DATE
A23: Карачаево-Черкесская республика | B23: RU09 | C23: Республика Карачаево-Черкессия | E23: STATE_SHARE | G23: стоков | M23: 2 | O23: 2 | S23: Приём сточных вод :: Очистка сточных вод | T23: 2385677281 | X23: ORG_END_DATE
A24: Кемеровская область | B24: RU42 | C24: Кемеровская область | E24: VALUABLE_STATE_SHARE | M24: 3 | O24: 3 | S24: Приём сточных вод :: Очистка сточных вод :: Транспортировка сточных вод | T24: 2385677278 | X24: VDET_START_DATE
A25: Кировская область | B25: RU43 | C25: Кировская область | E25: 0 % | G25: TEMPLATE_CLAIM | S25: Приём сточных вод :: Транспортировка сточных вод | T25: 2385677280 | X25: VDET_END_DATE
A26: Костромская область | B26: RU44 | C26: Костромская область | E26: менее 50 % | G26: F | S26: Производство (подъём / добыча) воды | T26: 2385683014
A27: Краснодарский край | B27: RU23 | C27: Краснодарский край | E27: 50 % и более | S27: Производство (подъём / добыча) воды :: Очистка воды | T27: 2385683011
A28: Красноярский край | B28: RU24 | C28: Красноярский край | E28: 100 % | S28: Производство (подъём / добыча) воды :: Очистка воды :: Подвоз воды | T28: 2394012222 | X28: XML_MR_MO_OKTMO_LIST_TAG_NAMES
A29: Курганская область | B29: RU45 | C29: Курганская область | G29: TEMPLATE_PERIOD_COUNT | S29: Производство (подъём / добыча) воды :: Очистка воды :: Сбыт (распределение) воды | T29: 2386235944 | X29: NSRF
A30: Курская область | B30: RU46 | C30: Курская область | E30: OWNERSHIP_TYPE | G30: 2 | S30: Производство (подъём / добыча) воды :: Очистка воды :: Сбыт (распределение) воды :: Подвоз воды | T30: 2394508974 | X30: MR_NAME
A31: Ленинградская область | B31: RU47 | C31: Ленинградская область | E31: NONPRIVATE_OWNERSHIP_TYPE | S31: Производство (подъём / добыча) воды :: Очистка воды :: Транспортировка воды | T31: 2386235940 | X31: OKTMO_MR_NAME
A32: Липецкая область | B32: RU48 | C32: Липецкая область | E32: федеральная | G32: TEMPLATE_SPHERE_CODE | S32: Производство (подъём / добыча) воды :: Очистка воды :: Транспортировка воды :: Подвоз воды | T32: 2393592718 | X32: MO_NAME
A33: Магаданская область | B33: RU49 | C33: Магаданская область | E33: субъект РФ | G33: HEAT | S33: Производство (подъём / добыча) воды :: Очистка воды :: Транспортировка воды :: Сбыт (распределение) воды | T33: 2385683016 | X33: OKTMO_NAME
A34: Московская область | B34: RU50 | C34: Московская область | E34: муниципальная | G34: HEAT | S34: Производство (подъём / добыча) воды :: Очистка воды :: Транспортировка воды :: Сбыт (распределение) воды :: Подвоз воды | T34: 2385683019 | X34: TYPE
A35: Мурманская область | B35: RU51 | C35: Мурманская область | E35: частная | G35: COLDVSNA | S35: Производство (подъём / добыча) воды :: Подвоз воды | T35: 2385683021 | X35: TOTAL_PPL_COUNT
A36: Ненецкий автономный округ | B36: RU83 | C36: Ненецкий автономный округ | G36: VOTV | S36: Производство (подъём / добыча) воды :: Сбыт (распределение) воды | T36: 2385683015
A37: Нижегородская область | B37: RU52 | C37: Нижегородская область | S37: Производство (подъём / добыча) воды :: Сбыт (распределение) воды :: Подвоз воды | T37: 2394012221
A38: Новгородская область | B38: RU53 | C38: Новгородская область | G38: SPHERE_SPECIFIC_STATUS | S38: Производство (подъём / добыча) воды :: Транспортировка воды | T38: 2385683013 | X38: XML_AUTHORISATION_TAG_NAMES
A39: Новосибирская область | B39: RU54 | C39: Новосибирская область | G39: ЕТО | S39: Производство (подъём / добыча) воды :: Транспортировка воды :: Подвоз воды | T39: 2394508973 | X39: L1
A40: Омская область | B40: RU55 | C40: Омская область | G40: ЕТО | S40: Производство (подъём / добыча) воды :: Транспортировка воды :: Сбыт (распределение) воды | T40: 2385683009 | X40: L2
A41: Оренбургская область | B41: RU56 | C41: Оренбургская область | G41: ГО | S41: Производство (подъём / добыча) воды :: Транспортировка воды :: Сбыт (распределение) воды :: Подвоз воды | T41: 2390535009
A42: Орловская область | B42: RU57 | C42: Орловская область | G42: ГО | S42: Сбыт (распределение) воды :: Подвоз воды | T42: 3240996576
A43: Пензенская область | B43: RU58 | C43: Пензенская область | S43: Транспортировка воды | T43: 5277702 | X43: XML_LOCATION_LIST_TAG_NAMES
A44: Пермский край | B44: RU59 | C44: Пермский край | G44: SPHERE_SPECIFIC_STATUS_DESCRIPTION | S44: Транспортировка воды :: Сбыт (распределение) воды | T44: 2386235943 | X44: OKTMO_LOCATION_NAME
A45: Приморский край | B45: RU25 | C45: Приморский край | G45: * ЕТО - единая теплоснабжающая организация | S45: Транспортировка воды :: Сбыт (распределение) воды :: Подвоз воды | T45: 2430590773 | X45: LOCATION_NAME
A46: Псковская область | B46: RU60 | C46: Псковская область | G46: * ЕТО - единая теплоснабжающая организация | S46: Транспортировка сточных вод | T46: 2386228668
A47: Республика Адыгея | B47: RU01 | C47: Республика Адыгея | G47: * ГО - гарантирующая организация
A48: Республика Алтай | B48: RU04 | C48: Республика Алтай | G48: * ГО - гарантирующая организация | X48: XML_DICTIONARIES_TAG_NAMES
A49: Республика Башкортостан | B49: RU02 | C49: Республика Башкортостан | X49: DIC_NAME
A50: Республика Бурятия | B50: RU03 | C50: Республика Бурятия | X50: DIC_VALUE
A51: Республика Дагестан | B51: RU05 | C51: Республика Дагестан
A52: Республика Ингушетия | B52: RU06 | C52: Республика Ингушетия
A53: Республика Калмыкия | B53: RU08 | C53: Республика Калмыкия | X53: XML_SUBSIDIARY_LIST_TAG_NAMES
A54: Республика Карелия | B54: RU10 | C54: Республика Карелия | X54: DIC_NAME
A55: Республика Коми | B55: RU11 | C55: Республика Коми | X55: DIC_VALUE
A56: Республика Крым | B56: RU82 | C56: Крым
A57: Республика Марий Эл | B57: RU12 | C57: Республика Марий Эл
A58: Республика Мордовия | B58: RU13 | C58: Республика Мордовия | X58: XML_DPR_LIST_TAG_NAMES
A59: Республика Саха (Якутия) | B59: RU14 | C59: Республика Саха (Якутия) | K59: XML_PLAN1X_HEAT_LIST_SRC_TAG_NAMES | M59: XML_PLAN1X_COLDVSNA_LIST_SRC_TAG_NAMES | O59: XML_PLAN1X_VOTV_LIST_SRC_TAG_NAMES | X59: DIC_NAME
A60: Республика Северная Осетия-Алания | B60: RU15 | C60: Республика Северная Осетия (Алания) | K60: LGL_ID | M60: LGL_ID | O60: LGL_ID | X60: DIC_VALUE
A61: Республика Татарстан | B61: RU16 | C61: Республика Татарстан | K61: NOMER_NAME | M61: NOMER_NAME | O61: NOMER_NAME
A62: Республика Тыва | B62: RU17 | C62: Республика Тыва (Тува) | K62: L_SERVICE_PRODUCTION | M62: L_SERVICE_PRODUCTION | O62: L_SERVICE_PRODUCTION
A63: Республика Хакасия | B63: RU19 | C63: Республика Хакасия | K63: L_SERVICE_TRANSMISSION | M63: L_SERVICE_CLEANING | O63: L_SERVICE_CLEANING | X63: XML_CNCSN_IP_LIST_TAG_NAMES
A64: Ростовская область | B64: RU61 | C64: Ростовская область | K64: L_SERVICE_SALE | M64: L_SERVICE_TRANSMISSION | O64: L_SERVICE_TRANSMISSION | X64: DIC_NAME
A65: Рязанская область | B65: RU62 | C65: Рязанская область | K65: ORG_NAME | M65: ORG_NAME | O65: ORG_NAME | X65: L_TYPE
A66: Самарская область | B66: RU63 | C66: Самарская область | K66: INN_NAME | M66: INN_NAME | O66: INN_NAME | X66: L_NAME
A67: Саратовская область | B67: RU64 | C67: Саратовская область | K67: KPP_NAME | M67: KPP_NAME | O67: KPP_NAME | X67: L_IS_MIXED_SPHERE
A68: Сахалинская область | B68: RU65 | C68: Сахалинская область | K68: FIL_NAME | M68: FIL_NAME | O68: FIL_NAME | X68: L_SPHERE_LIST
A69: Свердловская область | B69: RU66 | C69: Свердловская область | K69: NOMER2_NAME | M69: NOMER2_NAME | O69: NOMER2_NAME | X69: L_START_DATE
A70: Смоленская область | B70: RU67 | C70: Смоленская область | K70: NMOB_NAME | M70: NMOB_NAME | O70: NMOB_NAME | X70: L_END_DATE
A71: Ставропольский край | B71: RU26 | C71: Ставропольский край | K71: DET_NAME | M71: DET_NAME | O71: DET_NAME
A72: Тамбовская область | B72: RU68 | C72: Тамбовская область | K72: L_ADDRESS_MR | M72: L_ADDRESS_MR | O72: L_ADDRESS_MR
A73: Тверская область | B73: RU69 | C73: Тверская область | K73: L_ADDRESS_MO | M73: L_ADDRESS_MO | O73: L_ADDRESS_MO | X73: XML_FILE_STORE_DATA_TAG_NAMES
A74: Томская область | B74: RU70 | C74: Томская область | K74: L_ADDRESS_OKTMO | M74: L_ADDRESS_OKTMO | O74: L_ADDRESS_OKTMO | X74: GUID
A75: Тульская область | B75: RU71 | C75: Тульская область | K75: L_ADDRESS_LOCATION | M75: L_ADDRESS_LOCATION | O75: L_ADDRESS_LOCATION | X75: MIME
A76: Тюменская область | B76: RU72 | C76: Тюменская область | K76: L_ADDRESS_LOC_OKTMO | M76: L_ADDRESS_LOC_OKTMO | O76: L_ADDRESS_LOC_OKTMO | X76: EXTENSION
A77: Удмуртская республика | B77: RU18 | C77: Республика Удмуртия | K77: L_ADDRESS_STREET | M77: L_ADDRESS_STREET | O77: L_ADDRESS_STREET | X77: CREATE_DATE
A78: Ульяновская область | B78: RU73 | C78: Ульяновская область | K78: L_ADDRESS_BUILDING | M78: L_ADDRESS_BUILDING | O78: L_ADDRESS_BUILDING | X78: FORCE_ALLOWED
A79: Хабаровский край | B79: RU27 | C79: Хабаровский край | K79: DET2_NAME | M79: DET2_NAME | O79: DET2_NAME
A80: Ханты-Мансийский автономный округ | B80: RU86 | C80: Ханты-Мансийский автономный округ | K80: MR_NAME | M80: MR_NAME | O80: MR_NAME
A81: Челябинская область | B81: RU74 | C81: Челябинская область | K81: MO_NAME | M81: MO_NAME | O81: MO_NAME | X81: XML_PARSE_STATUS_TAG_NAMES
A82: Чеченская республика | B82: RU20 | C82: Республика Чечня | K82: OKTMO_NAME | M82: OKTMO_NAME | O82: OKTMO_NAME | X82: STATUS
A83: Чувашская республика | B83: RU21 | C83: Республика Чувашия | K83: LOCATION_NAME | M83: LOCATION_NAME | O83: LOCATION_NAME | X83: GUID
A84: Чукотский автономный округ | B84: RU87 | C84: Чукотский автономный округ | K84: LOCATION_OKTMO_NAME | M84: LOCATION_OKTMO_NAME | O84: LOCATION_OKTMO_NAME
A85: Ямало-Ненецкий автономный округ | B85: RU89 | C85: Ямало-Ненецкий автономный округ | K85: L_PR_IC | M85: L_PR_IC | O85: L_PR_IC
A86: Ярославская область | B86: RU76 | C86: Ярославская область | K86: L_PR_CL | M86: L_PR_CL | O86: L_PR_CL
K87: L_TR_IC | M87: L_CLN_IC | O87: L_CLN_IC
K88: L_TR_CL | M88: L_CLN_CL | O88: L_CLN_CL
K89: L_SL_IC | M89: L_TR_IC | O89: L_TR_IC
K90: L_SL_CL | M90: L_TR_CL | O90: L_TR_CL
K91: FUEL_LIST
K93: XML_PLAN1X_HEAT_LIST_ORG_TAG_NAMES | M93: XML_PLAN1X_COLDVSNA_LIST_ORG_TAG_NAMES | O93: XML_PLAN1X_VOTV_LIST_ORG_TAG_NAMES
K94: LGL_ID | M94: LGL_ID | O94: LGL_ID
K95: NMBR | M95: NMBR | O95: NMBR
K96: RST_ORG_ID | M96: RST_ORG_ID | O96: RST_ORG_ID
K97: ORG | M97: ORG | O97: ORG
K98: INN | M98: INN | O98: INN
K99: KPP | M99: KPP | O99: KPP
K100: FIL | M100: FIL | O100: FIL
K101: VDET | M101: VDET | O101: VDET
...

Sheet TECH_HORISONTAL
A3: LIST_MO_HEAT_ADD_RANGE
E4: О | J4: =IF(LEN(I4)=0,"",VLOOKUP(I4,OKTMO_VS_TYPE_LIST,2,FALSE)) | M4: =IF(TAX="","",TAX) -> да | CJ4: a | CK4: a | CL4: a | CM4: a | CN4: a | CO4: a | CP4: a | CQ4: a | CR4: a | CS4: a | CT4: a | CU4: a
A6: LIST_MO_COLDVSNA_ADD_RANGE
E7: О | J7: =IF(LEN(I7)=0,"",VLOOKUP(I7,OKTMO_VS_TYPE_LIST,2,FALSE)) | M7: =IF(TAX="","",TAX) -> да | CJ7: a | CK7: a | CL7: a | CM7: a | CN7: a | CO7: a | CP7: a | CQ7: a | CR7: a | CS7: a | CT7: a | CU7: a
A9: LIST_MO_VOTV_ADD_RANGE
E10: О | J10: =IF(LEN(I10)=0,"",VLOOKUP(I10,OKTMO_VS_TYPE_LIST,2,FALSE)) | M10: =IF(TAX="","",TAX) -> да | CJ10: a | CK10: a | CL10: a | CM10: a | CN10: a | CO10: a | CP10: a | CQ10: a | CR10: a | CS10: a | CT10: a | CU10: a
A13: LIST_SRC_ADD_RANGE
E14: О | Q14: =ROW(P15)-ROW(P14)-1 -> 0 | R14: =F14 & ".0" -> .0 | S14: =SUM(BH14:BH15) -> 0 | T14: =SUM(BI14:BI15) -> 0 | U14: =SUM(BJ14:BJ15) -> 0 | V14: =SUM(BK14:BK15) -> 0 | W14: =SUM(BL14:BL15) -> 0 | X14: =SUM(BM14:BM15) -> 0 | AB14: 0
AC15: Добавить объект
A18: LIST_SRC_ADD_OBJECT_RANGE
Z19: Изменить | AA19: О
A22: LIST_CNCSN_ADD_RANGE
E23: О | Q23: =COUNTIF(AA23:AA24,"О") -> 0 | R23: =F23 & ".0" -> .0 | AB23: 0
AC24: Добавить
A26: LIST_CNCSN_ADD_OBJECT_RANGE
AA27: О | AC27: КС | AH27: Найти | CK27: =SUM(CL27,CQ27,CW27,DA27,DE27) -> 0 | CL27: =SUM(CM27:CP28) -> 0 | CQ27: =SUM(CR27:CV28) -> 0 | CS27: =SUM(CT27:CU28) -> 0 | CW27: =SUM(CX27:CZ28) -> 0 | DA27: =SUM(DB27:DG28) -> 0 | DI27: 0 | DS27: =SUM(DM27:DM28) -> 0 | DT27: =SUM(DN27:DN28) -> 0 | DU27: =IF(DS27=BM27,"OK","ALARM") -> OK | DV27: =IF(DT27=CK27,"OK","ALARM") -> OK | DW27: =IF(OR(AND(BG27<=0,COMPARE_DATES(AI27,"01.01.2024","<")),AND(BG27>0,COMPARE_DATES(AI27,"01.01.2024",">="))),"ALARM","OK") -> ALARM | DX27: =IF(BM27<=0,"ALARM","OK") -> ALARM | DY27: =IF(CK27<=0,"ALARM","OK") -> ALARM | DZ27: =IF(AU27<=0,"ALARM","OK") -> ALARM | EA27: =IF(AU27<(BG27+CK27),"ALARM","OK") -> OK | EB27: =IF(AU27<(BA27+BM27),"ALARM","OK") -> OK
DJ28: Добавить ИП
A30: LIST_CNCSN_ADD_SUBOBJECT_RANGE
DH31: О
A33: LIST_PPL_TM_ADD_RANGE
E34: О | Q34: =ROW(P35)-ROW(P34)-1 -> 0 | R34: =F34 & ".0" -> .0 | X34: =F34 -> 0 | AB34: 0
AC35: Добавить
A37: LIST_PPL_TM_HEAT_ADD_RANGE
E38: О | Q38: =ROW(P39)-ROW(P38)-1 -> 0 | R38: =F38 & ".0" -> .0 | X38: =F38 -> 0 | AB38: 0 | AQ38: =SUMIF(БПр!$C$131:$C$160,$R38,БПр!$S$131:$S$160)+SUMIF(БПр!$C$131:$C$160,$R38,БПр!$AW$131:$AW$160)+SUMIF(БТр!$C$131:$C$160,$R38,БТр!$S$131:$S$160) -> 0
AC39: Добавить
A41: LIST_PPL_TM_COLDVSNA_ADD_RANGE
E42: О | Q42: =ROW(P43)-ROW(P42)-1 -> 0 | R42: =F42 & ".0" -> .0 | X42: =F42 -> 0 | AB42: 0 | AQ42: =SUMIF(ХВС.БПр!$C$131:$C$132,$R42,ХВС.БПр!$AJ$131:$AJ$132)+SUMIF(ХВС.БТр!$C$131:$C$132,$R42,ХВС.БТр!$X$131:$X$132) -> 0
AC43: Добавить
A45: LIST_PPL_TM_VOTV_ADD_RANGE
E46: О | Q46: =ROW(P47)-ROW(P46)-1 -> 0 | R46: =F46 & ".0" -> .0 | X46: =F46 -> 0 | AB46: 0 | AQ46: =SUMIF(ВО.БПр!$C$131:$C$132,$R46,ВО.БПр!$Q$131:$Q$132)+SUMIF(ВО.БТр!$C$131:$C$132,$R46,ВО.БТр!$W$131:$W$132) -> 0
AC47: Добавить
A49: LIST_PPL_TM_ADD_OBJECT_RANGE
T50: TAX | X50: NMBR | Z50: Изменить | AA50: О | AK50: =IF(LEN(AJ50)=0,"",VLOOKUP(AJ50,OKTMO_VS_TYPE_LIST,2,FALSE)) | AQ50: =SUM(AR50:BC50) -> 0 | BF50: =IF(LEN(BE50)=0,"",VLOOKUP(BE50,HEAT_TRA_NAMES_VS_TRA_CODES_LIST,2,FALSE)) | BG50: =(AE50-AF50)*AQ50/1000 -> 0

Sheet HEAT_CALC_TECH_VERTICAL
AB2: HEAT_CALC_ADD_RANGE
AB6: 12 | AC6: 6 | AD6: 6
AB9: Y | AC9: I | AD9: II
AB13: Год | AC13: I полугодие | AD13: II полугодие
AB15: =AB17 & "_" & AB9 -> 0_Y | AC15: =AC17 & "_" & AC9 -> 0_I | AD15: =AD17 & "_" & AD9 -> 0_II
AB17: =AB19 -> 0 | AC17: =AB19 -> 0 | AD17: =AB19 -> 0
AB18: Удалить
M19: № п/п | N19: Наименование показателя | O19: Единица измерения
N21: Является ли организация плательщиком НДС | AH21: HEAT_CALC_EMPTY_BASE_RANGE
AH22: HEAT_CALC_SINGLE_BASE_RANGE
M36: 4 | N36: Расходы на натуральное топливо с учётом транспортировки (перевозки) (топливо на технологические цели) | O36: тыс.руб. | AE36: =Т!AE1110 -> 0 | AF36: =Т!AF1110 -> 0 | AG36: =Т!AG1110 -> 0
M90: 5 | N90: Энергия, в том числе | O90: тыс.руб. | AE90: =SUM(AE91,AE154) -> 0 | AF90: =SUM(AF91,AF154) -> 0 | AG90: =SUM(AG91,AG154) -> 0
M91: 5.1 | N91: энергия (покупная энергия) на технологические цели | O91: тыс.руб. | AE91: =SUM(AE92,AE126,AE127) -> 0 | AF91: =SUM(AF92,AF126,AF127) -> 0 | AG91: =SUM(AG92,AG126,AG127) -> 0
M92: 5.1.1 | N92: затраты на покупную тепловую энергию | O92: тыс.руб. | AE92: =SUM(AE93,AE109) -> 0 | AF92: =SUM(AF93,AF109) -> 0 | AG92: =SUM(AG93,AG109) -> 0
M93: =M92 & ".1" -> 5.1.1.1 | N93: С коллекторов, всего | O93: тыс.руб. | AE93: =SUM(AE94,AE98,AE102) -> 0 | AF93: =SUM(AF94,AF98,AF102) -> 0 | AG93: =SUM(AG94,AG98,AG102) -> 0
M94: =M92 & ".1.1" -> 5.1.1.1.1 | N94: от станций с мощностью производства >= 25 МВт | O94: тыс.руб. | AE94: =AF94+AG94 -> 0
M95: =M92 & ".1.1.0.1" -> 5.1.1.1.1.0.1 | N95: объём ТЭ | O95: тыс. Гкал | AE95: =AF95+AG95 -> 0
M96: =M92 & ".1.1.0.2" -> 5.1.1.1.1.0.2 | N96: цена ТЭ | O96: руб./Гкал | AE96: =IF(AE95=0,0,AE94/AE95) -> 0 | AF96: =IF(AF95=0,0,AF94/AF95) -> 0 | AG96: =IF(AG95=0,0,AG94/AG95) -> 0
M98: =M92 & ".1.2" -> 5.1.1.1.2 | N98: от станций с мощностью производства < 25 МВт | O98: тыс.руб. | AE98: =AF98+AG98 -> 0
M99: =M92 & ".1.2.0.1" -> 5.1.1.1.2.0.1 | N99: объём ТЭ | O99: тыс. Гкал | AE99: =AF99+AG99 -> 0
M100: =M92 & ".1.2.0.2" -> 5.1.1.1.2.0.2 | N100: цена ТЭ | O100: руб./Гкал | AE100: =IF(AE99=0,0,AE98/AE99) -> 0 | AF100: =IF(AF99=0,0,AF98/AF99) -> 0 | AG100: =IF(AG99=0,0,AG98/AG99) -> 0
M102: =M92 & ".1.3" -> 5.1.1.1.3 | N102: от котельных | O102: тыс.руб. | AE102: =AF102+AG102 -> 0
M103: =M92 & ".1.3.0.1" -> 5.1.1.1.3.0.1 | N103: объём ТЭ | O103: тыс. Гкал | AE103: =AF103+AG103 -> 0
M104: =M92 & ".1.3.0.2" -> 5.1.1.1.3.0.2 | N104: цена ТЭ | O104: руб./Гкал | AE104: =IF(AE103=0,0,AE102/AE103) -> 0 | AF104: =IF(AF103=0,0,AF102/AF103) -> 0 | AG104: =IF(AG103=0,0,AG102/AG103) -> 0
M105: =M92 & ".2" -> 5.1.1.2 | N105: в том числе покупка потерь с коллекторов | O105: тыс.руб. | AE105: =SUM(AE106:AE108) -> 0 | AF105: =SUM(AF106:AF108) -> 0 | AG105: =SUM(AG106:AG108) -> 0
M106: =M92 & ".2.1" -> 5.1.1.2.1 | N106: от станций с мощностью производства >= 25 МВт | O106: тыс.руб. | AE106: =AF106+AG106 -> 0
M107: =M92 & ".2.2" -> 5.1.1.2.2 | N107: от станций с мощностью производства < 25 МВт | O107: тыс.руб. | AE107: =AF107+AG107 -> 0
M108: =M92 & ".2.3" -> 5.1.1.2.3 | N108: от котельных | O108: тыс.руб. | AE108: =AF108+AG108 -> 0
M109: =M92 & ".3" -> 5.1.1.3 | N109: Из тепловой сети, всего | O109: тыс.руб. | AE109: =SUM(AE110,AE114,AE118) -> 0 | AF109: =SUM(AF110,AF114,AF118) -> 0 | AG109: =SUM(AG110,AG114,AG118) -> 0
M110: =M92 & ".3.1" -> 5.1.1.3.1 | N110: от станций с мощностью производства >= 25 МВт | O110: тыс.руб. | AE110: =AF110+AG110 -> 0
M111: =M92 & ".3.1.0.1" -> 5.1.1.3.1.0.1 | N111: объём ТЭ | O111: тыс. Гкал | AE111: =AF111+AG111 -> 0
M112: =M92 & ".3.1.0.2" -> 5.1.1.3.1.0.2 | N112: цена ТЭ | O112: руб./Гкал | AE112: =IF(AE111=0,0,AE110/AE111) -> 0 | AF112: =IF(AF111=0,0,AF110/AF111) -> 0 | AG112: =IF(AG111=0,0,AG110/AG111) -> 0
M114: =M92 & ".3.2" -> 5.1.1.3.2 | N114: от станций с мощностью производства < 25 МВт | O114: тыс.руб. | AE114: =AF114+AG114 -> 0
M115: =M92 & ".3.2.0.1" -> 5.1.1.3.2.0.1 | N115: объём ТЭ | O115: тыс. Гкал | AE115: =AF115+AG115 -> 0
M116: =M92 & ".3.2.0.2" -> 5.1.1.3.2.0.2 | N116: цена ТЭ | O116: руб./Гкал | AE116: =IF(AE115=0,0,AE114/AE115) -> 0 | AF116: =IF(AF115=0,0,AF114/AF115) -> 0 | AG116: =IF(AG115=0,0,AG114/AG115) -> 0
M118: =M92 & ".3.3" -> 5.1.1.3.3 | N118: от котельных (некомбинированная выработка) | O118: тыс.руб. | AE118: =AF118+AG118 -> 0
M119: =M92 & ".3.3.0.1" -> 5.1.1.3.3.0.1 | N119: объём ТЭ | O119: тыс. Гкал | AE119: =AF119+AG119 -> 0
M120: =M92 & ".3.3.0.2" -> 5.1.1.3.3.0.2 | N120: цена ТЭ | O120: руб./Гкал | AE120: =IF(AE119=0,0,AE118/AE119) -> 0 | AF120: =IF(AF119=0,0,AF118/AF119) -> 0 | AG120: =IF(AG119=0,0,AG118/AG119) -> 0
M122: =M92 & ".4" -> 5.1.1.4 | N122: в том числе покупка потерь из тепловой сети | O122: тыс.руб. | AE122: =SUM(AE123:AE125) -> 0 | AF122: =SUM(AF123:AF125) -> 0 | AG122: =SUM(AG123:AG125) -> 0
M123: =M92 & ".4.1" -> 5.1.1.4.1 | N123: от станций с мощностью производства >= 25 МВт | O123: тыс.руб. | AE123: =AF123+AG123 -> 0
M124: =M92 & ".4.2" -> 5.1.1.4.2 | N124: от станций с мощностью производства < 25 МВт | O124: тыс.руб. | AE124: =AF124+AG124 -> 0
M125: =M92 & ".4.3" -> 5.1.1.4.3 | N125: от котельных (некомбинированная выработка) | O125: тыс.руб. | AE125: =AF125+AG125 -> 0
M126: 5.1.2 | N126: затраты на оплату услуг по передаче тепловой энергии | O126: тыс.руб. | AE126: =AF126+AG126 -> 0
M127: 5.1.3 | N127: затраты на покупную электрическую энергию, по уровням напряжения: | O127: тыс.руб. | AE127: =AF127+AG127 -> 0 | AF127: =SUM(AF130,AF133,AF136,AF139,AF142,AF145,AF148,AF151) -> 0 | AG127: =SUM(AG130,AG133,AG136,AG139,AG142,AG145,AG148,AG151) -> 0
M128: 5.1.3.0.1 | N128: объём энергии | O128: тыс.кВт*ч | AE128: =AF128+AG128 -> 0 | AF128: =AF132+AF138+AF144+AF150 -> 0 | AG128: =AG132+AG138+AG144+AG150 -> 0
M129: 5.1.3.0.2 | N129: объём заявленной мощности | O129: МВт | AE129: =AF129+AG129 -> 0 | AF129: =AF135+AF141+AF147+AF153 -> 0 | AG129: =AG135+AG141+AG147+AG153 -> 0
M130: 5.1.3.1.1 | N130: энергия НН (0,4 кВ и ниже) | O130: тыс.руб. | AE130: =AF130+AG130 -> 0 | AF130: =AF131*AF132 -> 0 | AG130: =AG131*AG132 -> 0
M131: 5.1.3.1.1.1 | N131: тариф на энергию | O131: руб./кВт*ч | AE131: =IF(AE132=0,0,AE130/AE132) -> 0
M132: 5.1.3.1.1.2 | N132: объём энергии | O132: тыс.кВт*ч | AE132: =AF132+AG132 -> 0
M133: 5.1.3.1.2 | N133: заявленная мощность по НН (0,4 кВ и ниже) | O133: тыс.руб. | AE133: =AF133+AG133 -> 0 | AF133: =AF134*AF135 -> 0 | AG133: =AG134*AG135 -> 0
M134: 5.1.3.1.2.1 | N134: тариф на заявленную мощность | O134: руб./кВт*мес | AE134: =IF(AE135=0,0,AE133/AE135) -> 0
M135: 5.1.3.1.2.2 | N135: годовой объём мощности | O135: МВт | AE135: =AF135+AG135 -> 0
M136: 5.1.3.2.1 | N136: энергия СН 2 (1-20 кВ) | O136: тыс.руб. | AE136: =AF136+AG136 -> 0 | AF136: =AF137*AF138 -> 0 | AG136: =AG137*AG138 -> 0
M137: 5.1.3.2.1.1 | N137: тариф на энергию | O137: руб./кВт*ч | AE137: =IF(AE138=0,0,AE136/AE138) -> 0
M138: 5.1.3.2.1.2 | N138: объём энергии | O138: тыс.кВт*ч | AE138: =AF138+AG138 -> 0
M139: 5.1.3.2.2 | N139: заявленная мощность по СН 2 (1-20 кВ) | O139: тыс.руб. | AE139: =AF139+AG139 -> 0 | AF139: =AF140*AF141 -> 0 | AG139: =AG140*AG141 -> 0
M140: 5.1.3.2.2.1 | N140: тариф на заявленную мощность | O140: руб./кВт*мес | AE140: =IF(AE141=0,0,AE139/AE141) -> 0
M141: 5.1.3.2.2.2 | N141: годовой объём мощности | O141: МВт | AE141: =AF141+AG141 -> 0
M142: 5.1.3.3.1 | N142: энергия СН 1 (35 кВ) | O142: тыс.руб. | AE142: =AF142+AG142 -> 0 | AF142: =AF143*AF144 -> 0 | AG142: =AG143*AG144 -> 0
M143: 5.1.3.3.1.1 | N143: тариф на энергию | O143: руб./кВт*ч | AE143: =IF(AE144=0,0,AE142/AE144) -> 0
M144: 5.1.3.3.1.2 | N144: объём энергии | O144: тыс.кВт*ч | AE144: =AF144+AG144 -> 0
M145: 5.1.3.3.2 | N145: заявленная мощность по СН 1 (35 кВ) | O145: тыс.руб. | AE145: =AF145+AG145 -> 0 | AF145: =AF146*AF147 -> 0 | AG145: =AG146*AG147 -> 0
M146: 5.1.3.3.2.1 | N146: тариф на заявленную мощность | O146: руб./кВт*мес | AE146: =IF(AE147=0,0,AE145/AE147) -> 0
M147: 5.1.3.3.2.2 | N147: годовой объём мощности | O147: МВт | AE147: =AF147+AG147 -> 0
M148: 5.1.3.4.1 | N148: энергия ВН (110 кВ и выше) | O148: тыс.руб. | AE148: =AF148+AG148 -> 0 | AF148: =AF149*AF150 -> 0 | AG148: =AG149*AG150 -> 0
M149: 5.1.3.4.1.1 | N149: тариф на энергию | O149: руб./кВт*ч | AE149: =IF(AE150=0,0,AE148/AE150) -> 0
M150: 5.1.3.4.1.2 | N150: объём энергии | O150: тыс.кВт*ч | AE150: =AF150+AG150 -> 0
M151: 5.1.3.4.2 | N151: заявленная мощность по ВН (110 кВ и выше) | O151: тыс.руб. | AE151: =AF151+AG151 -> 0 | AF151: =AF152*AF153 -> 0 | AG151: =AG152*AG153 -> 0
M152: 5.1.3.4.2.1 | N152: тариф на заявленную мощность | O152: руб./кВт*мес | AE152: =IF(AE153=0,0,AE151/AE153) -> 0
M153: 5.1.3.4.2.2 | N153: годовой объём мощности | O153: МВт | AE153: =AF153+AG153 -> 0
M154: 5.2 | N154: энергия на хозяйственные нужды | O154: тыс.руб. | AE154: =SUM(AE155,AE189) -> 0 | AF154: =SUM(AF155,AF189) -> 0 | AG154: =SUM(AG155,AG189) -> 0
M155: 5.2.1 | N155: тепловая энергия | O155: тыс.руб. | AE155: =SUM(AE156,AE172) -> 0 | AF155: =SUM(AF156,AF172) -> 0 | AG155: =SUM(AG156,AG172) -> 0
M156: =M155 & ".1" -> 5.2.1.1 | N156: С коллекторов, всего | O156: тыс.руб. | AE156: =SUM(AE157,AE161,AE165) -> 0 | AF156: =SUM(AF157,AF161,AF165) -> 0 | AG156: =SUM(AG157,AG161,AG165) -> 0
M157: =M155 & ".1.1" -> 5.2.1.1.1 | N157: от станций с мощностью производства >= 25 МВт | O157: тыс.руб. | AE157: =AF157+AG157 -> 0
M158: =M155 & ".1.1.0.1" -> 5.2.1.1.1.0.1 | N158: объём ТЭ | O158: тыс. Гкал | AE158: =AF158+AG158 -> 0
M159: =M155 & ".1.1.0.2" -> 5.2.1.1.1.0.2 | N159: цена ТЭ | O159: руб./Гкал | AE159: =IF(AE158=0,0,AE157/AE158) -> 0 | AF159: =IF(AF158=0,0,AF157/AF158) -> 0 | AG159: =IF(AG158=0,0,AG157/AG158) -> 0
M161: =M155 & ".1.2" -> 5.2.1.1.2 | N161: от станций с мощностью производства < 25 МВт | O161: тыс.руб. | AE161: =AF161+AG161 -> 0
M162: =M155 & ".1.2.0.1" -> 5.2.1.1.2.0.1 | N162: объём ТЭ | O162: тыс. Гкал | AE162: =AF162+AG162 -> 0
M163: =M155 & ".1.2.0.2" -> 5.2.1.1.2.0.2 | N163: цена ТЭ | O163: руб./Гкал | AE163: =IF(AE162=0,0,AE161/AE162) -> 0 | AF163: =IF(AF162=0,0,AF161/AF162) -> 0 | AG163: =IF(AG162=0,0,AG161/AG162) -> 0
M165: =M155 & ".1.3" -> 5.2.1.1.3 | N165: от котельных | O165: тыс.руб. | AE165: =AF165+AG165 -> 0
M166: =M155 & ".1.3.0.1" -> 5.2.1.1.3.0.1 | N166: объём ТЭ | O166: тыс. Гкал | AE166: =AF166+AG166 -> 0
M167: =M155 & ".1.3.0.2" -> 5.2.1.1.3.0.2 | N167: цена ТЭ | O167: руб./Гкал | AE167: =IF(AE166=0,0,AE165/AE166) -> 0 | AF167: =IF(AF166=0,0,AF165/AF166) -> 0 | AG167: =IF(AG166=0,0,AG165/AG166) -> 0
M168: =M155 & ".2" -> 5.2.1.2 | N168: в том числе покупка потерь с коллекторов | O168: тыс.руб. | AE168: =SUM(AE169:AE171) -> 0 | AF168: =SUM(AF169:AF171) -> 0 | AG168: =SUM(AG169:AG171) -> 0
M169: =M155 & ".2.1" -> 5.2.1.2.1 | N169: от станций с мощностью производства >= 25 МВт | O169: тыс.руб. | AE169: =AF169+AG169 -> 0
M170: =M155 & ".2.2" -> 5.2.1.2.2 | N170: от станций с мощностью производства < 25 МВт | O170: тыс.руб. | AE170: =AF170+AG170 -> 0
M171: =M155 & ".2.3" -> 5.2.1.2.3 | N171: от котельных | O171: тыс.руб. | AE171: =AF171+AG171 -> 0
M172: =M155 & ".3" -> 5.2.1.3 | N172: Из тепловой сети, всего | O172: тыс.руб. | AE172: =SUM(AE173,AE177,AE181) -> 0 | AF172: =SUM(AF173,AF177,AF181) -> 0 | AG172: =SUM(AG173,AG177,AG181) -> 0
M173: =M155 & ".3.1" -> 5.2.1.3.1 | N173: от станций с мощностью производства >= 25 МВт | O173: тыс.руб. | AE173: =AF173+AG173 -> 0
M174: =M155 & ".3.1.0.1" -> 5.2.1.3.1.0.1 | N174: объём ТЭ | O174: тыс. Гкал | AE174: =AF174+AG174 -> 0
M175: =M155 & ".3.1.0.2" -> 5.2.1.3.1.0.2 | N175: цена ТЭ | O175: руб./Гкал | AE175: =IF(AE174=0,0,AE173/AE174) -> 0 | AF175: =IF(AF174=0,0,AF173/AF174) -> 0 | AG175: =IF(AG174=0,0,AG173/AG174) -> 0
M177: =M155 & ".3.2" -> 5.2.1.3.2 | N177: от станций с мощностью производства < 25 МВт | O177: тыс.руб. | AE177: =AF177+AG177 -> 0
M178: =M155 & ".3.2.0.1" -> 5.2.1.3.2.0.1 | N178: объём ТЭ | O178: тыс. Гкал | AE178: =AF178+AG178 -> 0
M179: =M155 & ".3.2.0.2" -> 5.2.1.3.2.0.2 | N179: цена ТЭ | O179: руб./Гкал | AE179: =IF(AE178=0,0,AE177/AE178) -> 0 | AF179: =IF(AF178=0,0,AF177/AF178) -> 0 | AG179: =IF(AG178=0,0,AG177/AG178) -> 0
M181: =M155 & ".3.3" -> 5.2.1.3.3 | N181: от котельных (некомбинированная выработка) | O181: тыс.руб. | AE181: =AF181+AG181 -> 0
M182: =M155 & ".3.3.0.1" -> 5.2.1.3.3.0.1 | N182: объём ТЭ | O182: тыс. Гкал | AE182: =AF182+AG182 -> 0
M183: =M155 & ".3.3.0.2" -> 5.2.1.3.3.0.2 | N183: цена ТЭ | O183: руб./Гкал | AE183: =IF(AE182=0,0,AE181/AE182) -> 0 | AF183: =IF(AF182=0,0,AF181/AF182) -> 0 | AG183: =IF(AG182=0,0,AG181/AG182) -> 0
M185: =M155 & ".4" -> 5.2.1.4 | N185: в том числе покупка потерь из тепловой сети | O185: тыс.руб. | AE185: =SUM(AE186:AE188) -> 0 | AF185: =SUM(AF186:AF188) -> 0 | AG185: =SUM(AG186:AG188) -> 0
M186: =M155 & ".4.1" -> 5.2.1.4.1 | N186: от станций с мощностью производства >= 25 МВт | O186: тыс.руб. | AE186: =AF186+AG186 -> 0
M187: =M155 & ".4.2" -> 5.2.1.4.2 | N187: от станций с мощностью производства < 25 МВт | O187: тыс.руб. | AE187: =AF187+AG187 -> 0
M188: =M155 & ".4.3" -> 5.2.1.4.3 | N188: от котельных (некомбинированная выработка) | O188: тыс.руб. | AE188: =AF188+AG188 -> 0
...

Sheet HEAT_FUEL_TECH_VERTICAL
AB2: HEAT_FUEL_ADD_RANGE
AB6: 12 | AC6: 6 | AD6: 6
AB9: Y | AC9: I | AD9: II
AB11: Y | AC11: I | AD11: II
AB13: Год | AC13: I полугодие | AD13: II полугодие
AB15: =AB17 & "_" & AB9 -> 0_Y | AC15: =AC17 & "_" & AC9 -> 0_I | AD15: =AD17 & "_" & AD9 -> 0_II
AB17: =AB19 -> 0 | AC17: =AB19 -> 0 | AD17: =AB19 -> 0
AB18: Удалить | AK18: HEAT_FUEL_EMPTY_BASE_RANGE
M19: № п/п | N19: Наименование показателя | O19: Единица измерения | AK19: HEAT_FUEL_SINGLE_BASE_RANGE
AK20: HEAT_FUEL_TEMPLATE_RANGE
N21: Является ли организация плательщиком НДС
N22: =IF(CALC_IDENTIFIER="","",CALC_IDENTIFIER)
M36: 4 | N36: Расходы на натуральное топливо с учётом транспортировки (перевозки) (топливо на технологические цели) | O36: тыс.руб. | AE36: =SUM(AE37,AE41:AE46,AE47,AE52,AE59,AE60,AE78:AE87) -> 0 | AF36: =SUM(AF37,AF41:AF46,AF47,AF52,AF59,AF60,AF78:AF87) -> 0 | AG36: =SUM(AG37,AG41:AG46,AG47,AG52,AG59,AG60,AG78:AG87) -> 0 | AK36: =SUM(AK37,AK41:AK46,AK47,AK52,AK59,AK60,AK78:AK87) -> 0 | AL36: =SUM(AL37,AL41:AL46,AL47,AL52,AL59,AL60,AL78:AL87) -> 0 | AM36: =SUM(AM37,AM41:AM46,AM47,AM52,AM59,AM60,AM78:AM87) -> 0
M37: 4.NG | N37: Газ природный | O37: тыс.руб. | AK37: =SUM(AK38:AK40) -> 0 | AL37: =SUM(AL38:AL40) -> 0 | AM37: =SUM(AM38:AM40) -> 0 | AQ37: NG
M38: 4.NGL | N38: Газ лимитный | O38: тыс.руб. | AK38: =AK474+AK543+AK551+AK559 -> 0 | AL38: =AL474+AL543+AL551+AL559 -> 0 | AM38: =AM474+AM543+AM551+AM559 -> 0 | AQ38: NGL
M39: 4.NGU | N39: Газ сверхлимитный | O39: тыс.руб. | AK39: =AK475+AK578+AK586+AK594 -> 0 | AL39: =AL475+AL578+AL586+AL594 -> 0 | AM39: =AM475+AM578+AM586+AM594 -> 0 | AQ39: NGU
M40: 4.NGC | N40: Газ коммерческий | O40: тыс.руб. | AK40: =AK476 -> 0 | AL40: =AL476 -> 0 | AM40: =AM476 -> 0 | AQ40: NGC
M41: 4.GBL | N41: Газ доменный | O41: тыс.руб. | AK41: =AK477+AK706+AK862+AK1018 -> 0 | AL41: =AL477+AL706+AL862+AL1018 -> 0 | AM41: =AM477+AM706+AM862+AM1018 -> 0 | AQ41: GBL
M42: 4.GCK | N42: Газ коксовый | O42: тыс.руб. | AK42: =AK478+AK707+AK863+AK1019 -> 0 | AL42: =AL478+AL707+AL863+AL1019 -> 0 | AM42: =AM478+AM707+AM863+AM1019 -> 0 | AQ42: GCK
M43: 4.GOA | N43: Газ нефтяной (попутный) | O43: тыс.руб. | AK43: =AK479+AK708+AK864+AK1020 -> 0 | AL43: =AL479+AL708+AL864+AL1020 -> 0 | AM43: =AM479+AM708+AM864+AM1020 -> 0 | AQ43: GOA
M44: 4.DSG | N44: Газ сухой отбензиненный | O44: тыс.руб. | AK44: =AK480+AK709+AK865+AK1021 -> 0 | AL44: =AL480+AL709+AL865+AL1021 -> 0 | AM44: =AM480+AM709+AM865+AM1021 -> 0 | AQ44: DSG
M45: 4.GCN | N45: Газовый конденсат | O45: тыс.руб. | AK45: =AK481+AK710+AK866+AK1022 -> 0 | AL45: =AL481+AL710+AL866+AL1022 -> 0 | AM45: =AM481+AM710+AM866+AM1022 -> 0 | AQ45: GCN
M46: 4.LNG | N46: Газ сжиженный | O46: тыс.руб. | AK46: =AK482+AK711+AK867+AK1023 -> 0 | AL46: =AL482+AL711+AL867+AL1023 -> 0 | AM46: =AM482+AM711+AM867+AM1023 -> 0 | AQ46: LNG
M47: 4.DSL | N47: Дизельное топливо | O47: тыс.руб. | AK47: =AK483+AK712+AK868+AK1024 -> 0 | AL47: =AL483+AL712+AL868+AL1024 -> 0 | AM47: =AM483+AM712+AM868+AM1024 -> 0 | AQ47: DSL
M48: 4.DSLA | N48: А (арктическое) | O48: тыс.руб. | AK48: =AK484+AK713+AK869+AK1025 -> 0 | AL48: =AL484+AL713+AL869+AL1025 -> 0 | AM48: =AM484+AM713+AM869+AM1025 -> 0 | AQ48: DSLA
M49: 4.DSLW | N49: З (зимнее) | O49: тыс.руб. | AK49: =AK485+AK714+AK870+AK1026 -> 0 | AL49: =AL485+AL714+AL870+AL1026 -> 0 | AM49: =AM485+AM714+AM870+AM1026 -> 0 | AQ49: DSLW
M50: 4.DSLS | N50: Л (летнее) | O50: тыс.руб. | AK50: =AK486+AK715+AK871+AK1027 -> 0 | AL50: =AL486+AL715+AL871+AL1027 -> 0 | AM50: =AM486+AM715+AM871+AM1027 -> 0 | AQ50: DSLS
M51: 4.DSLO | N51: Е (межсезонное) | O51: тыс.руб. | AK51: =AK487+AK716+AK872+AK1028 -> 0 | AL51: =AL487+AL716+AL872+AL1028 -> 0 | AM51: =AM487+AM716+AM872+AM1028 -> 0 | AQ51: DSLO
M52: 4.MST | N52: Мазут | O52: тыс.руб. | AK52: =AK488+AK717+AK873+AK1029 -> 0 | AL52: =AL488+AL717+AL873+AL1029 -> 0 | AM52: =AM488+AM717+AM873+AM1029 -> 0 | AQ52: MST
... M77: 4.COASKNBKD | N77: Уголь тощий спекающийся | O77: тыс.руб. | AK77: =AK513+AK742+AK898+AK1054 -> 0 | AL77: =AL513+AL742+AL898+AL1054 -> 0 | AM77: =AM513+AM742+AM898+AM1054 -> 0 | AQ77: COASKNBKD
M78: 4.ENR | N78: Энергия | O78: тыс.руб. | AK78: =SUM(AK1070,AK1076,AK1082,AK1088) -> 0 | AL78: =SUM(AL1070,AL1076,AL1082,AL1088) -> 0 | AM78: =SUM(AM1070,AM1076,AM1082,AM1088) -> 0 | AQ78: ENR
M79: 4.PWR | N79: Заявленная мощность | O79: тыс.руб. | AK79: =SUM(AK1073,AK1079,AK1085,AK1091) -> 0 | AL79: =SUM(AL1073,AL1079,AL1085,AL1091) -> 0 | AM79: =SUM(AM1073,AM1079,AM1085,AM1091) -> 0 | AQ79: PWR
M80: 4.CWD | N80: Уголь древесный | O80: тыс.руб. | AK80: =AK516+AK745+AK901+AK1057 -> 0 | AL80: =AL516+AL745+AL901+AL1057 -> 0 | AM80: =AM516+AM745+AM901+AM1057 -> 0 | AQ80: CWD
M81: 4.WDS | N81: Дрова | O81: тыс.руб. | AK81: =AK517+AK746+AK902+AK1058 -> 0 | AL81: =AL517+AL746+AL902+AL1058 -> 0 | AM81: =AM517+AM746+AM902+AM1058 -> 0 | AQ81: WDS
M82: 4.PLT | N82: Пеллеты | O82: тыс.руб. | AK82: =AK518+AK747+AK903+AK1059 -> 0 | AL82: =AL518+AL747+AL903+AL1059 -> 0 | AM82: =AM518+AM747+AM903+AM1059 -> 0 | AQ82: PLT
M83: 4.SAW | N83: Опилки | O83: тыс.руб. | AK83: =AK519+AK748+AK904+AK1060 -> 0 | AL83: =AL519+AL748+AL904+AL1060 -> 0 | AM83: =AM519+AM748+AM904+AM1060 -> 0 | AQ83: SAW
M84: 4.PEA | N84: Торф | O84: тыс.руб. | AK84: =AK520+AK749+AK905+AK1061 -> 0 | AL84: =AL520+AL749+AL905+AL1061 -> 0 | AM84: =AM520+AM749+AM905+AM1061 -> 0 | AQ84: PEA
M85: 4.SHL | N85: Сланцы | O85: тыс.руб. | AK85: =AK521+AK750+AK906+AK1062 -> 0 | AL85: =AL521+AL750+AL906+AL1062 -> 0 | AM85: =AM521+AM750+AM906+AM1062 -> 0 | AQ85: SHL
M86: 4.STF | N86: Печное бытовое топливо | O86: тыс.руб. | AK86: =AK522+AK751+AK907+AK1063 -> 0 | AL86: =AL522+AL751+AL907+AL1063 -> 0 | AM86: =AM522+AM751+AM907+AM1063 -> 0 | AQ86: STF
M87: 4.OTH | N87: Прочие виды топлива | O87: тыс.руб. | AK87: =AK1095 -> 0 | AL87: =AL1095 -> 0 | AM87: =AM1095 -> 0 | AQ87: OTH
M88: 4.CFPTR | N88: Цена условного топлива с учётом транспортировки (перевозки) | O88: тыс.руб./тут | AE88: =IF(AE192=0,0,AE36/AE192) -> 0 | AF88: =IF(AF192=0,0,AF36/AF192) -> 0 | AG88: =IF(AG192=0,0,AG36/AG192) -> 0 | AK88: =IF(AK192=0,0,AK36/AK192) -> 0 | AL88: =IF(AL192=0,0,AL36/AL192) -> 0 | AM88: =IF(AM192=0,0,AM36/AM192) -> 0
M89: 4.CFPTR.NG | N89: Газ природный | O89: тыс.руб./тут | AK89: =IF(AK193=0,0,AK37/AK193) -> 0 | AL89: =IF(AL193=0,0,AL37/AL193) -> 0 | AM89: =IF(AM193=0,0,AM37/AM193) -> 0 | AQ89: NG
M90: 4.CFPTR.NGL | N90: Газ лимитный | O90: тыс.руб./тут | AK90: =IF(AK194=0,0,AK38/AK194) -> 0 | AL90: =IF(AL194=0,0,AL38/AL194) -> 0 | AM90: =IF(AM194=0,0,AM38/AM194) -> 0 | AQ90: NGL
M91: 4.CFPTR.NGU | N91: Газ сверхлимитный | O91: тыс.руб./тут | AK91: =IF(AK195=0,0,AK39/AK195) -> 0 | AL91: =IF(AL195=0,0,AL39/AL195) -> 0 | AM91: =IF(AM195=0,0,AM39/AM195) -> 0 | AQ91: NGU
M92: 4.CFPTR.NGC | N92: Газ коммерческий | O92: тыс.руб./тут | AK92: =IF(AK196=0,0,AK40/AK196) -> 0 | AL92: =IF(AL196=0,0,AL40/AL196) -> 0 | AM92: =IF(AM196=0,0,AM40/AM196) -> 0 | AQ92: NGC
M93: 4.CFPTR.GBL | N93: Газ доменный | O93: тыс.руб./тут | AK93: =IF(AK197=0,0,AK41/AK197) -> 0 | AL93: =IF(AL197=0,0,AL41/AL197) -> 0 | AM93: =IF(AM197=0,0,AM41/AM197) -> 0 | AQ93: GBL
M94: 4.CFPTR.GCK | N94: Газ коксовый | O94: тыс.руб./тут | AK94: =IF(AK198=0,0,AK42/AK198) -> 0 | AL94: =IF(AL198=0,0,AL42/AL198) -> 0 | AM94: =IF(AM198=0,0,AM42/AM198) -> 0 | AQ94: GCK
M95: 4.CFPTR.GOA | N95: Газ нефтяной (попутный) | O95: тыс.руб./тут | AK95: =IF(AK199=0,0,AK43/AK199) -> 0 | AL95: =IF(AL199=0,0,AL43/AL199) -> 0 | AM95: =IF(AM199=0,0,AM43/AM199) -> 0 | AQ95: GOA
M96: 4.CFPTR.DSG | N96: Газ сухой отбензиненный | O96: тыс.руб./тут | AK96: =IF(AK200=0,0,AK44/AK200) -> 0 | AL96: =IF(AL200=0,0,AL44/AL200) -> 0 | AM96: =IF(AM200=0,0,AM44/AM200) -> 0 | AQ96: DSG
M97: 4.CFPTR.GCN | N97: Газовый конденсат | O97: тыс.руб./тут | AK97: =IF(AK201=0,0,AK45/AK201) -> 0 | AL97: =IF(AL201=0,0,AL45/AL201) -> 0 | AM97: =IF(AM201=0,0,AM45/AM201) -> 0 | AQ97: GCN
M98: 4.CFPTR.LNG | N98: Газ сжиженный | O98: тыс.руб./тут | AK98: =IF(AK202=0,0,AK46/AK202) -> 0 | AL98: =IF(AL202=0,0,AL46/AL202) -> 0 | AM98: =IF(AM202=0,0,AM46/AM202) -> 0 | AQ98: LNG
M99: 4.CFPTR.DSL | N99: Дизельное топливо | O99: тыс.руб./тут | AK99: =IF(AK203=0,0,AK47/AK203) -> 0 | AL99: =IF(AL203=0,0,AL47/AL203) -> 0 | AM99: =IF(AM203=0,0,AM47/AM203) -> 0 | AQ99: DSL
M100: 4.CFPTR.DSLA | N100: А (арктическое) | O100: тыс.руб./тут | AK100: =IF(AK204=0,0,AK48/AK204) -> 0 | AL100: =IF(AL204=0,0,AL48/AL204) -> 0 | AM100: =IF(AM204=0,0,AM48/AM204) -> 0 | AQ100: DSLA
... M138: 4.CFPTR.STF | N138: Печное бытовое топливо | O138: тыс.руб./тут | AK138: =IF(AK242=0,0,AK86/AK242) -> 0 | AL138: =IF(AL242=0,0,AL86/AL242) -> 0 | AM138: =IF(AM242=0,0,AM86/AM242) -> 0 | AQ138: STF
M140: 4.NFPTR | N140: Цена натурального топлива с учётом транспортировки (перевозки)
M141: 4.NFPTR.NG | N141: Газ природный | O141: руб./тыс.м3 | AK141: =IF(AK349=0,0,AK37/AK349*1000) -> 0 | AL141: =IF(AL349=0,0,AL37/AL349*1000) -> 0 | AM141: =IF(AM349=0,0,AM37/AM349*1000) -> 0 | AQ141: NG
M142: 4.NFPTR.NGL | N142: Газ лимитный | O142: руб./тыс.м3 | AK142: =IF(AK350=0,0,AK38/AK350*1000) -> 0 | AL142: =IF(AL350=0,0,AL38/AL350*1000) -> 0 | AM142: =IF(AM350=0,0,AM38/AM350*1000) -> 0 | AQ142: NGL
M143: 4.NFPTR.NGU | N143: Газ сверхлимитный | O143: руб./тыс.м3 | AK143: =IF(AK351=0,0,AK39/AK351*1000) -> 0 | AL143: =IF(AL351=0,0,AL39/AL351*1000) -> 0 | AM143: =IF(AM351=0,0,AM39/AM351*1000) -> 0 | AQ143: NGU
M144: 4.NFPTR.NGC | N144: Газ коммерческий | O144: руб./тыс.м3 | AK144: =IF(AK352=0,0,AK40/AK352*1000) -> 0 | AL144: =IF(AL352=0,0,AL40/AL352*1000) -> 0 | AM144: =IF(AM352=0,0,AM40/AM352*1000) -> 0 | AQ144: NGC
M145: 4.NFPTR.GBL | N145: Газ доменный | O145: руб./тыс.м3 | AK145: =IF(AK353=0,0,AK41/AK353*1000) -> 0 | AL145: =IF(AL353=0,0,AL41/AL353*1000) -> 0 | AM145: =IF(AM353=0,0,AM41/AM353*1000) -> 0 | AQ145: GBL
M146: 4.NFPTR.GCK | N146: Газ коксовый | O146: руб./тыс.м3 | AK146: =IF(AK354=0,0,AK42/AK354*1000) -> 0 | AL146: =IF(AL354=0,0,AL42/AL354*1000) -> 0 | AM146: =IF(AM354=0,0,AM42/AM354*1000) -> 0 | AQ146: GCK
M147: 4.NFPTR.GOA | N147: Газ нефтяной (попутный) | O147: руб./тыс.м3 | AK147: =IF(AK355=0,0,AK43/AK355*1000) -> 0 | AL147: =IF(AL355=0,0,AL43/AL355*1000) -> 0 | AM147: =IF(AM355=0,0,AM43/AM355*1000) -> 0 | AQ147: GOA
M148: 4.NFPTR.DSG | N148: Газ сухой отбензиненный | O148: руб./тыс.м3 | AK148: =IF(AK356=0,0,AK44/AK356*1000) -> 0 | AL148: =IF(AL356=0,0,AL44/AL356*1000) -> 0 | AM148: =IF(AM356=0,0,AM44/AM356*1000) -> 0 | AQ148: DSG
M149: 4.NFPTR.GCN | N149: Газовый конденсат | O149: руб./тнт | AK149: =IF(AK357=0,0,AK45/AK357*1000) -> 0 | AL149: =IF(AL357=0,0,AL45/AL357*1000) -> 0 | AM149: =IF(AM357=0,0,AM45/AM357*1000) -> 0 | AQ149: GCN
M150: 4.NFPTR.LNG | N150: Газ сжиженный | O150: руб./тнт | AK150: =IF(AK358=0,0,AK46/AK358*1000) -> 0 | AL150: =IF(AL358=0,0,AL46/AL358*1000) -> 0 | AM150: =IF(AM358=0,0,AM46/AM358*1000) -> 0 | AQ150: LNG
M151: 4.NFPTR.DSL | N151: Дизельное топливо | O151: руб./тнт | AK151: =IF(AK359=0,0,AK47/AK359*1000) -> 0 | AL151: =IF(AL359=0,0,AL47/AL359*1000) -> 0 | AM151: =IF(AM359=0,0,AM47/AM359*1000) -> 0 | AQ151: DSL
M152: 4.NFPTR.DSLA | N152: А (арктическое) | O152: руб./тнт | AK152: =IF(AK360=0,0,AK48/AK360*1000) -> 0 | AL152: =IF(AL360=0,0,AL48/AL360*1000) -> 0 | AM152: =IF(AM360=0,0,AM48/AM360*1000) -> 0 | AQ152: DSLA
... M181: 4.NFPTR.COASKNBKD | N181: Уголь тощий спекающийся | O181: руб./тнт | AK181: =IF(AK389=0,0,AK77/AK389*1000) -> 0 | AL181: =IF(AL389=0,0,AL77/AL389*1000) -> 0 | AM181: =IF(AM389=0,0,AM77/AM389*1000) -> 0 | AQ181: COASKNBKD
M182: 4.NFPTR.ENR | N182: Энергия | O182: руб./кВт*ч | AK182: =IF(AK1068=0,0,AK78/AK1068) -> 0 | AL182: =IF(AL1068=0,0,AL78/AL1068) -> 0 | AM182: =IF(AM1068=0,0,AM78/AM1068) -> 0 | AQ182: ENR
M183: 4.NFPTR.PWR | N183: Заявленная мощность | O183: руб./кВт*мес | AK183: =IF(AK1069=0,0,AK79/AK1069) -> 0 | AL183: =IF(AL1069=0,0,AL79/AL1069) -> 0 | AM183: =IF(AM1069=0,0,AM79/AM1069) -> 0 | AQ183: PWR
M184: 4.NFPTR.CWD | N184: Уголь древесный | O184: руб./тнт | AK184: =IF(AK392=0,0,AK80/AK392*1000) -> 0 | AL184: =IF(AL392=0,0,AL80/AL392*1000) -> 0 | AM184: =IF(AM392=0,0,AM80/AM392*1000) -> 0 | AQ184: CWD
M185: 4.NFPTR.WDS | N185: Дрова | O185: руб./тнт | AK185: =IF(AK393=0,0,AK81/AK393*1000) -> 0 | AL185: =IF(AL393=0,0,AL81/AL393*1000) -> 0 | AM185: =IF(AM393=0,0,AM81/AM393*1000) -> 0 | AQ185: WDS
M186: 4.NFPTR.PLT | N186: Пеллеты | O186: руб./тнт | AK186: =IF(AK394=0,0,AK82/AK394*1000) -> 0 | AL186: =IF(AL394=0,0,AL82/AL394*1000) -> 0 | AM186: =IF(AM394=0,0,AM82/AM394*1000) -> 0 | AQ186: PLT
M187: 4.NFPTR.SAW | N187: Опилки | O187: руб./тнт | AK187: =IF(AK395=0,0,AK83/AK395*1000) -> 0 | AL187: =IF(AL395=0,0,AL83/AL395*1000) -> 0 | AM187: =IF(AM395=0,0,AM83/AM395*1000) -> 0 | AQ187: SAW
M188: 4.NFPTR.PEA | N188: Торф | O188: руб./тнт | AK188: =IF(AK396=0,0,AK84/AK396*1000) -> 0 | AL188: =IF(AL396=0,0,AL84/AL396*1000) -> 0 | AM188: =IF(AM396=0,0,AM84/AM396*1000) -> 0 | AQ188: PEA
M189: 4.NFPTR.SHL | N189: Сланцы | O189: руб./тнт | AK189: =IF(AK397=0,0,AK85/AK397*1000) -> 0 | AL189: =IF(AL397=0,0,AL85/AL397*1000) -> 0 | AM189: =IF(AM397=0,0,AM85/AM397*1000) -> 0 | AQ189: SHL
M190: 4.NFPTR.STF | N190: Печное бытовое топливо | O190: руб./тнт | AK190: =IF(AK398=0,0,AK86/AK398*1000) -> 0 | AL190: =IF(AL398=0,0,AL86/AL398*1000) -> 0 | AM190: =IF(AM398=0,0,AM86/AM398*1000) -> 0 | AQ190: STF
M192: 4.CFV | N192: Расход условного топлива | O192: тут | AE192: =SUM(AE193,AE197:AE202,AE203,AE208,AE215,AE216,AE236:AE242) -> 0 | AF192: =SUM(AF193,AF197:AF202,AF203,AF208,AF215,AF216,AF236:AF242) -> 0 | AG192: =SUM(AG193,AG197:AG202,AG203,AG208,AG215,AG216,AG236:AG242) -> 0 | AK192: =SUM(AK193,AK197:AK202,AK203,AK208,AK215,AK216,AK236:AK242) -> 0 | AL192: =SUM(AL193,AL197:AL202,AL203,AL208,AL215,AL216,AL236:AL242) -> 0 | AM192: =SUM(AM193,AM197:AM202,AM203,AM208,AM215,AM216,AM236:AM242) -> 0
M193: 4.CFV.NG | N193: Газ природный | O193: тут | AK193: =AL193+AM193 -> 0 | AL193: =SUM(AL194:AL196) -> 0 | AM193: =SUM(AM194:AM196) -> 0 | AQ193: NG
M194: 4.CFV.NGL | N194: Газ лимитный | O194: тут | AK194: =AL194+AM194 -> 0 | AL194: =AL298*AL350 -> 0 | AM194: =AM298*AM350 -> 0 | AQ194: NGL
M195: 4.CFV.NGU | N195: Газ сверхлимитный | O195: тут | AK195: =AL195+AM195 -> 0 | AL195: =AL299*AL351 -> 0 | AM195: =AM299*AM351 -> 0 | AQ195: NGU
M196: 4.CFV.NGC | N196: Газ коммерческий | O196: тут | AK196: =AL196+AM196 -> 0 | AL196: =AL300*AL352 -> 0 | AM196: =AM300*AM352 -> 0 | AQ196: NGC
M197: 4.CFV.GBL | N197: Газ доменный | O197: тут | AK197: =AL197+AM197 -> 0 | AL197: =AL301*AL353 -> 0 | AM197: =AM301*AM353 -> 0 | AQ197: GBL
M198: 4.CFV.GCK | N198: Газ коксовый | O198: тут | AK198: =AL198+AM198 -> 0 | AL198: =AL302*AL354 -> 0 | AM198: =AM302*AM354 -> 0 | AQ198: GCK
M199: 4.CFV.GOA | N199: Газ нефтяной (попутный) | O199: тут | AK199: =AL199+AM199 -> 0 | AL199: =AL303*AL355 -> 0 | AM199: =AM303*AM355 -> 0 | AQ199: GOA
M200: 4.CFV.DSG | N200: Газ сухой отбензиненный | O200: тут | AK200: =AL200+AM200 -> 0 | AL200: =AL304*AL356 -> 0 | AM200: =AM304*AM356 -> 0 | AQ200: DSG
M201: 4.CFV.GCN | N201: Газовый конденсат | O201: тут | AK201: =AL201+AM201 -> 0 | AL201: =AL305*AL357 -> 0 | AM201: =AM305*AM357 -> 0 | AQ201: GCN
M202: 4.CFV.LNG | N202: Газ сжиженный | O202: тут | AK202: =AL202+AM202 -> 0 | AL202: =AL306*AL358 -> 0 | AM202: =AM306*AM358 -> 0 | AQ202: LNG
M203: 4.CFV.DSL | N203: Дизельное топливо | O203: тут | AK203: =AL203+AM203 -> 0 | AL203: =SUM(AL204:AL207) -> 0 | AM203: =SUM(AM204:AM207) -> 0 | AQ203: DSL
M204: 4.CFV.DSLA | N204: А (арктическое) | O204: тут | AK204: =AL204+AM204 -> 0 | AL204: =AL308*AL360 -> 0 | AM204: =AM308*AM360 -> 0 | AQ204: DSLA
M205: 4.CFV.DSLW | N205: З (зимнее) | O205: тут | AK205: =AL205+AM205 -> 0 | AL205: =AL309*AL361 -> 0 | AM205: =AM309*AM361 -> 0 | AQ205: DSLW
M206: 4.CFV.DSLS | N206: Л (летнее) | O206: тут | AK206: =AL206+AM206 -> 0 | AL206: =AL310*AL362 -> 0 | AM206: =AM310*AM362 -> 0 | AQ206: DSLS
M207: 4.CFV.DSLO | N207: Е (межсезонное) | O207: тут | AK207: =AL207+AM207 -> 0 | AL207: =AL311*AL363 -> 0 | AM207: =AM311*AM363 -> 0 | AQ207: DSLO
M208: 4.CFV.MST | N208: Мазут | O208: тут | AK208: =AL208+AM208 -> 0 | AL208: =SUM(AL209:AL214) -> 0 | AM208: =SUM(AM209:AM214) -> 0 | AQ208: MST
M209: 4.CFV.MSTM40 | N209: М-40 | O209: тут | AK209: =AL209+AM209 -> 0 | AL209: =AL313*AL365 -> 0 | AM209: =AM313*AM365 -> 0 | AQ209: MSTM40
M210: 4.CFV.MSTM100 | N210: М-100 | O210: тут | AK210: =AL210+AM210 -> 0 | AL210: =AL314*AL366 -> 0 | AM210: =AM314*AM366 -> 0 | AQ210: MSTM100
M211: 4.CFV.MSTM200 | N211: М-200 | O211: тут | AK211: =AL211+AM211 -> 0 | AL211: =AL315*AL367 -> 0 | AM211: =AM315*AM367 -> 0 | AQ211: MSTM200
M212: 4.CFV.MSTT | N212: мазут марки "Т" | O212: тут | AK212: =AL212+AM212 -> 0 | AL212: =AL316*AL368 -> 0 | AM212: =AM316*AM368 -> 0 | AQ212: MSTT
M213: 4.CFV.MSTF5 | N213: Ф-5 | O213: тут | AK213: =AL213+AM213 -> 0 | AL213: =AL317*AL369 -> 0 | AM213: =AM317*AM369 -> 0 | AQ213: MSTF5
M214: 4.CFV.MSTF12 | N214: Ф-12 | O214: тут | AK214: =AL214+AM214 -> 0 | AL214: =AL318*AL370 -> 0 | AM214: =AM318*AM370 -> 0 | AQ214: MSTF12
...

Sheet COLDVSNA_CALC_TECH_VERTICAL
AB2: COLDVSNA_CALC_ADD_RANGE
AB6: 12 | AC6: 6 | AD6: 6
AB9: Y | AC9: I | AD9: II
AB13: Год | AC13: I полугодие | AD13: II полугодие
AB15: =AB17 & "_" & AB9 -> 0_Y | AC15: =AC17 & "_" & AC9 -> 0_I | AD15: =AD17 & "_" & AD9 -> 0_II
AB17: =AB19 -> 0 | AC17: =AB19 -> 0 | AD17: =AB19 -> 0
AB18: Удалить
M19: № п/п | N19: Наименование показателя | O19: Единица измерения
N21: Является ли организация плательщиком НДС | AH21: COLDVSNA_CALC_EMPTY_BASE_RANGE
N22: =IF(CALC_IDENTIFIER="","",CALC_IDENTIFIER) | AH22: COLDVSNA_CALC_SINGLE_BASE_RANGE
M23: 1 | N23: Производственные расходы | O23: тыс.руб. | AE23: =AF23+AG23 -> 0 | AF23: =SUM(AF24,AF28,AF106,AF107,AF120,AF121,AF122,AF127) -> 0 | AG23: =SUM(AG24,AG28,AG106,AG107,AG120,AG121,AG122,AG127) -> 0
M24: 1.1 | N24: Расходы на приобретение сырья и материалов и их хранение | O24: тыс.руб. | AE24: =AF24+AG24 -> 0 | AF24: =SUM(AF25,AF26,AF27) -> 0 | AG24: =SUM(AG25,AG26,AG27) -> 0
M25: 1.1.1 | N25: Реагенты | O25: тыс.руб. | AE25: =AF25+AG25 -> 0 | AF25: =ХВС.Р!AF$25 -> 0 | AG25: =ХВС.Р!AG$25 -> 0
M26: 1.1.2 | N26: Горюче-смазочные материалы | O26: тыс.руб. | AE26: =AF26+AG26 -> 0
M27: 1.1.3 | N27: Материалы и малоценные основные средства | O27: тыс.руб. | AE27: =AF27+AG27 -> 0
M28: 1.2 | N28: Расходы на энергетические ресурсы и холодную воду | O28: тыс.руб. | AE28: =AF28+AG28 -> 0 | AF28: =SUM(AF29,AF89,AF90,AF91,AF96) -> 0 | AG28: =SUM(AG29,AG89,AG90,AG91,AG96) -> 0
M29: 1.2.1 | N29: электроэнергия | O29: тыс.руб. | AE29: =AF29+AG29 -> 0 | AF29: =SUM(AF71,AF83,AF77) -> 0 | AG29: =SUM(AG71,AG83,AG77) -> 0
M30: 1.2.1.1 | N30: Объём покупной энергии
M31: 1.2.1.1.1 | N31: Объём покупной энергии по одноставочному тарифу | O31: тыс.кВт*ч | AE31: =SUM(AE32:AE36) -> 0 | AF31: =SUM(AF32:AF36) -> 0 | AG31: =SUM(AG32:AG36) -> 0
M32: 1.2.1.1.1.1 | N32: НН | O32: тыс.кВт*ч | AE32: =AF32+AG32 -> 0
M33: 1.2.1.1.1.2 | N33: СН1 | O33: тыс.кВт*ч | AE33: =AF33+AG33 -> 0
M34: 1.2.1.1.1.3 | N34: СН2 | O34: тыс.кВт*ч | AE34: =AF34+AG34 -> 0
M35: 1.2.1.1.1.4 | N35: ВН | O35: тыс.кВт*ч | AE35: =AF35+AG35 -> 0
M36: 1.2.1.1.1.5 | N36: без разбивки по напряжению | O36: тыс.кВт*ч | AE36: =AF36+AG36 -> 0
M37: 1.2.1.1.2 | N37: Объём покупной электроэнергии по двухставочному тарифу
M38: 1.2.1.1.2.1 | N38: Мощность | O38: МВт*мес | AE38: =SUM(AE39:AE43) -> 0 | AF38: =SUM(AF39:AF43) -> 0 | AG38: =SUM(AG39:AG43) -> 0
M39: 1.2.1.1.2.1.1 | N39: НН | O39: МВт*мес | AE39: =AF39+AG39 -> 0
M40: 1.2.1.1.2.1.2 | N40: СН1 | O40: МВт*мес | AE40: =AF40+AG40 -> 0
M41: 1.2.1.1.2.1.3 | N41: СН2 | O41: МВт*мес | AE41: =AF41+AG41 -> 0
M42: 1.2.1.1.2.1.4 | N42: ВН | O42: МВт*мес | AE42: =AF42+AG42 -> 0
M43: 1.2.1.1.2.1.5 | N43: ГН | O43: МВт*мес | AE43: =AF43+AG43 -> 0
M44: 1.2.1.1.2.2 | N44: Активная электроэнергия | O44: тыс.кВт*ч | AE44: =SUM(AE45:AE49) -> 0 | AF44: =SUM(AF45:AF49) -> 0 | AG44: =SUM(AG45:AG49) -> 0
M45: 1.2.1.1.2.2.1 | N45: НН | O45: тыс.кВт*ч | AE45: =AF45+AG45 -> 0
M46: 1.2.1.1.2.2.2 | N46: СН1 | O46: тыс.кВт*ч | AE46: =AF46+AG46 -> 0
M47: 1.2.1.1.2.2.3 | N47: СН2 | O47: тыс.кВт*ч | AE47: =AF47+AG47 -> 0
M48: 1.2.1.1.2.2.4 | N48: ВН | O48: тыс.кВт*ч | AE48: =AF48+AG48 -> 0
M49: 1.2.1.1.2.2.5 | N49: ГН | O49: тыс.кВт*ч | AE49: =AF49+AG49 -> 0
M50: 1.2.1.2 | N50: Тариф на электроэнергию и мощность
M51: 1.2.1.2.1 | N51: по одноставочному тарифу
M52: 1.2.1.2.1.1 | N52: НН | O52: руб./кВт*ч | AE52: =IF(AE32=0,0,AE72/AE32) -> 0
M53: 1.2.1.2.1.2 | N53: СН1 | O53: руб./кВт*ч | AE53: =IF(AE33=0,0,AE73/AE33) -> 0
M54: 1.2.1.2.1.3 | N54: СН2 | O54: руб./кВт*ч | AE54: =IF(AE34=0,0,AE74/AE34) -> 0
M55: 1.2.1.2.1.4 | N55: ВН | O55: руб./кВт*ч | AE55: =IF(AE35=0,0,AE75/AE35) -> 0
M56: 1.2.1.2.1.5 | N56: без разбивки по напряжению | O56: руб./кВт*ч | AE56: =IF(AE36=0,0,AE76/AE36) -> 0
M57: 1.2.1.2.1.6 | N57: Средний одноставочный тариф на электрическую энергию | O57: руб./кВт*ч | AE57: =IF(AE31=0,0,AE71/AE31) -> 0 | AF57: =IF(AF31=0,0,AF71/AF31) -> 0 | AG57: =IF(AG31=0,0,AG71/AG31) -> 0
M58: 1.2.1.2.2 | N58: по двухставочному тарифу
M59: 1.2.1.2.2.1 | N59: ставка за мощность | O59: руб./МВт*мес | AE59: =IF(AE38=0,0,(AE60*AE39+AE61*AE40+AE62*AE41+AE63*AE42+AE64*AE43)/AE38) -> 0 | AF59: =IF(AF38=0,0,(AF60*AF39+AF61*AF40+AF62*AF41+AF63*AF42+AF64*AF43)/AF38) -> 0 | AG59: =IF(AG38=0,0,(AG60*AG39+AG61*AG40+AG62*AG41+AG63*AG42+AG64*AG43)/AG38) -> 0
M60: 1.2.1.2.2.1.1 | N60: НН | O60: руб./МВт*мес | AE60: =IF(AE39=0,0,AE78*1000/AE39) -> 0
M61: 1.2.1.2.2.1.2 | N61: СН1 | O61: руб./МВт*мес | AE61: =IF(AE40=0,0,AE79*1000/AE40) -> 0
M62: 1.2.1.2.2.1.3 | N62: СН2 | O62: руб./МВт*мес | AE62: =IF(AE41=0,0,AE80*1000/AE41) -> 0
M63: 1.2.1.2.2.1.4 | N63: ВН | O63: руб./МВт*мес | AE63: =IF(AE42=0,0,AE81*1000/AE42) -> 0
M64: 1.2.1.2.2.1.5 | N64: ГН | O64: руб./МВт*мес | AE64: =IF(AE43=0,0,AE82*1000/AE43) -> 0
M65: 1.2.1.2.2.2 | N65: ставка за электроэнергию | O65: руб./кВт*ч | AE65: =IF(AE44=0,0,(AE66*AE45+AE67*AE46+AE68*AE47+AE69*AE48+AE70*AE49)/AE44) -> 0 | AF65: =IF(AF44=0,0,(AF66*AF45+AF67*AF46+AF68*AF47+AF69*AF48+AF70*AF49)/AF44) -> 0 | AG65: =IF(AG44=0,0,(AG66*AG45+AG67*AG46+AG68*AG47+AG69*AG48+AG70*AG49)/AG44) -> 0
M66: 1.2.1.2.2.2.1 | N66: НН | O66: руб./кВт*ч | AE66: =IF(AE45=0,0,AE84/AE45) -> 0
M67: 1.2.1.2.2.2.2 | N67: СН1 | O67: руб./кВт*ч | AE67: =IF(AE46=0,0,AE85/AE46) -> 0
M68: 1.2.1.2.2.2.3 | N68: СН2 | O68: руб./кВт*ч | AE68: =IF(AE47=0,0,AE86/AE47) -> 0
M69: 1.2.1.2.2.2.4 | N69: ВН | O69: руб./кВт*ч | AE69: =IF(AE48=0,0,AE87/AE48) -> 0
M70: 1.2.1.2.2.2.5 | N70: ГН | O70: руб./кВт*ч | AE70: =IF(AE49=0,0,AE88/AE49) -> 0
M71: 1.2.1.3 | N71: Затраты на покупку энергии по одноставочному тарифу | O71: тыс.руб. | AE71: =AF71+AG71 -> 0 | AF71: =SUM(AF72:AF76) -> 0 | AG71: =SUM(AG72:AG76) -> 0
M72: 1.2.1.3.1 | N72: НН | O72: тыс.руб. | AE72: =AF72+AG72 -> 0 | AF72: =AF32*AF52 -> 0 | AG72: =AG32*AG52 -> 0
M73: 1.2.1.3.2 | N73: СН1 | O73: тыс.руб. | AE73: =AF73+AG73 -> 0 | AF73: =AF33*AF53 -> 0 | AG73: =AG33*AG53 -> 0
M74: 1.2.1.3.3 | N74: СН2 | O74: тыс.руб. | AE74: =AF74+AG74 -> 0 | AF74: =AF34*AF54 -> 0 | AG74: =AG34*AG54 -> 0
M75: 1.2.1.3.4 | N75: ВН | O75: тыс.руб. | AE75: =AF75+AG75 -> 0 | AF75: =AF35*AF55 -> 0 | AG75: =AG35*AG55 -> 0
M76: 1.2.1.3.5 | N76: без разбивки по напряжению | O76: тыс.руб. | AE76: =AF76+AG76 -> 0 | AF76: =AF36*AF56 -> 0 | AG76: =AG36*AG56 -> 0
M77: 1.2.1.4 | N77: Затраты на покупку мощности по двухставочному тарифу | O77: тыс.руб. | AE77: =AF77+AG77 -> 0 | AF77: =SUM(AF78:AF82) -> 0 | AG77: =SUM(AG78:AG82) -> 0
M78: 1.2.1.4.1 | N78: НН | O78: тыс.руб. | AE78: =AF78+AG78 -> 0 | AF78: =AF39*AF60/1000 -> 0 | AG78: =AG39*AG60/1000 -> 0
M79: 1.2.1.4.2 | N79: СН1 | O79: тыс.руб. | AE79: =AF79+AG79 -> 0 | AF79: =AF40*AF61/1000 -> 0 | AG79: =AG40*AG61/1000 -> 0
M80: 1.2.1.4.3 | N80: СН2 | O80: тыс.руб. | AE80: =AF80+AG80 -> 0 | AF80: =AF41*AF62/1000 -> 0 | AG80: =AG41*AG62/1000 -> 0
M81: 1.2.1.4.4 | N81: ВН | O81: тыс.руб. | AE81: =AF81+AG81 -> 0 | AF81: =AF42*AF63/1000 -> 0 | AG81: =AG42*AG63/1000 -> 0
M82: 1.2.1.4.5 | N82: ГН | O82: тыс.руб. | AE82: =AF82+AG82 -> 0 | AF82: =AF43*AF64/1000 -> 0 | AG82: =AG43*AG64/1000 -> 0
M83: 1.2.1.5 | N83: Затраты на покупку энергии по двухставочному тарифу | O83: тыс.руб. | AE83: =AF83+AG83 -> 0 | AF83: =SUM(AF84:AF88) -> 0 | AG83: =SUM(AG84:AG88) -> 0
M84: 1.2.1.5.1 | N84: НН | O84: тыс.руб. | AE84: =AF84+AG84 -> 0 | AF84: =AF45*AF66 -> 0 | AG84: =AG45*AG66 -> 0
M85: 1.2.1.5.2 | N85: СН1 | O85: тыс.руб. | AE85: =AF85+AG85 -> 0 | AF85: =AF46*AF67 -> 0 | AG85: =AG46*AG67 -> 0
M86: 1.2.1.5.3 | N86: СН2 | O86: тыс.руб. | AE86: =AF86+AG86 -> 0 | AF86: =AF47*AF68 -> 0 | AG86: =AG47*AG68 -> 0
M87: 1.2.1.5.4 | N87: ВН | O87: тыс.руб. | AE87: =AF87+AG87 -> 0 | AF87: =AF48*AF69 -> 0 | AG87: =AG48*AG69 -> 0
M88: 1.2.1.5.5 | N88: ГН | O88: тыс.руб. | AE88: =AF88+AG88 -> 0 | AF88: =AF49*AF70 -> 0 | AG88: =AG49*AG70 -> 0
M89: 1.2.2 | N89: теплоэнергия | O89: тыс.руб. | AE89: =AF89+AG89 -> 0
M90: 1.2.3 | N90: теплоноситель | O90: тыс.руб. | AE90: =AF90+AG90 -> 0
M91: 1.2.4 | N91: топливо | O91: тыс.руб. | AE91: =AF91+AG91 -> 0
M96: 1.2.5 | N96: холодная вода | O96: тыс.руб. | AE96: =AF96+AG96 -> 0 | AF96: =AF97*AF98 -> 0 | AG96: =AG97*AG98 -> 0
M97: 1.2.5.1 | N97: цена | O97: руб./куб.м | AE97: =IF(AE98=0,0,AE96/AE98) -> 0
M98: 1.2.5.2 | N98: объём | O98: тыс.куб.м | AE98: =AF98+AG98 -> 0
M106: 1.3 | N106: Расходы на оплату работ и услуг, выполняемые сторонними организациями и индивидуальными предпринимателями, связанные с эксплуатацией централизованных систем либо объектов в составе таких систем | O106: тыс.руб. | AE106: =AF106+AG106 -> 0
M107: 1.4 | N107: Расходы на оплату труда и отчисления на социальные нужды основного производственного персонала, в том числе налоги и сборы | O107: тыс.руб. | AE107: =AF107+AG107 -> 0 | AF107: =SUM(AF108,AF119) -> 0 | AG107: =SUM(AG108,AG119) -> 0
M108: 1.4.1 | N108: Расходы на оплату труда производственного персонала | O108: тыс.руб. | AE108: =AF108+AG108 -> 0
M109: 1.4.1.1 | N109: Численность (среднесписочная), принятая для расчёта | O109: ед.
M110: 1.4.1.2 | N110: Среднемесячная оплата труда основного производственного персонала | O110: руб./мес. | AE110: =IF(AE109=0,0,AE108/AE109*1000/AE$6) -> 0 | AF110: =IF(AF109=0,0,AF108/AF109*1000/AF$6) -> 0 | AG110: =IF(AG109=0,0,AG108/AG109*1000/AG$6) -> 0
M111: 1.4.1.3 | N111: Фактическая численность основного производственного персонала, относимого на регулируемый вид деятельности | O111: ед.
M112: 1.4.1.4 | N112: Справочно: нормативная численность основного производственного персонала, относимого на регулируемый вид деятельности | O112: ед.
M113: 1.4.1.5 | N113: Тарифная ставка рабочего 1-го разряда | O113: руб./мес.
M114: 1.4.1.6 | N114: Индекс роста номинальной заработной платы
M115: 1.4.1.7 | N115: Тарифная ставка рабочего 1-го разряда с учётом дефлятора | O115: руб./мес.
M116: 1.4.1.8 | N116: Средний тарифный коэффициент
M117: 1.4.1.9 | N117: Среднемесячная тарифная ставка | O117: руб./мес.
M118: 1.4.1.10 | N118: Минимальный размер оплаты труда по отраслевому тарифному соглашению | O118: руб./мес.
M119: 1.4.2 | N119: Отчисления на социальные нужды производственного персонала, в том числе налоги и сборы | O119: тыс.руб. | AE119: =AF119+AG119 -> 0
M120: 1.5 | N120: Расходы на уплату процентов по займам и кредитам, не учитываемые при определении налогооблагаемой базы налога на прибыль | O120: тыс.руб. | AE120: =AF120+AG120 -> 0
M121: 1.6 | N121: Общехозяйственные расходы | O121: тыс.руб. | AE121: =AF121+AG121 -> 0
M122: 1.7 | N122: Прочие производственные расходы | O122: тыс.руб. | AE122: =AF122+AG122 -> 0 | AF122: =SUM(AF123:AF126) -> 0 | AG122: =SUM(AG123:AG126) -> 0
M123: 1.7.1 | N123: Расходы на амортизацию транспорта | O123: тыс.руб. | AE123: =AF123+AG123 -> 0
...

Sheet COLDVSNA_REAGENT_TECH_VERTICAL
AB2: COLDVSNA_REAGENT_ADD_RANGE
AB6: 12 | AC6: 6 | AD6: 6
AB9: Y | AC9: I | AD9: II
AB13: Год | AC13: I полугодие | AD13: II полугодие
AK14: COLDVSNA_REAGENT_EMPTY_BASE_RANGE
AB15: =AB17 & "_" & AB9 -> 0_Y | AC15: =AC17 & "_" & AC9 -> 0_I | AD15: =AD17 & "_" & AD9 -> 0_II | AK15: COLDVSNA_REAGENT_SINGLE_BASE_RANGE
AK16: COLDVSNA_REAGENT_TEMPLATE_RANGE
AB17: =AB19 -> 0 | AC17: =AB19 -> 0 | AD17: =AB19 -> 0 | AK17: COLDVSNA_REAGENT_EMPTY_TEMPLATE_RANGE
AB18: Удалить | AK18: COLDVSNA_REAGENT_ONE_RANGE
M19: № п/п | N19: Наименование показателя | O19: Единица измерения | AK19: COLDVSNA_REAGENT_NO_ONE_RANGE
AK20: COLDVSNA_REAGENT_OTH_RANGE
N21: Является ли организация плательщиком НДС | AK21: COLDVSNA_REAGENT_NO_OTH_RANGE
N22: =IF(CALC_IDENTIFIER="","",CALC_IDENTIFIER)
M25: 1.1.1 | N25: Итого | O25: тыс.руб. | AE25: =AF25+AG25 -> 0 | AF25: =SUM(AF27,AF64,AF92,AF346) -> 0 | AG25: =SUM(AG27,AG64,AG92,AG346) -> 0
M27: COAG | N27: Коагулянты | O27: тыс.руб. | AE27: =AF27+AG27 -> 0 | AF27: =SUMIF(ХВС.Р!$AO$28:$AO$63,ХВС.Р!$AO$27,ХВС.Р!AF$28:AF$63) -> 0 | AG27: =SUMIF(ХВС.Р!$AO$28:$AO$63,ХВС.Р!$AO$27,ХВС.Р!AG$28:AG$63) -> 0
M29: HDSFAL | N29: гидроксохлоросульфат алюминия (коагулянт смешанного типа) | O29: тыс.руб. | AK29: =AL29+AM29 -> 0 | AL29: =AL30*AL31/1000 -> 0 | AM29: =AM30*AM31/1000 -> 0
M30: =M29 & ".P" -> HDSFAL.P | N30: Цена за единицу | O30: руб./ед. | AK30: =IF(AK31=0,0,AK29*1000/AK31) -> 0
M31: =M29 & ".V" -> HDSFAL.V | N31: Объём | O31: ед. | AK31: =AL31+AM31 -> 0
M32: FES | N32: железный купорос | O32: тыс.руб. | AK32: =AL32+AM32 -> 0 | AL32: =AL33*AL34/1000 -> 0 | AM32: =AM33*AM34/1000 -> 0
M33: =M32 & ".P" -> FES.P | N33: Цена за единицу | O33: руб./ед. | AK33: =IF(AK34=0,0,AK32*1000/AK34) -> 0
M34: =M32 & ".V" -> FES.V | N34: Объём | O34: ед. | AK34: =AL34+AM34 -> 0
M35: OXCLAL | N35: оксихлорид алюминия | O35: тыс.руб. | AK35: =AL35+AM35 -> 0 | AL35: =AL36*AL37/1000 -> 0 | AM35: =AM36*AM37/1000 -> 0
M36: =M35 & ".P" -> OXCLAL.P | N36: Цена за единицу | O36: руб./ед. | AK36: =IF(AK37=0,0,AK35*1000/AK37) -> 0
M37: =M35 & ".V" -> OXCLAL.V | N37: Объём | O37: ед. | AK37: =AL37+AM37 -> 0
M38: OXCLAL10 | N38: оксихлорид алюминия 10 % | O38: тыс.руб. | AK38: =AL38+AM38 -> 0 | AL38: =AL39*AL40/1000 -> 0 | AM38: =AM39*AM40/1000 -> 0
M39: =M38 & ".P" -> OXCLAL10.P | N39: Цена за единицу | O39: руб./ед. | AK39: =IF(AK40=0,0,AK38*1000/AK40) -> 0
M40: =M38 & ".V" -> OXCLAL10.V | N40: Объём | O40: ед. | AK40: =AL40+AM40 -> 0
M41: OXCLAL18 | N41: оксихлорид алюминия 18 % | O41: тыс.руб. | AK41: =AL41+AM41 -> 0 | AL41: =AL42*AL43/1000 -> 0 | AM41: =AM42*AM43/1000 -> 0
M42: =M41 & ".P" -> OXCLAL18.P | N42: Цена за единицу | O42: руб./ед. | AK42: =IF(AK43=0,0,AK41*1000/AK43) -> 0
M43: =M41 & ".V" -> OXCLAL18.V | N43: Объём | O43: ед. | AK43: =AL43+AM43 -> 0
M44: OXCLAL30 | N44: оксихлорид алюминия 30 % | O44: тыс.руб. | AK44: =AL44+AM44 -> 0 | AL44: =AL45*AL46/1000 -> 0 | AM44: =AM45*AM46/1000 -> 0
M45: =M44 & ".P" -> OXCLAL30.P | N45: Цена за единицу | O45: руб./ед. | AK45: =IF(AK46=0,0,AK44*1000/AK46) -> 0
M46: =M44 & ".V" -> OXCLAL30.V | N46: Объём | O46: ед. | AK46: =AL46+AM46 -> 0
M47: PLOXCLAL | N47: полиоксихлорид алюминия | O47: тыс.руб. | AK47: =AL47+AM47 -> 0 | AL47: =AL48*AL49/1000 -> 0 | AM47: =AM48*AM49/1000 -> 0
M48: =M47 & ".P" -> PLOXCLAL.P | N48: Цена за единицу | O48: руб./ед. | AK48: =IF(AK49=0,0,AK47*1000/AK49) -> 0
M49: =M47 & ".V" -> PLOXCLAL.V | N49: Объём | O49: ед. | AK49: =AL49+AM49 -> 0
M50: PLOXCLAL10 | N50: полиоксихлорид алюминия 10 % | O50: тыс.руб. | AK50: =AL50+AM50 -> 0 | AL50: =AL51*AL52/1000 -> 0 | AM50: =AM51*AM52/1000 -> 0
M51: =M50 & ".P" -> PLOXCLAL10.P | N51: Цена за единицу | O51: руб./ед. | AK51: =IF(AK52=0,0,AK50*1000/AK52) -> 0
M52: =M50 & ".V" -> PLOXCLAL10.V | N52: Объём | O52: ед. | AK52: =AL52+AM52 -> 0
M53: PLOXCLAL18 | N53: полиоксихлорид алюминия 18 % | O53: тыс.руб. | AK53: =AL53+AM53 -> 0 | AL53: =AL54*AL55/1000 -> 0 | AM53: =AM54*AM55/1000 -> 0
M54: =M53 & ".P" -> PLOXCLAL18.P | N54: Цена за единицу | O54: руб./ед. | AK54: =IF(AK55=0,0,AK53*1000/AK55) -> 0
M55: =M53 & ".V" -> PLOXCLAL18.V | N55: Объём | O55: ед. | AK55: =AL55+AM55 -> 0
M56: PLOXCLAL30 | N56: полиоксихлорид алюминия 30 % | O56: тыс.руб. | AK56: =AL56+AM56 -> 0 | AL56: =AL57*AL58/1000 -> 0 | AM56: =AM57*AM58/1000 -> 0
M57: =M56 & ".P" -> PLOXCLAL30.P | N57: Цена за единицу | O57: руб./ед. | AK57: =IF(AK58=0,0,AK56*1000/AK58) -> 0
M58: =M56 & ".V" -> PLOXCLAL30.V | N58: Объём | O58: ед. | AK58: =AL58+AM58 -> 0
M59: SFAL | N59: сульфат алюминия | O59: тыс.руб. | AK59: =AL59+AM59 -> 0 | AL59: =AL60*AL61/1000 -> 0 | AM59: =AM60*AM61/1000 -> 0
M60: =M59 & ".P" -> SFAL.P | N60: Цена за единицу | O60: руб./ед. | AK60: =IF(AK61=0,0,AK59*1000/AK61) -> 0
M61: =M59 & ".V" -> SFAL.V | N61: Объём | O61: ед. | AK61: =AL61+AM61 -> 0
M62: OTH | N62: прочие | O62: тыс.руб. | AK62: =AL62+AM62 -> 0
M64: FLOC | N64: Флокулянты | O64: тыс.руб. | AE64: =AF64+AG64 -> 0 | AF64: =SUMIF(ХВС.Р!$AO$65:$AO$91,ХВС.Р!$AO$64,ХВС.Р!AF$65:AF$91) -> 0 | AG64: =SUMIF(ХВС.Р!$AO$65:$AO$91,ХВС.Р!$AO$64,ХВС.Р!AG$65:AG$91) -> 0
M66: MGFLK | N66: Магнафлок | O66: тыс.руб. | AK66: =AL66+AM66 -> 0 | AL66: =AL67*AL68/1000 -> 0 | AM66: =AM67*AM68/1000 -> 0
M67: =M66 & ".P" -> MGFLK.P | N67: Цена за единицу | O67: руб./ед. | AK67: =IF(AK68=0,0,AK66*1000/AK68) -> 0
M68: =M66 & ".V" -> MGFLK.V | N68: Объём | O68: ед. | AK68: =AL68+AM68 -> 0
M69: PRSTL | N69: Праестол | O69: тыс.руб. | AK69: =AL69+AM69 -> 0 | AL69: =AL70*AL71/1000 -> 0 | AM69: =AM70*AM71/1000 -> 0
M70: =M69 & ".P" -> PRSTL.P | N70: Цена за единицу | O70: руб./ед. | AK70: =IF(AK71=0,0,AK69*1000/AK71) -> 0
M71: =M69 & ".V" -> PRSTL.V | N71: Объём | O71: ед. | AK71: =AL71+AM71 -> 0
M72: PRSTL853 | N72: Праестол 853 BC | O72: тыс.руб. | AK72: =AL72+AM72 -> 0 | AL72: =AL73*AL74/1000 -> 0 | AM72: =AM73*AM74/1000 -> 0
M73: =M72 & ".P" -> PRSTL853.P | N73: Цена за единицу | O73: руб./ед. | AK73: =IF(AK74=0,0,AK72*1000/AK74) -> 0
M74: =M72 & ".V" -> PRSTL853.V | N74: Объём | O74: ед. | AK74: =AL74+AM74 -> 0
M75: PRSTL650 | N75: Праестол 650 BC | O75: тыс.руб. | AK75: =AL75+AM75 -> 0 | AL75: =AL76*AL77/1000 -> 0 | AM75: =AM76*AM77/1000 -> 0
M76: =M75 & ".P" -> PRSTL650.P | N76: Цена за единицу | O76: руб./ед. | AK76: =IF(AK77=0,0,AK75*1000/AK77) -> 0
M77: =M75 & ".V" -> PRSTL650.V | N77: Объём | O77: ед. | AK77: =AL77+AM77 -> 0
M78: PRSTL2515 | N78: Праестол 2515 TR | O78: тыс.руб. | AK78: =AL78+AM78 -> 0 | AL78: =AL79*AL80/1000 -> 0 | AM78: =AM79*AM80/1000 -> 0
M79: =M78 & ".P" -> PRSTL2515.P | N79: Цена за единицу | O79: руб./ед. | AK79: =IF(AK80=0,0,AK78*1000/AK80) -> 0
M80: =M78 & ".V" -> PRSTL2515.V | N80: Объём | O80: ед. | AK80: =AL80+AM80 -> 0
M81: GRLIFEK47 | N81: Гринлайф К 47 | O81: тыс.руб. | AK81: =AL81+AM81 -> 0 | AL81: =AL82*AL83/1000 -> 0 | AM81: =AM82*AM83/1000 -> 0
M82: =M81 & ".P" -> GRLIFEK47.P | N82: Цена за единицу | O82: руб./ед. | AK82: =IF(AK83=0,0,AK81*1000/AK83) -> 0
M83: =M81 & ".V" -> GRLIFEK47.V | N83: Объём | O83: ед. | AK83: =AL83+AM83 -> 0
M84: GRLIFEK41 | N84: Гринлайф К 41 | O84: тыс.руб. | AK84: =AL84+AM84 -> 0 | AL84: =AL85*AL86/1000 -> 0 | AM84: =AM85*AM86/1000 -> 0
M85: =M84 & ".P" -> GRLIFEK41.P | N85: Цена за единицу | O85: руб./ед. | AK85: =IF(AK86=0,0,AK84*1000/AK86) -> 0
M86: =M84 & ".V" -> GRLIFEK41.V | N86: Объём | O86: ед. | AK86: =AL86+AM86 -> 0
M87: GRLIFEA10PV | N87: Гринлайф А 10 ПВ | O87: тыс.руб. | AK87: =AL87+AM87 -> 0 | AL87: =AL88*AL89/1000 -> 0 | AM87: =AM88*AM89/1000 -> 0
M88: =M87 & ".P" -> GRLIFEA10PV.P | N88: Цена за единицу | O88: руб./ед. | AK88: =IF(AK89=0,0,AK87*1000/AK89) -> 0
M89: =M87 & ".V" -> GRLIFEA10PV.V | N89: Объём | O89: ед. | AK89: =AL89+AM89 -> 0
M90: OTH | N90: прочие | O90: тыс.руб. | AK90: =AL90+AM90 -> 0
M92: REAG | N92: Реагенты | O92: тыс.руб. | AE92: =AF92+AG92 -> 0 | AF92: =SUMIF(ХВС.Р!$AO$93:$AO$344,ХВС.Р!$AO$92,ХВС.Р!AF$93:AF$344) -> 0 | AG92: =SUMIF(ХВС.Р!$AO$93:$AO$344,ХВС.Р!$AO$92,ХВС.Р!AG$93:AG$344) -> 0
M94: AGRP | N94: агар питательный | O94: тыс.руб. | AK94: =AL94+AM94 -> 0 | AL94: =AL95*AL96/1000 -> 0 | AM94: =AM95*AM96/1000 -> 0
M95: =M94 & ".P" -> AGRP.P | N95: Цена за единицу | O95: руб./ед. | AK95: =IF(AK96=0,0,AK94*1000/AK96) -> 0
M96: =M94 & ".V" -> AGRP.V | N96: Объём | O96: ед. | AK96: =AL96+AM96 -> 0
M97: AGRE | N97: агар Эндо | O97: тыс.руб. | AK97: =AL97+AM97 -> 0 | AL97: =AL98*AL99/1000 -> 0 | AM97: =AM98*AM99/1000 -> 0
M98: =M97 & ".P" -> AGRE.P | N98: Цена за единицу | O98: руб./ед. | AK98: =IF(AK99=0,0,AK97*1000/AK99) -> 0
M99: =M97 & ".V" -> AGRE.V | N99: Объём | O99: ед. | AK99: =AL99+AM99 -> 0
M100: ALOX | N100: алюминий окись | O100: тыс.руб. | AK100: =AL100+AM100 -> 0 | AL100: =AL101*AL102/1000 -> 0 | AM100: =AM101*AM102/1000 -> 0
M101: =M100 & ".P" -> ALOX.P | N101: Цена за единицу | O101: руб./ед. | AK101: =IF(AK102=0,0,AK100*1000/AK102) -> 0
M102: =M100 & ".V" -> ALOX.V | N102: Объём | O102: ед. | AK102: =AL102+AM102 -> 0
M103: ALS | N103: алюминий сернокислый | O103: тыс.руб. | AK103: =AL103+AM103 -> 0 | AL103: =AL104*AL105/1000 -> 0 | AM103: =AM104*AM105/1000 -> 0
M104: =M103 & ".P" -> ALS.P | N104: Цена за единицу | O104: руб./ед. | AK104: =IF(AK105=0,0,AK103*1000/AK105) -> 0
M105: =M103 & ".V" -> ALS.V | N105: Объём | O105: ед. | AK105: =AL105+AM105 -> 0
M106: AM | N106: аммиак | O106: тыс.руб. | AK106: =AL106+AM106 -> 0 | AL106: =AL107*AL108/1000 -> 0 | AM106: =AM107*AM108/1000 -> 0
M107: =M106 & ".P" -> AM.P | N107: Цена за единицу | O107: руб./ед. | AK107: =IF(AK108=0,0,AK106*1000/AK108) -> 0
M108: =M106 & ".V" -> AM.V | N108: Объём | O108: ед. | AK108: =AL108+AM108 -> 0
M109: AMW | N109: аммиачная вода | O109: тыс.руб. | AK109: =AL109+AM109 -> 0 | AL109: =AL110*AL111/1000 -> 0 | AM109: =AM110*AM111/1000 -> 0
M110: =M109 & ".P" -> AMW.P | N110: Цена за единицу | O110: руб./ед. | AK110: =IF(AK111=0,0,AK109*1000/AK111) -> 0
M111: =M109 & ".V" -> AMW.V | N111: Объём | O111: ед. | AK111: =AL111+AM111 -> 0
M112: AMN | N112: аммоний | O112: тыс.руб. | AK112: =AL112+AM112 -> 0 | AL112: =AL113*AL114/1000 -> 0 | AM112: =AM113*AM114/1000 -> 0
M113: =M112 & ".P" -> AMN.P | N113: Цена за единицу | O113: руб./ед. | AK113: =IF(AK114=0,0,AK112*1000/AK114) -> 0
M114: =M112 & ".V" -> AMN.V | N114: Объём | O114: ед. | AK114: =AL114+AM114 -> 0
M115: AMNCL | N115: аммоний хлористый | O115: тыс.руб. | AK115: =AL115+AM115 -> 0 | AL115: =AL116*AL117/1000 -> 0 | AM115: =AM116*AM117/1000 -> 0
M116: =M115 & ".P" -> AMNCL.P | N116: Цена за единицу | O116: руб./ед. | AK116: =IF(AK117=0,0,AK115*1000/AK117) -> 0
M117: =M115 & ".V" -> AMNCL.V | N117: Объём | O117: ед. | AK117: =AL117+AM117 -> 0
...

Sheet VOTV_CALC_TECH_VERTICAL
AB2: VOTV_CALC_ADD_RANGE
AB6: 12 | AC6: 6 | AD6: 6
AB9: Y | AC9: I | AD9: II
AB13: Год | AC13: I полугодие | AD13: II полугодие
AB15: =AB17 & "_" & AB9 -> 0_Y | AC15: =AC17 & "_" & AC9 -> 0_I | AD15: =AD17 & "_" & AD9 -> 0_II
AB17: =AB19 -> 0 | AC17: =AB19 -> 0 | AD17: =AB19 -> 0
AB18: Удалить
M19: № п/п | N19: Наименование показателя | O19: Единица измерения
N21: Является ли организация плательщиком НДС | AH21: VOTV_CALC_EMPTY_BASE_RANGE
N22: =IF(CALC_IDENTIFIER="","",CALC_IDENTIFIER) | AH22: VOTV_CALC_SINGLE_BASE_RANGE
M23: 1 | N23: Производственные расходы | O23: тыс.руб. | AE23: =AF23+AG23 -> 0 | AF23: =SUM(AF24,AF28,AF106,AF107,AF120,AF121,AF122,AF127) -> 0 | AG23: =SUM(AG24,AG28,AG106,AG107,AG120,AG121,AG122,AG127) -> 0
M24: 1.1 | N24: Расходы на приобретение сырья и материалов и их хранение | O24: тыс.руб. | AE24: =AF24+AG24 -> 0 | AF24: =SUM(AF25,AF26,AF27) -> 0 | AG24: =SUM(AG25,AG26,AG27) -> 0
M25: 1.1.1 | N25: Реагенты | O25: тыс.руб. | AE25: =AF25+AG25 -> 0 | AF25: =ВО.Р!AF$25 -> 0 | AG25: =ВО.Р!AG$25 -> 0
M26: 1.1.2 | N26: Горюче-смазочные материалы | O26: тыс.руб. | AE26: =AF26+AG26 -> 0
M27: 1.1.3 | N27: Материалы и малоценные основные средства | O27: тыс.руб. | AE27: =AF27+AG27 -> 0
M28: 1.2 | N28: Расходы на энергетические ресурсы и холодную воду | O28: тыс.руб. | AE28: =AF28+AG28 -> 0 | AF28: =SUM(AF29,AF89,AF90,AF91,AF96) -> 0 | AG28: =SUM(AG29,AG89,AG90,AG91,AG96) -> 0
M29: 1.2.1 | N29: электроэнергия | O29: тыс.руб. | AE29: =AF29+AG29 -> 0 | AF29: =SUM(AF71,AF83,AF77) -> 0 | AG29: =SUM(AG71,AG83,AG77) -> 0
M30: 1.2.1.1 | N30: Объём покупной энергии
M31: 1.2.1.1.1 | N31: Объём покупной энергии по одноставочному тарифу | O31: тыс.кВт*ч | AE31: =SUM(AE32:AE36) -> 0 | AF31: =SUM(AF32:AF36) -> 0 | AG31: =SUM(AG32:AG36) -> 0
M32: 1.2.1.1.1.1 | N32: НН | O32: тыс.кВт*ч | AE32: =AF32+AG32 -> 0
M33: 1.2.1.1.1.2 | N33: СН1 | O33: тыс.кВт*ч | AE33: =AF33+AG33 -> 0
M34: 1.2.1.1.1.3 | N34: СН2 | O34: тыс.кВт*ч | AE34: =AF34+AG34 -> 0
M35: 1.2.1.1.1.4 | N35: ВН | O35: тыс.кВт*ч | AE35: =AF35+AG35 -> 0
M36: 1.2.1.1.1.5 | N36: без разбивки по напряжению | O36: тыс.кВт*ч | AE36: =AF36+AG36 -> 0
M37: 1.2.1.1.2 | N37: Объём покупной электроэнергии по двухставочному тарифу
M38: 1.2.1.1.2.1 | N38: Мощность | O38: МВт*мес | AE38: =SUM(AE39:AE43) -> 0 | AF38: =SUM(AF39:AF43) -> 0 | AG38: =SUM(AG39:AG43) -> 0
M39: 1.2.1.1.2.1.1 | N39: НН | O39: МВт*мес | AE39: =AF39+AG39 -> 0
M40: 1.2.1.1.2.1.2 | N40: СН1 | O40: МВт*мес | AE40: =AF40+AG40 -> 0
M41: 1.2.1.1.2.1.3 | N41: СН2 | O41: МВт*мес | AE41: =AF41+AG41 -> 0
M42: 1.2.1.1.2.1.4 | N42: ВН | O42: МВт*мес | AE42: =AF42+AG42 -> 0
M43: 1.2.1.1.2.1.5 | N43: ГН | O43: МВт*мес | AE43: =AF43+AG43 -> 0
M44: 1.2.1.1.2.2 | N44: Активная электроэнергия | O44: тыс.кВт*ч | AE44: =SUM(AE45:AE49) -> 0 | AF44: =SUM(AF45:AF49) -> 0 | AG44: =SUM(AG45:AG49) -> 0
M45: 1.2.1.1.2.2.1 | N45: НН | O45: тыс.кВт*ч | AE45: =AF45+AG45 -> 0
M46: 1.2.1.1.2.2.2 | N46: СН1 | O46: тыс.кВт*ч | AE46: =AF46+AG46 -> 0
M47: 1.2.1.1.2.2.3 | N47: СН2 | O47: тыс.кВт*ч | AE47: =AF47+AG47 -> 0
M48: 1.2.1.1.2.2.4 | N48: ВН | O48: тыс.кВт*ч | AE48: =AF48+AG48 -> 0
M49: 1.2.1.1.2.2.5 | N49: ГН | O49: тыс.кВт*ч | AE49: =AF49+AG49 -> 0
M50: 1.2.1.2 | N50: Тариф на электроэнергию и мощность
M51: 1.2.1.2.1 | N51: по одноставочному тарифу
M52: 1.2.1.2.1.1 | N52: НН | O52: руб./кВт*ч | AE52: =IF(AE32=0,0,AE72/AE32) -> 0
M53: 1.2.1.2.1.2 | N53: СН1 | O53: руб./кВт*ч | AE53: =IF(AE33=0,0,AE73/AE33) -> 0
M54: 1.2.1.2.1.3 | N54: СН2 | O54: руб./кВт*ч | AE54: =IF(AE34=0,0,AE74/AE34) -> 0
M55: 1.2.1.2.1.4 | N55: ВН | O55: руб./кВт*ч | AE55: =IF(AE35=0,0,AE75/AE35) -> 0
M56: 1.2.1.2.1.5 | N56: без разбивки по напряжению | O56: руб./кВт*ч | AE56: =IF(AE36=0,0,AE76/AE36) -> 0
M57: 1.2.1.2.1.6 | N57: Средний одноставочный тариф на электрическую энергию | O57: руб./кВт*ч | AE57: =IF(AE31=0,0,AE71/AE31) -> 0 | AF57: =IF(AF31=0,0,AF71/AF31) -> 0 | AG57: =IF(AG31=0,0,AG71/AG31) -> 0
M58: 1.2.1.2.2 | N58: по двухставочному тарифу
M59: 1.2.1.2.2.1 | N59: ставка за мощность | O59: руб./МВт*мес | AE59: =IF(AE38=0,0,(AE60*AE39+AE61*AE40+AE62*AE41+AE63*AE42+AE64*AE43)/AE38) -> 0 | AF59: =IF(AF38=0,0,(AF60*AF39+AF61*AF40+AF62*AF41+AF63*AF42+AF64*AF43)/AF38) -> 0 | AG59: =IF(AG38=0,0,(AG60*AG39+AG61*AG40+AG62*AG41+AG63*AG42+AG64*AG43)/AG38) -> 0
M60: 1.2.1.2.2.1.1 | N60: НН | O60: руб./МВт*мес | AE60: =IF(AE39=0,0,AE78*1000/AE39) -> 0
M61: 1.2.1.2.2.1.2 | N61: СН1 | O61: руб./МВт*мес | AE61: =IF(AE40=0,0,AE79*1000/AE40) -> 0
M62: 1.2.1.2.2.1.3 | N62: СН2 | O62: руб./МВт*мес | AE62: =IF(AE41=0,0,AE80*1000/AE41) -> 0
M63: 1.2.1.2.2.1.4 | N63: ВН | O63: руб./МВт*мес | AE63: =IF(AE42=0,0,AE81*1000/AE42) -> 0
M64: 1.2.1.2.2.1.5 | N64: ГН | O64: руб./МВт*мес | AE64: =IF(AE43=0,0,AE82*1000/AE43) -> 0
M65: 1.2.1.2.2.2 | N65: ставка за электроэнергию | O65: руб./кВт*ч | AE65: =IF(AE44=0,0,(AE66*AE45+AE67*AE46+AE68*AE47+AE69*AE48+AE70*AE49)/AE44) -> 0 | AF65: =IF(AF44=0,0,(AF66*AF45+AF67*AF46+AF68*AF47+AF69*AF48+AF70*AF49)/AF44) -> 0 | AG65: =IF(AG44=0,0,(AG66*AG45+AG67*AG46+AG68*AG47+AG69*AG48+AG70*AG49)/AG44) -> 0
M66: 1.2.1.2.2.2.1 | N66: НН | O66: руб./кВт*ч | AE66: =IF(AE45=0,0,AE84/AE45) -> 0
M67: 1.2.1.2.2.2.2 | N67: СН1 | O67: руб./кВт*ч | AE67: =IF(AE46=0,0,AE85/AE46) -> 0
M68: 1.2.1.2.2.2.3 | N68: СН2 | O68: руб./кВт*ч | AE68: =IF(AE47=0,0,AE86/AE47) -> 0
M69: 1.2.1.2.2.2.4 | N69: ВН | O69: руб./кВт*ч | AE69: =IF(AE48=0,0,AE87/AE48) -> 0
M70: 1.2.1.2.2.2.5 | N70: ГН | O70: руб./кВт*ч | AE70: =IF(AE49=0,0,AE88/AE49) -> 0
M71: 1.2.1.3 | N71: Затраты на покупку энергии по одноставочному тарифу | O71: тыс.руб. | AE71: =AF71+AG71 -> 0 | AF71: =SUM(AF72:AF76) -> 0 | AG71: =SUM(AG72:AG76) -> 0
M72: 1.2.1.3.1 | N72: НН | O72: тыс.руб. | AE72: =AF72+AG72 -> 0 | AF72: =AF32*AF52 -> 0 | AG72: =AG32*AG52 -> 0
M73: 1.2.1.3.2 | N73: СН1 | O73: тыс.руб. | AE73: =AF73+AG73 -> 0 | AF73: =AF33*AF53 -> 0 | AG73: =AG33*AG53 -> 0
M74: 1.2.1.3.3 | N74: СН2 | O74: тыс.руб. | AE74: =AF74+AG74 -> 0 | AF74: =AF34*AF54 -> 0 | AG74: =AG34*AG54 -> 0
M75: 1.2.1.3.4 | N75: ВН | O75: тыс.руб. | AE75: =AF75+AG75 -> 0 | AF75: =AF35*AF55 -> 0 | AG75: =AG35*AG55 -> 0
M76: 1.2.1.3.5 | N76: без разбивки по напряжению | O76: тыс.руб. | AE76: =AF76+AG76 -> 0 | AF76: =AF36*AF56 -> 0 | AG76: =AG36*AG56 -> 0
M77: 1.2.1.4 | N77: Затраты на покупку мощности по двухставочному тарифу | O77: тыс.руб. | AE77: =AF77+AG77 -> 0 | AF77: =SUM(AF78:AF82) -> 0 | AG77: =SUM(AG78:AG82) -> 0
M78: 1.2.1.4.1 | N78: НН | O78: тыс.руб. | AE78: =AF78+AG78 -> 0 | AF78: =AF39*AF60/1000 -> 0 | AG78: =AG39*AG60/1000 -> 0
M79: 1.2.1.4.2 | N79: СН1 | O79: тыс.руб. | AE79: =AF79+AG79 -> 0 | AF79: =AF40*AF61/1000 -> 0 | AG79: =AG40*AG61/1000 -> 0
M80: 1.2.1.4.3 | N80: СН2 | O80: тыс.руб. | AE80: =AF80+AG80 -> 0 | AF80: =AF41*AF62/1000 -> 0 | AG80: =AG41*AG62/1000 -> 0
M81: 1.2.1.4.4 | N81: ВН | O81: тыс.руб. | AE81: =AF81+AG81 -> 0 | AF81: =AF42*AF63/1000 -> 0 | AG81: =AG42*AG63/1000 -> 0
M82: 1.2.1.4.5 | N82: ГН | O82: тыс.руб. | AE82: =AF82+AG82 -> 0 | AF82: =AF43*AF64/1000 -> 0 | AG82: =AG43*AG64/1000 -> 0
M83: 1.2.1.5 | N83: Затраты на покупку энергии по двухставочному тарифу | O83: тыс.руб. | AE83: =AF83+AG83 -> 0 | AF83: =SUM(AF84:AF88) -> 0 | AG83: =SUM(AG84:AG88) -> 0
M84: 1.2.1.5.1 | N84: НН | O84: тыс.руб. | AE84: =AF84+AG84 -> 0 | AF84: =AF45*AF66 -> 0 | AG84: =AG45*AG66 -> 0
M85: 1.2.1.5.2 | N85: СН1 | O85: тыс.руб. | AE85: =AF85+AG85 -> 0 | AF85: =AF46*AF67 -> 0 | AG85: =AG46*AG67 -> 0
M86: 1.2.1.5.3 | N86: СН2 | O86: тыс.руб. | AE86: =AF86+AG86 -> 0 | AF86: =AF47*AF68 -> 0 | AG86: =AG47*AG68 -> 0
M87: 1.2.1.5.4 | N87: ВН | O87: тыс.руб. | AE87: =AF87+AG87 -> 0 | AF87: =AF48*AF69 -> 0 | AG87: =AG48*AG69 -> 0
M88: 1.2.1.5.5 | N88: ГН | O88: тыс.руб. | AE88: =AF88+AG88 -> 0 | AF88: =AF49*AF70 -> 0 | AG88: =AG49*AG70 -> 0
M89: 1.2.2 | N89: теплоэнергия | O89: тыс.руб. | AE89: =AF89+AG89 -> 0
M90: 1.2.3 | N90: теплоноситель | O90: тыс.руб. | AE90: =AF90+AG90 -> 0
M91: 1.2.4 | N91: топливо | O91: тыс.руб. | AE91: =AF91+AG91 -> 0
M96: 1.2.5 | N96: холодная вода | O96: тыс.руб. | AE96: =AF96+AG96 -> 0 | AF96: =AF97*AF98 -> 0 | AG96: =AG97*AG98 -> 0
M97: 1.2.5.1 | N97: цена | O97: руб./куб.м | AE97: =IF(AE98=0,0,AE96/AE98) -> 0
M98: 1.2.5.2 | N98: объём | O98: тыс.куб.м | AE98: =AF98+AG98 -> 0
M106: 1.3 | N106: Расходы на оплату работ и услуг, выполняемые сторонними организациями и индивидуальными предпринимателями, связанные с эксплуатацией централизованных систем либо объектов в составе таких систем | O106: тыс.руб. | AE106: =AF106+AG106 -> 0
M107: 1.4 | N107: Расходы на оплату труда и отчисления на социальные нужды основного производственного персонала, в том числе налоги и сборы | O107: тыс.руб. | AE107: =AF107+AG107 -> 0 | AF107: =SUM(AF108,AF119) -> 0 | AG107: =SUM(AG108,AG119) -> 0
M108: 1.4.1 | N108: Расходы на оплату труда производственного персонала | O108: тыс.руб. | AE108: =AF108+AG108 -> 0
M109: 1.4.1.1 | N109: Численность (среднесписочная), принятая для расчёта | O109: ед.
M110: 1.4.1.2 | N110: Среднемесячная оплата труда основного производственного персонала | O110: руб./мес. | AE110: =IF(AE109=0,0,AE108/AE109*1000/AE$6) -> 0 | AF110: =IF(AF109=0,0,AF108/AF109*1000/AF$6) -> 0 | AG110: =IF(AG109=0,0,AG108/AG109*1000/AG$6) -> 0
M111: 1.4.1.3 | N111: Фактическая численность основного производственного персонала, относимого на регулируемый вид деятельности | O111: ед.
M112: 1.4.1.4 | N112: Справочно: нормативная численность основного производственного персонала, относимого на регулируемый вид деятельности | O112: ед.
M113: 1.4.1.5 | N113: Тарифная ставка рабочего 1-го разряда | O113: руб./мес.
M114: 1.4.1.6 | N114: Индекс роста номинальной заработной платы
M115: 1.4.1.7 | N115: Тарифная ставка рабочего 1-го разряда с учётом дефлятора | O115: руб./мес.
M116: 1.4.1.8 | N116: Средний тарифный коэффициент
M117: 1.4.1.9 | N117: Среднемесячная тарифная ставка | O117: руб./мес.
M118: 1.4.1.10 | N118: Минимальный размер оплаты труда по отраслевому тарифному соглашению | O118: руб./мес.
M119: 1.4.2 | N119: Отчисления на социальные нужды производственного персонала, в том числе налоги и сборы | O119: тыс.руб. | AE119: =AF119+AG119 -> 0
M120: 1.5 | N120: Расходы на уплату процентов по займам и кредитам, не учитываемые при определении налогооблагаемой базы налога на прибыль | O120: тыс.руб. | AE120: =AF120+AG120 -> 0
M121: 1.6 | N121: Общехозяйственные расходы | O121: тыс.руб. | AE121: =AF121+AG121 -> 0
M122: 1.7 | N122: Прочие производственные расходы | O122: тыс.руб. | AE122: =AF122+AG122 -> 0 | AF122: =SUM(AF123:AF126) -> 0 | AG122: =SUM(AG123:AG126) -> 0
M123: 1.7.1 | N123: Расходы на амортизацию транспорта | O123: тыс.руб. | AE123: =AF123+AG123 -> 0
...

Sheet VOTV_REAGENT_TECH_VERTICAL
AB2: VOTV_REAGENT_ADD_RANGE
AB6: 12 | AC6: 6 | AD6: 6
AB9: Y | AC9: I | AD9: II
AB13: Год | AC13: I полугодие | AD13: II полугодие
AK14: VOTV_REAGENT_EMPTY_BASE_RANGE
AB15: =AB17 & "_" & AB9 -> 0_Y | AC15: =AC17 & "_" & AC9 -> 0_I | AD15: =AD17 & "_" & AD9 -> 0_II | AK15: VOTV_REAGENT_SINGLE_BASE_RANGE
AK16: VOTV_REAGENT_TEMPLATE_RANGE
AB17: =AB19 -> 0 | AC17: =AB19 -> 0 | AD17: =AB19 -> 0 | AK17: VOTV_REAGENT_EMPTY_TEMPLATE_RANGE
AB18: Удалить | AK18: VOTV_REAGENT_ONE_RANGE
M19: № п/п | N19: Наименование показателя | O19: Единица измерения | AK19: VOTV_REAGENT_NO_ONE_RANGE
AK20: VOTV_REAGENT_OTH_RANGE
N21: Является ли организация плательщиком НДС | AK21: VOTV_REAGENT_NO_OTH_RANGE
N22: =IF(CALC_IDENTIFIER="","",CALC_IDENTIFIER)
M25: 1.1.1 | N25: Итого | O25: тыс.руб. | AE25: =AF25+AG25 -> 0 | AF25: =SUM(AF27,AF64,AF92,AF346) -> 0 | AG25: =SUM(AG27,AG64,AG92,AG346) -> 0
M27: COAG | N27: Коагулянты | O27: тыс.руб. | AE27: =AF27+AG27 -> 0 | AF27: =SUMIF(ВО.Р!$AO$28:$AO$63,ВО.Р!$AO$27,ВО.Р!AF$28:AF$63) -> 0 | AG27: =SUMIF(ВО.Р!$AO$28:$AO$63,ВО.Р!$AO$27,ВО.Р!AG$28:AG$63) -> 0
M29: HDSFAL | N29: гидроксохлоросульфат алюминия (коагулянт смешанного типа) | O29: тыс.руб. | AK29: =AL29+AM29 -> 0 | AL29: =AL30*AL31/1000 -> 0 | AM29: =AM30*AM31/1000 -> 0
M30: =M29 & ".P" -> HDSFAL.P | N30: Цена за единицу | O30: руб./ед. | AK30: =IF(AK31=0,0,AK29*1000/AK31) -> 0
M31: =M29 & ".V" -> HDSFAL.V | N31: Объём | O31: ед. | AK31: =AL31+AM31 -> 0
M32: FES | N32: железный купорос | O32: тыс.руб. | AK32: =AL32+AM32 -> 0 | AL32: =AL33*AL34/1000 -> 0 | AM32: =AM33*AM34/1000 -> 0
M33: =M32 & ".P" -> FES.P | N33: Цена за единицу | O33: руб./ед. | AK33: =IF(AK34=0,0,AK32*1000/AK34) -> 0
M34: =M32 & ".V" -> FES.V | N34: Объём | O34: ед. | AK34: =AL34+AM34 -> 0
M35: OXCLAL | N35: оксихлорид алюминия | O35: тыс.руб. | AK35: =AL35+AM35 -> 0 | AL35: =AL36*AL37/1000 -> 0 | AM35: =AM36*AM37/1000 -> 0
M36: =M35 & ".P" -> OXCLAL.P | N36: Цена за единицу | O36: руб./ед. | AK36: =IF(AK37=0,0,AK35*1000/AK37) -> 0
M37: =M35 & ".V" -> OXCLAL.V | N37: Объём | O37: ед. | AK37: =AL37+AM37 -> 0
M38: OXCLAL10 | N38: оксихлорид алюминия 10 % | O38: тыс.руб. | AK38: =AL38+AM38 -> 0 | AL38: =AL39*AL40/1000 -> 0 | AM38: =AM39*AM40/1000 -> 0
M39: =M38 & ".P" -> OXCLAL10.P | N39: Цена за единицу | O39: руб./ед. | AK39: =IF(AK40=0,0,AK38*1000/AK40) -> 0
M40: =M38 & ".V" -> OXCLAL10.V | N40: Объём | O40: ед. | AK40: =AL40+AM40 -> 0
M41: OXCLAL18 | N41: оксихлорид алюминия 18 % | O41: тыс.руб. | AK41: =AL41+AM41 -> 0 | AL41: =AL42*AL43/1000 -> 0 | AM41: =AM42*AM43/1000 -> 0
M42: =M41 & ".P" -> OXCLAL18.P | N42: Цена за единицу | O42: руб./ед. | AK42: =IF(AK43=0,0,AK41*1000/AK43) -> 0
M43: =M41 & ".V" -> OXCLAL18.V | N43: Объём | O43: ед. | AK43: =AL43+AM43 -> 0
M44: OXCLAL30 | N44: оксихлорид алюминия 30 % | O44: тыс.руб. | AK44: =AL44+AM44 -> 0 | AL44: =AL45*AL46/1000 -> 0 | AM44: =AM45*AM46/1000 -> 0
M45: =M44 & ".P" -> OXCLAL30.P | N45: Цена за единицу | O45: руб./ед. | AK45: =IF(AK46=0,0,AK44*1000/AK46) -> 0
M46: =M44 & ".V" -> OXCLAL30.V | N46: Объём | O46: ед. | AK46: =AL46+AM46 -> 0
M47: PLOXCLAL | N47: полиоксихлорид алюминия | O47: тыс.руб. | AK47: =AL47+AM47 -> 0 | AL47: =AL48*AL49/1000 -> 0 | AM47: =AM48*AM49/1000 -> 0
M48: =M47 & ".P" -> PLOXCLAL.P | N48: Цена за единицу | O48: руб./ед. | AK48: =IF(AK49=0,0,AK47*1000/AK49) -> 0
M49: =M47 & ".V" -> PLOXCLAL.V | N49: Объём | O49: ед. | AK49: =AL49+AM49 -> 0
M50: PLOXCLAL10 | N50: полиоксихлорид алюминия 10 % | O50: тыс.руб. | AK50: =AL50+AM50 -> 0 | AL50: =AL51*AL52/1000 -> 0 | AM50: =AM51*AM52/1000 -> 0
M51: =M50 & ".P" -> PLOXCLAL10.P | N51: Цена за единицу | O51: руб./ед. | AK51: =IF(AK52=0,0,AK50*1000/AK52) -> 0
M52: =M50 & ".V" -> PLOXCLAL10.V | N52: Объём | O52: ед. | AK52: =AL52+AM52 -> 0
M53: PLOXCLAL18 | N53: полиоксихлорид алюминия 18 % | O53: тыс.руб. | AK53: =AL53+AM53 -> 0 | AL53: =AL54*AL55/1000 -> 0 | AM53: =AM54*AM55/1000 -> 0
M54: =M53 & ".P" -> PLOXCLAL18.P | N54: Цена за единицу | O54: руб./ед. | AK54: =IF(AK55=0,0,AK53*1000/AK55) -> 0
M55: =M53 & ".V" -> PLOXCLAL18.V | N55: Объём | O55: ед. | AK55: =AL55+AM55 -> 0
M56: PLOXCLAL30 | N56: полиоксихлорид алюминия 30 % | O56: тыс.руб. | AK56: =AL56+AM56 -> 0 | AL56: =AL57*AL58/1000 -> 0 | AM56: =AM57*AM58/1000 -> 0
M57: =M56 & ".P" -> PLOXCLAL30.P | N57: Цена за единицу | O57: руб./ед. | AK57: =IF(AK58=0,0,AK56*1000/AK58) -> 0
M58: =M56 & ".V" -> PLOXCLAL30.V | N58: Объём | O58: ед. | AK58: =AL58+AM58 -> 0
M59: SFAL | N59: сульфат алюминия | O59: тыс.руб. | AK59: =AL59+AM59 -> 0 | AL59: =AL60*AL61/1000 -> 0 | AM59: =AM60*AM61/1000 -> 0
M60: =M59 & ".P" -> SFAL.P | N60: Цена за единицу | O60: руб./ед. | AK60: =IF(AK61=0,0,AK59*1000/AK61) -> 0
M61: =M59 & ".V" -> SFAL.V | N61: Объём | O61: ед. | AK61: =AL61+AM61 -> 0
M62: OTH | N62: прочие | O62: тыс.руб. | AK62: =AL62+AM62 -> 0
M64: FLOC | N64: Флокулянты | O64: тыс.руб. | AE64: =AF64+AG64 -> 0 | AF64: =SUMIF(ВО.Р!$AO$65:$AO$91,ВО.Р!$AO$64,ВО.Р!AF$65:AF$91) -> 0 | AG64: =SUMIF(ВО.Р!$AO$65:$AO$91,ВО.Р!$AO$64,ВО.Р!AG$65:AG$91) -> 0
M66: MGFLK | N66: Магнафлок | O66: тыс.руб. | AK66: =AL66+AM66 -> 0 | AL66: =AL67*AL68/1000 -> 0 | AM66: =AM67*AM68/1000 -> 0
M67: =M66 & ".P" -> MGFLK.P | N67: Цена за единицу | O67: руб./ед. | AK67: =IF(AK68=0,0,AK66*1000/AK68) -> 0
M68: =M66 & ".V" -> MGFLK.V | N68: Объём | O68: ед. | AK68: =AL68+AM68 -> 0
M69: PRSTL | N69: Праестол | O69: тыс.руб. | AK69: =AL69+AM69 -> 0 | AL69: =AL70*AL71/1000 -> 0 | AM69: =AM70*AM71/1000 -> 0
M70: =M69 & ".P" -> PRSTL.P | N70: Цена за единицу | O70: руб./ед. | AK70: =IF(AK71=0,0,AK69*1000/AK71) -> 0
M71: =M69 & ".V" -> PRSTL.V | N71: Объём | O71: ед. | AK71: =AL71+AM71 -> 0
M72: PRSTL853 | N72: Праестол 853 BC | O72: тыс.руб. | AK72: =AL72+AM72 -> 0 | AL72: =AL73*AL74/1000 -> 0 | AM72: =AM73*AM74/1000 -> 0
M73: =M72 & ".P" -> PRSTL853.P | N73: Цена за единицу | O73: руб./ед. | AK73: =IF(AK74=0,0,AK72*1000/AK74) -> 0
M74: =M72 & ".V" -> PRSTL853.V | N74: Объём | O74: ед. | AK74: =AL74+AM74 -> 0
M75: PRSTL650 | N75: Праестол 650 BC | O75: тыс.руб. | AK75: =AL75+AM75 -> 0 | AL75: =AL76*AL77/1000 -> 0 | AM75: =AM76*AM77/1000 -> 0
M76: =M75 & ".P" -> PRSTL650.P | N76: Цена за единицу | O76: руб./ед. | AK76: =IF(AK77=0,0,AK75*1000/AK77) -> 0
M77: =M75 & ".V" -> PRSTL650.V | N77: Объём | O77: ед. | AK77: =AL77+AM77 -> 0
M78: PRSTL2515 | N78: Праестол 2515 TR | O78: тыс.руб. | AK78: =AL78+AM78 -> 0 | AL78: =AL79*AL80/1000 -> 0 | AM78: =AM79*AM80/1000 -> 0
M79: =M78 & ".P" -> PRSTL2515.P | N79: Цена за единицу | O79: руб./ед. | AK79: =IF(AK80=0,0,AK78*1000/AK80) -> 0
M80: =M78 & ".V" -> PRSTL2515.V | N80: Объём | O80: ед. | AK80: =AL80+AM80 -> 0
M81: GRLIFEK47 | N81: Гринлайф К 47 | O81: тыс.руб. | AK81: =AL81+AM81 -> 0 | AL81: =AL82*AL83/1000 -> 0 | AM81: =AM82*AM83/1000 -> 0
M82: =M81 & ".P" -> GRLIFEK47.P | N82: Цена за единицу | O82: руб./ед. | AK82: =IF(AK83=0,0,AK81*1000/AK83) -> 0
M83: =M81 & ".V" -> GRLIFEK47.V | N83: Объём | O83: ед. | AK83: =AL83+AM83 -> 0
M84: GRLIFEK41 | N84: Гринлайф К 41 | O84: тыс.руб. | AK84: =AL84+AM84 -> 0 | AL84: =AL85*AL86/1000 -> 0 | AM84: =AM85*AM86/1000 -> 0
M85: =M84 & ".P" -> GRLIFEK41.P | N85: Цена за единицу | O85: руб./ед. | AK85: =IF(AK86=0,0,AK84*1000/AK86) -> 0
M86: =M84 & ".V" -> GRLIFEK41.V | N86: Объём | O86: ед. | AK86: =AL86+AM86 -> 0
M87: GRLIFEA10PV | N87: Гринлайф А 10 ПВ | O87: тыс.руб. | AK87: =AL87+AM87 -> 0 | AL87: =AL88*AL89/1000 -> 0 | AM87: =AM88*AM89/1000 -> 0
M88: =M87 & ".P" -> GRLIFEA10PV.P | N88: Цена за единицу | O88: руб./ед. | AK88: =IF(AK89=0,0,AK87*1000/AK89) -> 0
M89: =M87 & ".V" -> GRLIFEA10PV.V | N89: Объём | O89: ед. | AK89: =AL89+AM89 -> 0
M90: OTH | N90: прочие | O90: тыс.руб. | AK90: =AL90+AM90 -> 0
M92: REAG | N92: Реагенты | O92: тыс.руб. | AE92: =AF92+AG92 -> 0 | AF92: =SUMIF(ВО.Р!$AO$93:$AO$344,ВО.Р!$AO$92,ВО.Р!AF$93:AF$344) -> 0 | AG92: =SUMIF(ВО.Р!$AO$93:$AO$344,ВО.Р!$AO$92,ВО.Р!AG$93:AG$344) -> 0
M94: AGRP | N94: агар питательный | O94: тыс.руб. | AK94: =AL94+AM94 -> 0 | AL94: =AL95*AL96/1000 -> 0 | AM94: =AM95*AM96/1000 -> 0
M95: =M94 & ".P" -> AGRP.P | N95: Цена за единицу | O95: руб./ед. | AK95: =IF(AK96=0,0,AK94*1000/AK96) -> 0
M96: =M94 & ".V" -> AGRP.V | N96: Объём | O96: ед. | AK96: =AL96+AM96 -> 0
M97: AGRE | N97: агар Эндо | O97: тыс.руб. | AK97: =AL97+AM97 -> 0 | AL97: =AL98*AL99/1000 -> 0 | AM97: =AM98*AM99/1000 -> 0
M98: =M97 & ".P" -> AGRE.P | N98: Цена за единицу | O98: руб./ед. | AK98: =IF(AK99=0,0,AK97*1000/AK99) -> 0
M99: =M97 & ".V" -> AGRE.V | N99: Объём | O99: ед. | AK99: =AL99+AM99 -> 0
M100: ALOX | N100: алюминий окись | O100: тыс.руб. | AK100: =AL100+AM100 -> 0 | AL100: =AL101*AL102/1000 -> 0 | AM100: =AM101*AM102/1000 -> 0
M101: =M100 & ".P" -> ALOX.P | N101: Цена за единицу | O101: руб./ед. | AK101: =IF(AK102=0,0,AK100*1000/AK102) -> 0
M102: =M100 & ".V" -> ALOX.V | N102: Объём | O102: ед. | AK102: =AL102+AM102 -> 0
M103: ALS | N103: алюминий сернокислый | O103: тыс.руб. | AK103: =AL103+AM103 -> 0 | AL103: =AL104*AL105/1000 -> 0 | AM103: =AM104*AM105/1000 -> 0
M104: =M103 & ".P" -> ALS.P | N104: Цена за единицу | O104: руб./ед. | AK104: =IF(AK105=0,0,AK103*1000/AK105) -> 0
M105: =M103 & ".V" -> ALS.V | N105: Объём | O105: ед. | AK105: =AL105+AM105 -> 0
M106: AM | N106: аммиак | O106: тыс.руб. | AK106: =AL106+AM106 -> 0 | AL106: =AL107*AL108/1000 -> 0 | AM106: =AM107*AM108/1000 -> 0
M107: =M106 & ".P" -> AM.P | N107: Цена за единицу | O107: руб./ед. | AK107: =IF(AK108=0,0,AK106*1000/AK108) -> 0
M108: =M106 & ".V" -> AM.V | N108: Объём | O108: ед. | AK108: =AL108+AM108 -> 0
M109: AMW | N109: аммиачная вода | O109: тыс.руб. | AK109: =AL109+AM109 -> 0 | AL109: =AL110*AL111/1000 -> 0 | AM109: =AM110*AM111/1000 -> 0
M110: =M109 & ".P" -> AMW.P | N110: Цена за единицу | O110: руб./ед. | AK110: =IF(AK111=0,0,AK109*1000/AK111) -> 0
M111: =M109 & ".V" -> AMW.V | N111: Объём | O111: ед. | AK111: =AL111+AM111 -> 0
M112: AMN | N112: аммоний | O112: тыс.руб. | AK112: =AL112+AM112 -> 0 | AL112: =AL113*AL114/1000 -> 0 | AM112: =AM113*AM114/1000 -> 0
M113: =M112 & ".P" -> AMN.P | N113: Цена за единицу | O113: руб./ед. | AK113: =IF(AK114=0,0,AK112*1000/AK114) -> 0
M114: =M112 & ".V" -> AMN.V | N114: Объём | O114: ед. | AK114: =AL114+AM114 -> 0
M115: AMNCL | N115: аммоний хлористый | O115: тыс.руб. | AK115: =AL115+AM115 -> 0 | AL115: =AL116*AL117/1000 -> 0 | AM115: =AM116*AM117/1000 -> 0
M116: =M115 & ".P" -> AMNCL.P | N116: Цена за единицу | O116: руб./ед. | AK116: =IF(AK117=0,0,AK115*1000/AK117) -> 0
M117: =M115 & ".V" -> AMNCL.V | N117: Объём | O117: ед. | AK117: =AL117+AM117 -> 0
...

Sheet REESTR_ORG
A1: № | B1: НСРФ | C1: МР | D1: ОКТМР | E1: МО | F1: ОКТМО | G1: RST_ORG_ID | H1: Наименование | I1: ИНН | J1: КПП | K1: ВД (OLD) | L1: ВД (COMBO) | M1: ВД (PATH) | N1: ORG_START_DATE | O1: ORG_END_DATE | P1: VDET_START_DATE | Q1: VDET_END_DATE | U1: № | V1: НСРФ | W1: МР | X1: ОКТМР | Y1: МО | Z1: ОКТМО | AA1: RST_ORG_ID | AB1: Наименование | AC1: ИНН | AD1: КПП | AE1: ВД (OLD) | AF1: ВД (COMBO) | AG1: ВД (PATH) | AH1: ORG_START_DATE | AI1: ORG_END_DATE | AJ1: VDET_START_DATE | AK1: VDET_END_DATE | AO1: № | AP1: НСРФ | AQ1: МР | AR1: ОКТМР | AS1: МО | AT1: ОКТМО | AU1: RST_ORG_ID | AV1: Наименование | AW1: ИНН | AX1: КПП | AY1: ВД (OLD) | AZ1: ВД (COMBO) | BA1: ВД (PATH) | BB1: ORG_START_DATE | BC1: ORG_END_DATE | BD1: VDET_START_DATE | BE1: VDET_END_DATE | BI1: № | BJ1: НСРФ | BK1: МР | BL1: ОКТМР | BM1: МО | BN1: ОКТМО | BO1: RST_ORG_ID | BP1: Наименование | BQ1: ИНН | BR1: КПП | BS1: ВД (OLD) | BT1: ВД (COMBO) | BU1: ВД (PATH) | BV1: ORG_START_DATE | BW1: ORG_END_DATE | BX1: VDET_START_DATE | BY1: VDET_END_DATE | CC1: № | CD1: НСРФ | CE1: МР | CF1: ОКТМР | CG1: МО | CH1: ОКТМО | CI1: RST_ORG_ID | CJ1: Наименование | CK1: ИНН | CL1: КПП | CM1: ВД (OLD) | CN1: ВД (COMBO) | CO1: ВД (PATH) | CP1: ORG_START_DATE | CQ1: ORG_END_DATE | CR1: VDET_START_DATE | CS1: VDET_END_DATE | CW1: № | CX1: НСРФ | CY1: МР | CZ1: ОКТМР | DA1: МО | DB1: ОКТМО | DC1: RST_ORG_ID | DD1: Наименование | DE1: ИНН | DF1: КПП | DG1: ВД (OLD) | DH1: ВД (COMBO) | DI1: ВД (PATH) | DJ1: ORG_START_DATE | DK1: ORG_END_DATE | DL1: VDET_START_DATE | DM1: VDET_END_DATE | DQ1: № | DR1: НСРФ | DS1: МР | DT1: ОКТМР | DU1: МО | DV1: ОКТМО | DW1: RST_ORG_ID | DX1: Наименование | DY1: ИНН | DZ1: КПП | EA1: ВД (OLD) | EB1: ВД (COMBO) | EC1: ВД (PATH) | ED1: ORG_START_DATE | EE1: ORG_END_DATE | EF1: VDET_START_DATE | EG1: VDET_END_DATE
BI2: 1 | BJ2: Нижегородская область | BO2: 31705104 | BP2: АНО "Парк мастеров Нижполиграф" | BQ2: 5260471963 | BR2: 526001001 | BS2: производство (некомбинированная выработка)+передача+сбыт | BT2: Некомбинированная выработка :: Сбыт :: Передача | BU2: /Тепловая энергия/Производство/Некомбинированная выработка :: /Тепловая энергия/Сбыт :: /Тепловая энергия/Передача | BV2: 08-06-2020 00:00:00
BI3: 2 | BJ3: Нижегородская область | BO3: 31705104 | BP3: АНО "Парк мастеров Нижполиграф" | BQ3: 5260471963 | BR3: 526001001 | BS3: производство (некомбинированная выработка)+передача+сбыт | BT3: Некомбинированная выработка :: Сбыт :: Передача | BU3: /Тепловая энергия/Производство/Некомбинированная выработка :: /Тепловая энергия/Сбыт :: /Тепловая энергия/Передача | BV3: 08-06-2020 00:00:00
BI4: 3 | BJ4: Нижегородская область | BO4: 26358477 | BP4: АО "170 РЗ СОП" | BQ4: 5262240714 | BR4: 526201001 | BS4: производство (некомбинированная выработка)+передача+сбыт | BT4: Некомбинированная выработка :: Сбыт :: Передача | BU4: /Тепловая энергия/Производство/Некомбинированная выработка :: /Тепловая энергия/Сбыт :: /Тепловая энергия/Передача
BI5: 4 | BJ5: Нижегородская область | BO5: 26358403 | BP5: АО "78 ДОК Н.М." | BQ5: 5257052472 | BR5: 525701001 | BS5: производство (некомбинированная выработка)+передача+сбыт | BT5: Некомбинированная выработка :: Сбыт :: Передача | BU5: /Тепловая энергия/Производство/Некомбинированная выработка :: /Тепловая энергия/Сбыт :: /Тепловая энергия/Передача
BI6: 5 | BJ6: Нижегородская область | BO6: 26358280 | BP6: АО "АМЗ" | BQ6: 5243001767 | BR6: 525350001 | BS6: производство (некомбинированная выработка)+передача+сбыт | BT6: Некомбинированная выработка :: Сбыт :: Передача | BU6: /Тепловая энергия/Производство/Некомбинированная выработка :: /Тепловая энергия/Сбыт :: /Тепловая энергия/Передача | BV6: 18-03-1993 00:00:00
BI7: 6 | BJ7: Нижегородская область | BO7: 26358280 | BP7: АО "АМЗ" | BQ7: 5243001767 | BR7: 525350001 | BS7: производство (некомбинированная выработка)+передача+сбыт | BT7: Некомбинированная выработка :: Сбыт :: Передача | BU7: /Тепловая энергия/Производство/Некомбинированная выработка :: /Тепловая энергия/Сбыт :: /Тепловая энергия/Передача | BV7: 18-03-1993 00:00:00
BI8: 7 | BJ8: Нижегородская область | BO8: 26358279 | BP8: АО "АПЗ" | BQ8: 5243001742 | BR8: 524301001 | BS8: производство (некомбинированная выработка)+передача+сбыт | BT8: Некомбинированная выработка :: Сбыт :: Передача | BU8: /Тепловая энергия/Производство/Некомбинированная выработка :: /Тепловая энергия/Сбыт :: /Тепловая энергия/Передача
BI9: 8 | BJ9: Нижегородская область | BO9: 26373616 | BP9: АО "ВМЗ" | BQ9: 5247004695 | BR9: 524701001 | BS9: производство (некомбинированная выработка) | BT9: Некомбинированная выработка | BU9: /Тепловая энергия/Производство/Некомбинированная выработка
BI10: 9 | BJ10: Нижегородская область | BO10: 26373616 | BP10: АО "ВМЗ" | BQ10: 5247004695 | BR10: 524701001 | BS10: Передача+Сбыт | BT10: Сбыт :: Передача | BU10: /Тепловая энергия/Сбыт :: /Тепловая энергия/Передача
BI11: 10 | BJ11: Нижегородская область | BO11: 26358464 | BP11: АО "ВОЛГА-ФЛОТ" | BQ11: 5260902190 | BR11: 526001001 | BS11: производство (некомбинированная выработка)+передача+сбыт | BT11: Некомбинированная выработка :: Сбыт :: Передача | BU11: /Тепловая энергия/Производство/Некомбинированная выработка :: /Тепловая энергия/Сбыт :: /Тепловая энергия/Передача
BI12: 11 | BJ12: Нижегородская область | BO12: 31314742 | BP12: АО "ВЫКСАТЕПЛОЭНЕРГО" | BQ12: 5247055114 | BR12: 524701001 | BS12: производство (некомбинированная выработка)+сбыт | BT12: Некомбинированная выработка :: Сбыт | BU12: /Тепловая энергия/Производство/Некомбинированная выработка :: /Тепловая энергия/Сбыт
BI13: 12 | BJ13: Нижегородская область | BO13: 26373593 | BP13: АО "Волга" | BQ13: 5244009279 | BR13: 524401001 | BS13: производство комбинированная выработка | BT13: Комбинированная выработка :: Некомбинированная выработка :: Сбыт :: Передача | BU13: /Тепловая энергия/Производство/Комбинированная выработка :: /Тепловая энергия/Производство/Некомбинированная выработка :: /Тепловая энергия/Сбыт :: /Тепловая энергия/Передача
BI14: 13 | BJ14: Нижегородская область | BO14: 26373593 | BP14: АО "Волга" | BQ14: 5244009279 | BR14: 524401001 | BS14: Теплоноситель - Сбыт :: Производство :: Передача | BT14: Сбыт :: Производство :: Передача | BU14: /Теплоноситель/Сбыт :: /Теплоноситель/Производство :: /Теплоноситель/Передача
BI15: 14 | BJ15: Нижегородская область | BO15: 26373593 | BP15: АО "Волга" | BQ15: 5244009279 | BR15: 524401001 | BS15: производство (некомбинированная выработка)+передача+сбыт | BT15: Комбинированная выработка :: Некомбинированная выработка :: Сбыт :: Передача | BU15: /Тепловая энергия/Производство/Комбинированная выработка :: /Тепловая энергия/Производство/Некомбинированная выработка :: /Тепловая энергия/Сбыт :: /Тепловая энергия/Передача
BI16: 15 | BJ16: Нижегородская область | BO16: 26373593 | BP16: АО "Волга" | BQ16: 5244009279 | BR16: 524401001 | BS16: Передача+Сбыт | BT16: Комбинированная выработка :: Некомбинированная выработка :: Сбыт :: Передача | BU16: /Тепловая энергия/Производство/Комбинированная выработка :: /Тепловая энергия/Производство/Некомбинированная выработка :: /Тепловая энергия/Сбыт :: /Тепловая энергия/Передача
BI17: 16 | BJ17: Нижегородская область | BO17: 26358364 | BP17: АО "Гидроагрегат" | BQ17: 5252000470 | BR17: 525201001 | BS17: производство (некомбинированная выработка)+передача+сбыт | BT17: Некомбинированная выработка :: Сбыт :: Передача | BU17: /Тепловая энергия/Производство/Некомбинированная выработка :: /Тепловая энергия/Сбыт :: /Тепловая энергия/Передача
BI18: 17 | BJ18: Нижегородская область | BO18: 26569426 | BP18: АО "ДПО "Пластик" | BQ18: 5249015251 | BR18: 524901001 | BS18: производство (некомбинированная выработка)+передача+сбыт | BT18: Некомбинированная выработка :: Сбыт :: Передача | BU18: /Тепловая энергия/Производство/Некомбинированная выработка :: /Тепловая энергия/Сбыт :: /Тепловая энергия/Передача
BI19: 18 | BJ19: Нижегородская область | BO19: 26358272 | BP19: АО "ДРСП" | BQ19: 5239006515 | BR19: 523901001 | BS19: производство (некомбинированная выработка)+передача+сбыт | BT19: Некомбинированная выработка :: Сбыт :: Передача | BU19: /Тепловая энергия/Производство/Некомбинированная выработка :: /Тепловая энергия/Сбыт :: /Тепловая энергия/Передача
... BI21: 20 | BJ21: Нижегородская область | BO21: 31063349 | BP21: АО "ЗАВОД "ЭЛЕКТРОМАШ" | BQ21: 5263125030 | BR21: 526301001 | BS21: производство (некомбинированная выработка)+передача+сбыт | BT21: Некомбинированная выработка :: Сбыт :: Передача | BU21: /Тепловая энергия/Производство/Некомбинированная выработка :: /Тепловая энергия/Сбыт :: /Тепловая энергия/Передача
BI22: 21 | BJ22: Нижегородская область | BO22: 26358397 | BP22: АО "ЗАВОД КРАСНЫЙ ЯКОРЬ" | BQ22: 5257005049 | BR22: 525701001 | BS22: производство (некомбинированная выработка)+передача+сбыт | BT22: Некомбинированная выработка :: Сбыт :: Передача | BU22: /Тепловая энергия/Производство/Некомбинированная выработка :: /Тепловая энергия/Сбыт :: /Тепловая энергия/Передача | BV22: 15-10-1993 00:00:00
BI23: 22 | BJ23: Нижегородская область | BO23: 26555546 | BP23: АО "Завод "Труд" | BQ23: 5261005718 | BR23: 526101001 | BS23: производство (некомбинированная выработка)+передача+сбыт | BT23: Некомбинированная выработка :: Сбыт :: Передача | BU23: /Тепловая энергия/Производство/Некомбинированная выработка :: /Тепловая энергия/Сбыт :: /Тепловая энергия/Передача
BI24: 23 | BJ24: Нижегородская область | BO24: 26358281 | BP24: АО "ЛЕГМАШ" | BQ24: 5243001862 | BR24: 524301001 | BS24: производство (некомбинированная выработка)+передача | BT24: Некомбинированная выработка :: Передача | BU24: /Тепловая энергия/Производство/Некомбинированная выработка :: /Тепловая энергия/Передача | BV24: 27-10-1992 00:00:00
BI25: 24 | BJ25: Нижегородская область | BO25: 26358393 | BP25: АО "МЕЛЬИНВЕСТ" | BQ25: 5257003490 | BR25: 525701001 | BS25: производство (некомбинированная выработка)+передача+сбыт | BT25: Некомбинированная выработка :: Сбыт :: Передача | BU25: /Тепловая энергия/Производство/Некомбинированная выработка :: /Тепловая энергия/Сбыт :: /Тепловая энергия/Передача
BI26: 25 | BJ26: Нижегородская область | BO26: 26358385 | BP26: АО "Международный Аэропорт Нижний Новгород" | BQ26: 5256045754 | BR26: 525601001 | BS26: производство (некомбинированная выработка)+передача+сбыт | BT26: Некомбинированная выработка :: Сбыт :: Передача | BU26: /Тепловая энергия/Производство/Некомбинированная выработка :: /Тепловая энергия/Сбыт :: /Тепловая энергия/Передача
BI27: 26 | BJ27: Нижегородская область | BO27: 26358270 | BP27: АО "Молоко" | BQ27: 5239001108 | BR27: 523901001 | BS27: производство (некомбинированная выработка)+передача+сбыт | BT27: Некомбинированная выработка :: Сбыт :: Передача | BU27: /Тепловая энергия/Производство/Некомбинированная выработка :: /Тепловая энергия/Сбыт :: /Тепловая энергия/Передача
BI28: 27 | BJ28: Нижегородская область | BO28: 26555642 | BP28: АО "НАС" | BQ28: 5257001277 | BR28: 525701001 | BS28: производство (некомбинированная выработка)+передача+сбыт | BT28: Некомбинированная выработка :: Сбыт :: Передача | BU28: /Тепловая энергия/Производство/Некомбинированная выработка :: /Тепловая энергия/Сбыт :: /Тепловая энергия/Передача
BI29: 28 | BJ29: Нижегородская область | BO29: 30844713 | BP29: АО "НЗ 70-ЛЕТИЯ ПОБЕДЫ" | BQ29: 5259113339 | BR29: 525901001 | BS29: производство (некомбинированная выработка)+сбыт | BT29: Некомбинированная выработка :: Сбыт | BU29: /Тепловая энергия/Производство/Некомбинированная выработка :: /Тепловая энергия/Сбыт
BI30: 29 | BJ30: Нижегородская область | BO30: 26358179 | BP30: АО "НЗСМ" | BQ30: 5223000035 | BR30: 522301001 | BS30: производство (некомбинированная выработка)+передача+сбыт | BT30: Некомбинированная выработка :: Сбыт :: Передача | BU30: /Тепловая энергия/Производство/Некомбинированная выработка :: /Тепловая энергия/Сбыт :: /Тепловая энергия/Передача
BI31: 30 | BJ31: Нижегородская область | BO31: 26358466 | BP31: АО "НИТЕЛ" | BQ31: 5261001745 | BR31: 526101001 | BS31: производство (некомбинированная выработка)+передача+сбыт | BT31: Некомбинированная выработка :: Сбыт :: Передача | BU31: /Тепловая энергия/Производство/Некомбинированная выработка :: /Тепловая энергия/Сбыт :: /Тепловая энергия/Передача | BV31: 29-10-1992 00:00:00
BI32: 31 | BJ32: Нижегородская область | BO32: 26358394 | BP32: АО "НМЖК" | BQ32: 5257003806 | BR32: 525701001 | BS32: производство (некомбинированная выработка)+передача+сбыт | BT32: Некомбинированная выработка :: Сбыт :: Передача | BU32: /Тепловая энергия/Производство/Некомбинированная выработка :: /Тепловая энергия/Сбыт :: /Тепловая энергия/Передача
BI33: 32 | BJ33: Нижегородская область | BO33: 26358469 | BP33: АО "ННПО имени М.В. Фрунзе" | BQ33: 5261077695 | BR33: 526101001 | BS33: производство (некомбинированная выработка)+передача+сбыт | BT33: Некомбинированная выработка :: Сбыт :: Передача | BU33: /Тепловая энергия/Производство/Некомбинированная выработка :: /Тепловая энергия/Сбыт :: /Тепловая энергия/Передача | BV33: 15-08-2011 00:00:00
BI34: 33 | BJ34: Нижегородская область | BO34: 30841129 | BP34: АО "НОКК" | BQ34: 5260267654 | BR34: 526001001 | BS34: производство (некомбинированная выработка)+сбыт | BT34: Некомбинированная выработка :: Сбыт | BU34: /Тепловая энергия/Производство/Некомбинированная выработка :: /Тепловая энергия/Сбыт
BI35: 34 | BJ35: Нижегородская область | BO35: 30841129 | BP35: АО "НОКК" | BQ35: 5260267654 | BR35: 526001001 | BS35: Теплоноситель - Производство | BT35: Производство | BU35: /Теплоноситель/Производство
BI36: 35 | BJ36: Нижегородская область | BO36: 31023931 | BP36: АО "НОКК" (Балахнинский филиал) | BQ36: 5260267654 | BR36: 524443001 | BS36: Передача | BT36: Комбинированная выработка :: Некомбинированная выработка :: Передача | BU36: /Тепловая энергия/Производство/Комбинированная выработка :: /Тепловая энергия/Производство/Некомбинированная выработка :: /Тепловая энергия/Передача
BI37: 36 | BJ37: Нижегородская область | BO37: 31023931 | BP37: АО "НОКК" (Балахнинский филиал) | BQ37: 5260267654 | BR37: 524443001 | BS37: производство (некомбинированная выработка)+передача | BT37: Комбинированная выработка :: Некомбинированная выработка :: Передача | BU37: /Тепловая энергия/Производство/Комбинированная выработка :: /Тепловая энергия/Производство/Некомбинированная выработка :: /Тепловая энергия/Передача
BI38: 37 | BJ38: Нижегородская область | BO38: 31023931 | BP38: АО "НОКК" (Балахнинский филиал) | BQ38: 5260267654 | BR38: 524443001 | BS38: производство комбинированная выработка | BT38: Комбинированная выработка :: Некомбинированная выработка :: Передача | BU38: /Тепловая энергия/Производство/Комбинированная выработка :: /Тепловая энергия/Производство/Некомбинированная выработка :: /Тепловая энергия/Передача
BI39: 38 | BJ39: Нижегородская область | BO39: 27566839 | BP39: АО "НОКК" (Богородский филиал) | BQ39: 5260267654 | BR39: 524543001 | BS39: производство (некомбинированная выработка)+передача+сбыт | BT39: Некомбинированная выработка :: Сбыт :: Передача | BU39: /Тепловая энергия/Производство/Некомбинированная выработка :: /Тепловая энергия/Сбыт :: /Тепловая энергия/Передача
BI40: 39 | BJ40: Нижегородская область | BO40: 31538730 | BP40: АО "НОКК" (Ветлужский филиал) | BQ40: 5260267654 | BR40: 523543002 | BS40: производство (некомбинированная выработка)+передача+сбыт | BT40: Некомбинированная выработка :: Сбыт :: Передача | BU40: /Тепловая энергия/Производство/Некомбинированная выработка :: /Тепловая энергия/Сбыт :: /Тепловая энергия/Передача
BI41: 40 | BJ41: Нижегородская область | BO41: 31538777 | BP41: АО "НОКК" (Володарский филиал) | BQ41: 5260267654 | BR41: 524943001 | BS41: производство (некомбинированная выработка)+передача+сбыт | BT41: Некомбинированная выработка :: Сбыт :: Передача | BU41: /Тепловая энергия/Производство/Некомбинированная выработка :: /Тепловая энергия/Сбыт :: /Тепловая энергия/Передача
BI42: 41 | BJ42: Нижегородская область | BO42: 27968016 | BP42: АО "НОКК" (Семеновский филиал) | BQ42: 5260267654 | BR42: 522843001 | BS42: производство (некомбинированная выработка)+передача+сбыт | BT42: Некомбинированная выработка :: Сбыт :: Передача | BU42: /Тепловая энергия/Производство/Некомбинированная выработка :: /Тепловая энергия/Сбыт :: /Тепловая энергия/Передача
BI43: 42 | BJ43: Нижегородская область | BO43: 31171901 | BP43: АО "НОКК" (Сеченовский филиал) | BQ43: 5260267654 | BR43: 523043001 | BS43: производство (некомбинированная выработка)+сбыт | BT43: Некомбинированная выработка :: Сбыт | BU43: /Тепловая энергия/Производство/Некомбинированная выработка :: /Тепловая энергия/Сбыт
BI44: 43 | BJ44: Нижегородская область | BO44: 28007548 | BP44: АО "НОКК" (Шахунский филиал) | BQ44: 5260267654 | BR44: 523943001 | BS44: производство (некомбинированная выработка)+передача+сбыт | BT44: Некомбинированная выработка :: Сбыт :: Передача | BU44: /Тепловая энергия/Производство/Некомбинированная выработка :: /Тепловая энергия/Сбыт :: /Тепловая энергия/Передача
BI45: 44 | BJ45: Нижегородская область | BO45: 26358399 | BP45: АО "Нормаль" | BQ45: 5257005345 | BR45: 525701001 | BS45: производство (некомбинированная выработка)+передача+сбыт | BT45: Некомбинированная выработка :: Сбыт :: Передача | BU45: /Тепловая энергия/Производство/Некомбинированная выработка :: /Тепловая энергия/Сбыт :: /Тепловая энергия/Передача
... BI51: 50 | BJ51: Нижегородская область | BO51: 26358408 | BP51: АО "Теплоэнерго" | BQ51: 5257087027 | BR51: 525701001 | BS51: производство (некомбинированная выработка)+передача+сбыт | BT51: Некомбинированная выработка :: Сбыт :: Передача | BU51: /Тепловая энергия/Производство/Некомбинированная выработка :: /Тепловая энергия/Сбыт :: /Тепловая энергия/Передача
BI52: 51 | BJ52: Нижегородская область | BO52: 26358184 | BP52: АО "Транспневматика" | BQ52: 5224001190 | BR52: 522401001 | BS52: производство (некомбинированная выработка)+передача+сбыт | BT52: Некомбинированная выработка :: Сбыт :: Передача | BU52: /Тепловая энергия/Производство/Некомбинированная выработка :: /Тепловая энергия/Сбыт :: /Тепловая энергия/Передача | BV52: 26-10-1992 00:00:00
BI53: 52 | BJ53: Нижегородская область | BO53: 27585148 | BP53: АО "ЭСК" | BQ53: 5262054490 | BR53: 525601001 | BS53: производство (некомбинированная выработка)+передача+сбыт | BT53: Некомбинированная выработка :: Сбыт :: Передача | BU53: /Тепловая энергия/Производство/Некомбинированная выработка :: /Тепловая энергия/Сбыт :: /Тепловая энергия/Передача | BV53: 07-09-2009 00:00:00
BI54: 53 | BJ54: Нижегородская область | BO54: 26358197 | BP54: АО «ХОХЛОМСКАЯ РОСПИСЬ» | BQ54: 5228001113 | BR54: 522801001 | BS54: производство (некомбинированная выработка)+передача+сбыт | BT54: Некомбинированная выработка :: Сбыт :: Передача | BU54: /Тепловая энергия/Производство/Некомбинированная выработка :: /Тепловая энергия/Сбыт :: /Тепловая энергия/Передача
BI55: 54 | BJ55: Нижегородская область | BO55: 26358282 | BP55: АО АНПП "ТЕМП-АВИА" | BQ55: 5243001887 | BR55: 524301001 | BS55: производство (некомбинированная выработка)+передача+сбыт | BT55: Некомбинированная выработка :: Сбыт :: Передача | BU55: /Тепловая энергия/Производство/Некомбинированная выработка :: /Тепловая энергия/Сбыт :: /Тепловая энергия/Передача | BV55: 23-07-1998 00:00:00
BI56: 55 | BJ56: Нижегородская область | BO56: 26358413 | BP56: АО НПП "Полет" | BQ56: 5258100129 | BR56: 525801001 | BS56: производство (некомбинированная выработка)+передача+сбыт | BT56: Некомбинированная выработка :: Сбыт :: Передача | BU56: /Тепловая энергия/Производство/Некомбинированная выработка :: /Тепловая энергия/Сбыт :: /Тепловая энергия/Передача | BV56: 29-12-2011 00:00:00
BI57: 56 | BJ57: Нижегородская область | BO57: 26358409 | BP57: АО ПКО "Теплообменник" | BQ57: 5258000011 | BR57: 525801001 | BS57: производство (некомбинированная выработка)+передача+сбыт | BT57: Некомбинированная выработка :: Сбыт :: Передача | BU57: /Тепловая энергия/Производство/Некомбинированная выработка :: /Тепловая энергия/Сбыт :: /Тепловая энергия/Передача
BI58: 57 | BJ58: Нижегородская область | BO58: 28148693 | BP58: АО хладокомбинат "Заречный" | BQ58: 5258000780 | BR58: 525801001 | BS58: производство (некомбинированная выработка)+передача+сбыт | BT58: Некомбинированная выработка :: Сбыт :: Передача | BU58: /Тепловая энергия/Производство/Некомбинированная выработка :: /Тепловая энергия/Сбыт :: /Тепловая энергия/Передача
BI59: 58 | BJ59: Нижегородская область | BO59: 26358136 | BP59: БОГОЯВЛЕНСКОЕ МУМППЖКХ | BQ59: 5215010375 | BR59: 521501001 | BS59: производство (некомбинированная выработка)+передача+сбыт | BT59: Некомбинированная выработка :: Сбыт :: Передача | BU59: /Тепловая энергия/Производство/Некомбинированная выработка :: /Тепловая энергия/Сбыт :: /Тепловая энергия/Передача | BW59: 26-02-2025 00:00:00
BI60: 59 | BJ60: Нижегородская область | BO60: 26825363 | BP60: Богородский филиал ООО "Арзамасское ПО "Автопровод" | BQ60: 5243002464 | BR60: 524502001 | BS60: производство (некомбинированная выработка)+передача+сбыт | BT60: Некомбинированная выработка :: Сбыт :: Передача | BU60: /Тепловая энергия/Производство/Некомбинированная выработка :: /Тепловая энергия/Сбыт :: /Тепловая энергия/Передача
BI61: 60 | BJ61: Нижегородская область | BO61: 26358190 | BP61: ГАПОУ "ПЕРЕВОЗСКИЙ СТРОИТЕЛЬНЫЙ КОЛЛЕДЖ" | BQ61: 5225001122 | BR61: 522501001 | BS61: производство (некомбинированная выработка)+передача+сбыт | BT61: Некомбинированная выработка :: Сбыт :: Передача | BU61: /Тепловая энергия/Производство/Некомбинированная выработка :: /Тепловая энергия/Сбыт :: /Тепловая энергия/Передача
BI62: 61 | BJ62: Нижегородская область | BO62: 26358166 | BP62: ГБПОУ ЛПК | BQ62: 5221004309 | BR62: 522101001 | BS62: производство (некомбинированная выработка) | BT62: Некомбинированная выработка | BU62: /Тепловая энергия/Производство/Некомбинированная выработка
BI63: 62 | BJ63: Нижегородская область | BO63: 31253577 | BP63: ГБПОУ ПСХТ | BQ63: 5227001424 | BR63: 522701001 | BS63: производство (некомбинированная выработка) | BT63: Некомбинированная выработка | BU63: /Тепловая энергия/Производство/Некомбинированная выработка
BI64: 63 | BJ64: Нижегородская область | BO64: 26358225 | BP64: ГБПОУ СПАССКИЙ АПТ | BQ64: 5232001606 | BR64: 523201001 | BS64: производство (некомбинированная выработка)+передача+сбыт | BT64: Некомбинированная выработка :: Сбыт :: Передача | BU64: /Тепловая энергия/Производство/Некомбинированная выработка :: /Тепловая энергия/Сбыт :: /Тепловая энергия/Передача
BI65: 64 | BJ65: Нижегородская область | BO65: 27980367 | BP65: ГБУ "Варнавинский ПНИ" | BQ65: 5207002268 | BR65: 520701001 | BS65: производство (некомбинированная выработка)+передача+сбыт | BT65: Некомбинированная выработка :: Сбыт :: Передача | BU65: /Тепловая энергия/Производство/Некомбинированная выработка :: /Тепловая энергия/Сбыт :: /Тепловая энергия/Передача
BI66: 65 | BJ66: Нижегородская область | BO66: 26358119 | BP66: ГБУ "Решетихинский ПНИ" | BQ66: 5214003022 | BR66: 521401001 | BS66: производство (некомбинированная выработка)+передача+сбыт | BT66: Некомбинированная выработка :: Сбыт :: Передача | BU66: /Тепловая энергия/Производство/Некомбинированная выработка :: /Тепловая энергия/Сбыт :: /Тепловая энергия/Передача
BI67: 66 | BJ67: Нижегородская область | BO67: 27579733 | BP67: ГБУ ОСРЦИ "Пушкино" | BQ67: 5249050312 | BR67: 524901001 | BS67: производство (некомбинированная выработка)+передача+сбыт | BT67: Некомбинированная выработка :: Сбыт :: Передача | BU67: /Тепловая энергия/Производство/Некомбинированная выработка :: /Тепловая энергия/Сбыт :: /Тепловая энергия/Передача
BI68: 67 | BJ68: Нижегородская область | BO68: 26358243 | BP68: ГБУ СРЦИ "КРАСНЫЙ ЯР" | BQ68: 5235001940 | BR68: 523501001 | BS68: производство (некомбинированная выработка)+передача+сбыт | BT68: Некомбинированная выработка :: Сбыт :: Передача | BU68: /Тепловая энергия/Производство/Некомбинированная выработка :: /Тепловая энергия/Сбыт :: /Тепловая энергия/Передача
BI69: 68 | BJ69: Нижегородская область | BO69: 31036531 | BP69: ГБУ ССОН "АВТОЗАВОДСКИЙ ДОМ ДЛЯ ДЕТЕЙ "НАДЕЖДА" | BQ69: 5256026159 | BR69: 525601001 | BS69: производство (некомбинированная выработка) | BT69: Некомбинированная выработка | BU69: /Тепловая энергия/Производство/Некомбинированная выработка
BI70: 69 | BJ70: Нижегородская область | BO70: 31036531 | BP70: ГБУ ССОН "АВТОЗАВОДСКИЙ ДОМ ДЛЯ ДЕТЕЙ "НАДЕЖДА" | BQ70: 5256026159 | BR70: 525601001 | BS70: Теплоноситель - Производство :: Передача | BT70: Производство :: Передача | BU70: /Теплоноситель/Производство :: /Теплоноситель/Передача
BI71: 70 | BJ71: Нижегородская область | BO71: 26555218 | BP71: ГБУЗ НО "КИСЕЛИХИНСКИЙ ОБЛАСТНОЙ ТЕРАПЕВТИЧЕСКИЙ ГОСПИТАЛЬ ДЛЯ ВЕТЕРАНОВ ВОЙН" | BQ71: 5246010400 | BR71: 524601001 | BS71: производство (некомбинированная выработка)+передача+сбыт | BT71: Некомбинированная выработка :: Сбыт :: Передача | BU71: /Тепловая энергия/Производство/Некомбинированная выработка :: /Тепловая энергия/Сбыт :: /Тепловая энергия/Передача
... BI73: 72 | BJ73: Нижегородская область | BO73: 26808802 | BP73: Горьковская дирекция по тепловодоснабжению структурное подразделение Центральной дирекции по тепловодоснабжению - филиала ОАО "РЖД" | BQ73: 7708503727 | BR73: 525745041 | BS73: производство (некомбинированная выработка)+передача+сбыт | BT73: Некомбинированная выработка :: Сбыт :: Передача | BU73: /Тепловая энергия/Производство/Некомбинированная выработка :: /Тепловая энергия/Сбыт :: /Тепловая энергия/Передача
BI74: 73 | BJ74: Нижегородская область | BO74: 26634205 | BP74: Дальнеконстантиновское МУПП ЖКХ | BQ74: 5215001934 | BR74: 521501001 | BS74: производство (некомбинированная выработка)+передача+сбыт | BT74: Некомбинированная выработка :: Сбыт :: Передача | BU74: /Тепловая энергия/Производство/Некомбинированная выработка :: /Тепловая энергия/Сбыт :: /Тепловая энергия/Передача | BW74: 24-01-2025 00:00:00
BI75: 74 | BJ75: Нижегородская область | BO75: 26322355 | BP75: ЗАО "Концерн "Термаль" | BQ75: 5261017382 | BR75: 526101001 | BS75: Передача+Сбыт | BT75: Сбыт :: Передача | BU75: /Тепловая энергия/Сбыт :: /Тепловая энергия/Передача
BI76: 75 | BJ76: Нижегородская область | BO76: 26322355 | BP76: ЗАО "Концерн "Термаль" | BQ76: 5261017382 | BR76: 526101001 | BS76: производство (некомбинированная выработка) | BT76: Некомбинированная выработка | BU76: /Тепловая энергия/Производство/Некомбинированная выработка
BI77: 76 | BJ77: Нижегородская область | BO77: 26358416 | BP77: ЗАО "Энерго групп" | BQ77: 5258050559 | BR77: 525801001 | BS77: Передача+Сбыт | BT77: Сбыт | BU77: /Тепловая энергия/Сбыт
BI78: 77 | BJ78: Нижегородская область | BO78: 26358416 | BP78: ЗАО "Энерго групп" | BQ78: 5258050559 | BR78: 525801001 | BS78: Передача | BT78: Передача | BU78: /Тепловая энергия/Передача
BI79: 78 | BJ79: Нижегородская область | BO79: 26358476 | BP79: ЗАО МЗ "РИЛС" | BQ79: 5262020719 | BR79: 526201001 | BS79: производство (некомбинированная выработка)+передача+сбыт | BT79: Некомбинированная выработка :: Сбыт :: Передача | BU79: /Тепловая энергия/Производство/Некомбинированная выработка :: /Тепловая энергия/Сбыт :: /Тепловая энергия/Передача
BI80: 79 | BJ80: Нижегородская область | BO80: 28870867 | BP80: ИП Копытова Н.В. | BQ80: 523903931595 | BR80: отсутствует | BS80: производство (некомбинированная выработка)+передача+сбыт | BT80: Некомбинированная выработка :: Сбыт :: Передача | BU80: /Тепловая энергия/Производство/Некомбинированная выработка :: /Тепловая энергия/Сбыт :: /Тепловая энергия/Передача
BI81: 80 | BJ81: Нижегородская область | BO81: 31446275 | BP81: ИП МИХЕЕВ АНДРЕЙ ЛЕОНИДОВИЧ | BQ81: 370202154863 | BR81: отсутствует | BS81: производство (некомбинированная выработка) | BT81: Некомбинированная выработка | BU81: /Тепловая энергия/Производство/Некомбинированная выработка
BI82: 81 | BJ82: Нижегородская область | BO82: 31543929 | BP82: ИП Павлов А.В. | BQ82: 524402453501 | BR82: отсутствует | BS82: Передача | BT82: Передача | BU82: /Тепловая энергия/Передача
BI83: 82 | BJ83: Нижегородская область | BO83: 31543929 | BP83: ИП Павлов А.В. | BQ83: 524402453501 | BR83: отсутствует | BS83: Теплоноситель - Передача | BT83: Передача | BU83: /Теплоноситель/Передача
BI84: 83 | BJ84: Нижегородская область | BO84: 28868794 | BP84: ИП Чурашев Михаил Юрьевич | BQ84: 525616836221 | BR84: отсутствует | BS84: производство (некомбинированная выработка)+передача+сбыт | BT84: Некомбинированная выработка :: Сбыт :: Передача | BU84: /Тепловая энергия/Производство/Некомбинированная выработка :: /Тепловая энергия/Сбыт :: /Тепловая энергия/Передача
BI85: 84 | BJ85: Нижегородская область | BO85: 27713249 | BP85: Лысковский филиал ООО "Арзамасское ПО "Автопровод" | BQ85: 5243002464 | BR85: 522202001 | BS85: производство комбинированная выработка | BT85: Комбинированная выработка :: Некомбинированная выработка :: Сбыт :: Передача | BU85: /Тепловая энергия/Производство/Комбинированная выработка :: /Тепловая энергия/Производство/Некомбинированная выработка :: /Тепловая энергия/Сбыт :: /Тепловая энергия/Передача
BI86: 85 | BJ86: Нижегородская область | BO86: 27713249 | BP86: Лысковский филиал ООО "Арзамасское ПО "Автопровод" | BQ86: 5243002464 | BR86: 522202001 | BS86: производство (некомбинированная выработка)+передача+сбыт | BT86: Комбинированная выработка :: Некомбинированная выработка :: Сбыт :: Передача | BU86: /Тепловая энергия/Производство/Комбинированная выработка :: /Тепловая энергия/Производство/Некомбинированная выработка :: /Тепловая энергия/Сбыт :: /Тепловая энергия/Передача
... BI98: 97 | BJ98: Нижегородская область | BO98: 26358141 | BP98: МП "Сатисское ЖКХ" | BQ98: 5216017126 | BR98: 521601001 | BS98: Передача+Сбыт | BT98: Сбыт :: Передача | BU98: /Тепловая энергия/Сбыт :: /Тепловая энергия/Передача
BI99: 98 | BJ99: Нижегородская область | BO99: 27965842 | BP99: МП ЖКХ "Планета" | BQ99: 5249012187 | BR99: 524901001 | BS99: производство (некомбинированная выработка)+передача+сбыт | BT99: Некомбинированная выработка :: Сбыт :: Передача | BU99: /Тепловая энергия/Производство/Некомбинированная выработка :: /Тепловая энергия/Сбыт :: /Тепловая энергия/Передача | BW99: 12-08-2024 00:00:00
BI100: 99 | BJ100: Нижегородская область | BO100: 31543727 | BP100: МП КОВЕРНИНСКОГО МУНИЦИПАЛЬНОГО ОКРУГА "ЖИЛИЩНО-КОММУНАЛЬНОЕ ХОЗЯЙСТВО "КОВЕРНИНО" | BQ100: 5248044330 | BR100: 524801001 | BS100: производство (некомбинированная выработка)+передача | BT100: Некомбинированная выработка :: Передача | BU100: /Тепловая энергия/Производство/Некомбинированная выработка :: /Тепловая энергия/Передача | BV100: 22-11-2021 00:00:00
BI101: 100 | BJ101: Нижегородская область | BO101: 26652819 | BP101: МУП "Большое Козино" | BQ101: 5244022199 | BR101: 524401001 | BS101: производство (некомбинированная выработка)+передача+сбыт | BT101: Некомбинированная выработка :: Сбыт :: Передача | BU101: /Тепловая энергия/Производство/Некомбинированная выработка :: /Тепловая энергия/Сбыт :: /Тепловая энергия/Передача
BI102: 101 | BJ102: Нижегородская область | BO102: 26373543 | BP102: МУП "Бытсервис" | BQ102: 5231004770 | BR102: 523101001 | BS102: производство (некомбинированная выработка)+передача+сбыт | BT102: Некомбинированная выработка :: Сбыт :: Передача | BU102: /Тепловая энергия/Производство/Некомбинированная выработка :: /Тепловая энергия/Сбыт :: /Тепловая энергия/Передача
BI103: 102 | BJ103: Нижегородская область | BO103: 31247110 | BP103: МУП "ВОДНИК" | BQ103: 5234005042 | BR103: 523401001 | BS103: производство (некомбинированная выработка)+передача+сбыт | BT103: Некомбинированная выработка :: Сбыт :: Передача | BU103: /Тепловая энергия/Производство/Некомбинированная выработка :: /Тепловая энергия/Сбыт :: /Тепловая энергия/Передача
BI104: 103 | BJ104: Нижегородская область | BO104: 30855659 | BP104: МУП "ВОРОТЫНСКОЕ ЖКХ" | BQ104: 5211759886 | BR104: 521101001 | BS104: производство (некомбинированная выработка)+передача+сбыт | BT104: Некомбинированная выработка :: Сбыт :: Передача | BU104: /Тепловая энергия/Производство/Некомбинированная выработка :: /Тепловая энергия/Сбыт :: /Тепловая энергия/Передача
BI105: 104 | BJ105: Нижегородская область | BO105: 26358098 | BP105: МУП "Варнавинкоммунсервис" | BQ105: 5207003582 | BR105: 520701001 | BS105: производство (некомбинированная выработка)+передача+сбыт | BT105: Некомбинированная выработка :: Сбыт :: Передача | BU105: /Тепловая энергия/Производство/Некомбинированная выработка :: /Тепловая энергия/Сбыт :: /Тепловая энергия/Передача
BI106: 105 | BJ106: Нижегородская область | BO106: 28871157 | BP106: МУП "Водоканал" | BQ106: 5239010720 | BR106: 523901001 | BS106: производство (некомбинированная выработка)+передача+сбыт | BT106: Некомбинированная выработка :: Сбыт :: Передача | BU106: /Тепловая энергия/Производство/Некомбинированная выработка :: /Тепловая энергия/Сбыт :: /Тепловая энергия/Передача
BI107: 106 | BJ107: Нижегородская область | BO107: 28447754 | BP107: МУП "Городской Водоканал" | BQ107: 5250058789 | BR107: 525001001 | BS107: производство (некомбинированная выработка)+передача+сбыт | BT107: Некомбинированная выработка :: Сбыт :: Передача | BU107: /Тепловая энергия/Производство/Некомбинированная выработка :: /Тепловая энергия/Сбыт :: /Тепловая энергия/Передача
BI108: 107 | BJ108: Нижегородская область | BO108: 27201619 | BP108: МУП "ДзержинскЭнерго" | BQ108: 5249003457 | BR108: 524901001 | BS108: производство (некомбинированная выработка)+передача | BT108: Некомбинированная выработка :: Передача | BU108: /Тепловая энергия/Производство/Некомбинированная выработка :: /Тепловая энергия/Передача
BI109: 108 | BJ109: Нижегородская область | BO109: 26358220 | BP109: МУП "Елизарово" | BQ109: 5231004795 | BR109: 523101001 | BS109: производство (некомбинированная выработка)+передача+сбыт | BT109: Некомбинированная выработка :: Сбыт :: Передача | BU109: /Тепловая энергия/Производство/Некомбинированная выработка :: /Тепловая энергия/Сбыт :: /Тепловая энергия/Передача
BI110: 109 | BJ110: Нижегородская область | BO110: 28449409 | BP110: МУП "ЖКХ "СЕВЕРНЫЙ" | BQ110: 5248036146 | BR110: 524801001 | BS110: производство (некомбинированная выработка)+передача+сбыт | BT110: Некомбинированная выработка :: Сбыт :: Передача | BU110: /Тепловая энергия/Производство/Некомбинированная выработка :: /Тепловая энергия/Сбыт :: /Тепловая энергия/Передача
BI111: 110 | BJ111: Нижегородская область | BO111: 28005091 | BP111: МУП "ЖКХ Буревестник" | BQ111: 5248033561 | BR111: 524801001 | BS111: производство (некомбинированная выработка)+передача+сбыт | BT111: Некомбинированная выработка :: Сбыт :: Передача | BU111: /Тепловая энергия/Производство/Некомбинированная выработка :: /Тепловая энергия/Сбыт :: /Тепловая энергия/Передача
BI112: 111 | BJ112: Нижегородская область | BO112: 26358324 | BP112: МУП "ЖКХ Зарубинское" | BQ112: 5248015611 | BR112: 524801001 | BS112: производство (некомбинированная выработка)+передача+сбыт | BT112: Некомбинированная выработка :: Сбыт :: Передача | BU112: /Тепловая энергия/Производство/Некомбинированная выработка :: /Тепловая энергия/Сбыт :: /Тепловая энергия/Передача | BW112: 04-10-2024 00:00:00
BI113: 112 | BJ113: Нижегородская область | BO113: 26358331 | BP113: МУП "ЖКХ Зиняковское" | BQ113: 5248015700 | BR113: 524801001 | BS113: производство (некомбинированная выработка)+передача+сбыт | BT113: Некомбинированная выработка :: Сбыт :: Передача | BU113: /Тепловая энергия/Производство/Некомбинированная выработка :: /Тепловая энергия/Сбыт :: /Тепловая энергия/Передача | BW113: 04-10-2024 00:00:00
BI114: 113 | BJ114: Нижегородская область | BO114: 26358329 | BP114: МУП "ЖКХ Кумохинское" | BQ114: 5248015682 | BR114: 524801001 | BS114: производство (некомбинированная выработка)+передача+сбыт | BT114: Некомбинированная выработка :: Сбыт :: Передача | BU114: /Тепловая энергия/Производство/Некомбинированная выработка :: /Тепловая энергия/Сбыт :: /Тепловая энергия/Передача | BW114: 01-11-2024 00:00:00
BI115: 114 | BJ115: Нижегородская область | BO115: 28147903 | BP115: МУП "ЖКХ Лысковского района" | BQ115: 5222070569 | BR115: 522201001 | BS115: производство (некомбинированная выработка)+передача+сбыт | BT115: Некомбинированная выработка :: Сбыт :: Передача | BU115: /Тепловая энергия/Производство/Некомбинированная выработка :: /Тепловая энергия/Сбыт :: /Тепловая энергия/Передача
BI116: 115 | BJ116: Нижегородская область | BO116: 26358335 | BP116: МУП "ЖКХ Мошковское" | BQ116: 5248015756 | BR116: 524801001 | BS116: производство (некомбинированная выработка)+передача+сбыт | BT116: Некомбинированная выработка :: Сбыт :: Передача | BU116: /Тепловая энергия/Производство/Некомбинированная выработка :: /Тепловая энергия/Сбыт :: /Тепловая энергия/Передача
BI117: 116 | BJ117: Нижегородская область | BO117: 31266429 | BP117: МУП "ЖКХ" | BQ117: 5208006025 | BR117: 520801001 | BS117: производство (некомбинированная выработка)+передача | BT117: Некомбинированная выработка :: Передача | BU117: /Тепловая энергия/Производство/Некомбинированная выработка :: /Тепловая энергия/Передача
BI118: 117 | BJ118: Нижегородская область | BO118: 28871911 | BP118: МУП "КОММУНАЛЬЩИК" | BQ118: 5225006709 | BR118: 522501001 | BS118: производство (некомбинированная выработка)+передача+сбыт | BT118: Некомбинированная выработка :: Сбыт :: Передача | BU118: /Тепловая энергия/Производство/Некомбинированная выработка :: /Тепловая энергия/Сбыт :: /Тепловая энергия/Передача
...

Sheet REESTR_SOURCE

Sheet БПр
C1: =F3 -> 0.0 | D1: - | F1: =B1 -> 0 | BA1: TOTAL_ORG
F3: =F1 & ".0" -> 0.0 | G3: год | BA3: TOTAL_ORG_YEAR
F4: =F1 & ".1" -> 0.1 | G4: январь | BA4: =C1 & "-I" -> 0.0-I
F5: =F1 & ".2" -> 0.2 | G5: февраль | BA5: =C1 & "-I" -> 0.0-I
F6: =F1 & ".3" -> 0.3 | G6: март | BA6: =C1 & "-I" -> 0.0-I
F7: =F1 & ".4" -> 0.4 | G7: апрель | BA7: =C1 & "-I" -> 0.0-I
F8: =F1 & ".5" -> 0.5 | G8: май | BA8: =C1 & "-I" -> 0.0-I
F9: =F1 & ".6" -> 0.6 | G9: июнь | BA9: =C1 & "-I" -> 0.0-I
F10: =F1 & ".7" -> 0.7 | G10: июль | BA10: =C1 & "-II" -> 0.0-II
F11: =F1 & ".8" -> 0.8 | G11: август | BA11: =C1 & "-II" -> 0.0-II
F12: =F1 & ".9" -> 0.9 | G12: сентябрь | BA12: =C1 & "-II" -> 0.0-II
F13: =F1 & ".10" -> 0.10 | G13: октябрь | BA13: =C1 & "-II" -> 0.0-II
F14: =F1 & ".11" -> 0.11 | G14: ноябрь | BA14: =C1 & "-II" -> 0.0-II
F15: =F1 & ".12" -> 0.12 | G15: декабрь | BA15: =C1 & "-II" -> 0.0-II
A57: TBD | C57: =F59 -> 0.0 | D57: - | F57: =B57 -> 0 | H57: =H59 -> 0 | I57: =I59 -> 0 | J57: =A57 -> TBD | K57: =K59 -> 0 | L57: =L59 -> 0 | M57: =M59 -> 0 | O57: =O59 -> 0 | P57: =P59 -> 0 | Q57: =Q59 -> 0 | R57: =R59 -> 0 | S57: =S59 -> 0 | T57: =T59 -> 0 | U57: =U59 -> 0 | V57: =V59 -> 0 | ... AO57: =AO59 -> 0 | AQ57: =AQ59 -> 0 | AR57: =AR59 -> 0 | AS57: =AS59 -> 0 | AT57: =AT59 -> 0 | AU57: =AU59 -> 0 | AV57: =AV59 -> 0 | AW57: =AW59 -> 0 | AX57: =AX59 -> 0 | BA57: TOTAL_ORG
F59: =F57 & ".0" -> 0.0 | G59: год | H59: =SUMIF('Список объектов'!$R$15:$R$19,$F59,'Список объектов'!$S$15:$S$19) -> 0 | I59: =SUMIF('Список объектов'!$R$15:$R$19,$F59,'Список объектов'!$T$15:$T$19) -> 0 | J59: =J57 -> TBD | K59: =L59+M59-V59+AM59-W59-AE59 -> 0 | M59: =SUM(O59,R59:T59,U59,V59) -> 0 | O59: =SUM(O60:O71) -> 0 | P59: =SUM(P60:P71) -> 0 | Q59: =SUM(Q60:Q71) -> 0 | R59: =SUM(R60:R71) -> 0 | S59: =SUM(S60:S71) -> 0 | T59: =SUM(T60:T71) -> 0 | U59: =SUM(U60:U71) -> 0 | V59: =SUM(V60:V71) -> 0 | W59: =SUM(X59:Z59) -> 0 | AA59: =SUM(AB59:AD59) -> 0 | AE59: =SUM(AF59:AH59) -> 0 | AI59: =SUM(AJ59:AL59) -> 0 | AM59: =AN59+AO59 -> 0 | AO59: =SUM(AO60:AO71) -> 0 | AQ59: =SUM(AQ60:AQ71) -> 0 | AR59: =SUM(AR60:AR71) -> 0 | AS59: =SUM(AS60:AS71) -> 0 | AT59: =SUM(AT60:AT71) -> 0 | AU59: =SUM(AU60:AU71) -> 0 | AV59: =SUM(AV60:AV71) -> 0 | AW59: =SUM(AW60:AW71) -> 0 | AX59: =SUM(AX60:AX71) -> 0 | BA59: TOTAL_ORG_YEAR | BP59: =SUM($U60:$U71)+SUM($AT60:$AT71) -> 0 | BQ59: =SUM($R60:$R71)+SUM($AV60:$AV71) -> 0 | BR59: =SUM($S60:$S71)+SUM($AW60:$AW71) -> 0 | BS59: =SUM($T60:$T71)+SUM($AX60:$AX71) -> 0 | BU59: =SUM($U60:$U71)+SUM($AT60:$AT71) -> 0 | BV59: =SUM($R60:$R71)+SUM($AV60:$AV71) -> 0 | BW59: =SUM($S60:$S71)+SUM($AW60:$AW71) -> 0 | BX59: =SUM($T60:$T71)+SUM($AX60:$AX71) -> 0 | CE59: =M59-V59+AO59 -> 0
F60: =F57 & ".1" -> 0.1 | G60: январь | J60: =IF(OFFSET('Список территорий'!CJ$15,$F57,0)="a","Y","N") -> N | K60: =L60+M60-V60+AM60-W60-AE60 -> 0 | M60: =SUM(O60,R60:T60,U60,V60) -> 0 | O60: =SUM(P60:Q60) -> 0 | AO60: =SUM(AQ60,AT60,AU60) -> 0 | AQ60: =SUM(AR60:AS60) -> 0 | AU60: =SUM(AV60:AX60) -> 0 | BA60: =C57 & "-I" -> 0.0-I | BP60: =SUM($U60:$U65)+SUM($AT60:$AT65) -> 0 | BQ60: =SUM($R60:$R65)+SUM($AV60:$AV65) -> 0 | BR60: =SUM($S60:$S65)+SUM($AW60:$AW65) -> 0 | BS60: =SUM($T60:$T65)+SUM($AX60:$AX65) -> 0 | BU60: =SUM($U60:$U65)+SUM($AT60:$AT65) -> 0 | BV60: =SUM($R60:$R65)+SUM($AV60:$AV65) -> 0 | BW60: =SUM($S60:$S65)+SUM($AW60:$AW65) -> 0 | BX60: =SUM($T60:$T65)+SUM($AX60:$AX65) -> 0
F61: =F57 & ".2" -> 0.2 | G61: февраль | J61: =IF(OFFSET('Список территорий'!CK$15,$F57,0)="a","Y","N") -> N | K61: =L61+M61-V61+AM61-W61-AE61 -> 0 | M61: =SUM(O61,R61:T61,U61,V61) -> 0 | O61: =SUM(P61:Q61) -> 0 | AO61: =SUM(AQ61,AT61,AU61) -> 0 | AQ61: =SUM(AR61:AS61) -> 0 | AU61: =SUM(AV61:AX61) -> 0 | BA61: =C57 & "-I" -> 0.0-I
F62: =F57 & ".3" -> 0.3 | G62: март | J62: =IF(OFFSET('Список территорий'!CL$15,$F57,0)="a","Y","N") -> N | K62: =L62+M62-V62+AM62-W62-AE62 -> 0 | M62: =SUM(O62,R62:T62,U62,V62) -> 0 | O62: =SUM(P62:Q62) -> 0 | AO62: =SUM(AQ62,AT62,AU62) -> 0 | AQ62: =SUM(AR62:AS62) -> 0 | AU62: =SUM(AV62:AX62) -> 0 | BA62: =C57 & "-I" -> 0.0-I
F63: =F57 & ".4" -> 0.4 | G63: апрель | J63: =IF(OFFSET('Список территорий'!CM$15,$F57,0)="a","Y","N") -> N | K63: =L63+M63-V63+AM63-W63-AE63 -> 0 | M63: =SUM(O63,R63:T63,U63,V63) -> 0 | O63: =SUM(P63:Q63) -> 0 | AO63: =SUM(AQ63,AT63,AU63) -> 0 | AQ63: =SUM(AR63:AS63) -> 0 | AU63: =SUM(AV63:AX63) -> 0 | BA63: =C57 & "-I" -> 0.0-I
F64: =F57 & ".5" -> 0.5 | G64: май | J64: =IF(OFFSET('Список территорий'!CN$15,$F57,0)="a","Y","N") -> N | K64: =L64+M64-V64+AM64-W64-AE64 -> 0 | M64: =SUM(O64,R64:T64,U64,V64) -> 0 | O64: =SUM(P64:Q64) -> 0 | AO64: =SUM(AQ64,AT64,AU64) -> 0 | AQ64: =SUM(AR64:AS64) -> 0 | AU64: =SUM(AV64:AX64) -> 0 | BA64: =C57 & "-I" -> 0.0-I
F65: =F57 & ".6" -> 0.6 | G65: июнь | J65: =IF(OFFSET('Список территорий'!CO$15,$F57,0)="a","Y","N") -> N | K65: =L65+M65-V65+AM65-W65-AE65 -> 0 | M65: =SUM(O65,R65:T65,U65,V65) -> 0 | O65: =SUM(P65:Q65) -> 0 | AO65: =SUM(AQ65,AT65,AU65) -> 0 | AQ65: =SUM(AR65:AS65) -> 0 | AU65: =SUM(AV65:AX65) -> 0 | BA65: =C57 & "-I" -> 0.0-I
F66: =F57 & ".7" -> 0.7 | G66: июль | J66: =IF(OFFSET('Список территорий'!CP$15,$F57,0)="a","Y","N") -> N | K66: =L66+M66-V66+AM66-W66-AE66 -> 0 | M66: =SUM(O66,R66:T66,U66,V66) -> 0 | O66: =SUM(P66:Q66) -> 0 | AO66: =SUM(AQ66,AT66,AU66) -> 0 | AQ66: =SUM(AR66:AS66) -> 0 | AU66: =SUM(AV66:AX66) -> 0 | BA66: =C57 & "-II" -> 0.0-II | BP66: =SUM($U66:$U71)+SUM($AT66:$AT71) -> 0 | BQ66: =SUM($R66:$R71)+SUM($AV66:$AV71) -> 0 | BR66: =SUM($S66:$S71)+SUM($AW66:$AW71) -> 0 | BS66: =SUM($T66:$T71)+SUM($AX66:$AX71) -> 0 | BU66: =SUM($U66:$U71)+SUM($AT66:$AT71) -> 0 | BV66: =SUM($R66:$R71)+SUM($AV66:$AV71) -> 0 | BW66: =SUM($S66:$S71)+SUM($AW66:$AW71) -> 0 | BX66: =SUM($T66:$T71)+SUM($AX66:$AX71) -> 0
F67: =F57 & ".8" -> 0.8 | G67: август | J67: =IF(OFFSET('Список территорий'!CQ$15,$F57,0)="a","Y","N") -> N | K67: =L67+M67-V67+AM67-W67-AE67 -> 0 | M67: =SUM(O67,R67:T67,U67,V67) -> 0 | O67: =SUM(P67:Q67) -> 0 | AO67: =SUM(AQ67,AT67,AU67) -> 0 | AQ67: =SUM(AR67:AS67) -> 0 | AU67: =SUM(AV67:AX67) -> 0 | BA67: =C57 & "-II" -> 0.0-II
F68: =F57 & ".9" -> 0.9 | G68: сентябрь | J68: =IF(OFFSET('Список территорий'!CR$15,$F57,0)="a","Y","N") -> N | K68: =L68+M68-V68+AM68-W68-AE68 -> 0 | M68: =SUM(O68,R68:T68,U68,V68) -> 0 | O68: =SUM(P68:Q68) -> 0 | AO68: =SUM(AQ68,AT68,AU68) -> 0 | AQ68: =SUM(AR68:AS68) -> 0 | AU68: =SUM(AV68:AX68) -> 0 | BA68: =C57 & "-II" -> 0.0-II
F69: =F57 & ".10" -> 0.10 | G69: октябрь | J69: =IF(OFFSET('Список территорий'!CS$15,$F57,0)="a","Y","N") -> N | K69: =L69+M69-V69+AM69-W69-AE69 -> 0 | M69: =SUM(O69,R69:T69,U69,V69) -> 0 | O69: =SUM(P69:Q69) -> 0 | AO69: =SUM(AQ69,AT69,AU69) -> 0 | AQ69: =SUM(AR69:AS69) -> 0 | AU69: =SUM(AV69:AX69) -> 0 | BA69: =C57 & "-II" -> 0.0-II
F70: =F57 & ".11" -> 0.11 | G70: ноябрь | J70: =IF(OFFSET('Список территорий'!CT$15,$F57,0)="a","Y","N") -> N | K70: =L70+M70-V70+AM70-W70-AE70 -> 0 | M70: =SUM(O70,R70:T70,U70,V70) -> 0 | O70: =SUM(P70:Q70) -> 0 | AO70: =SUM(AQ70,AT70,AU70) -> 0 | AQ70: =SUM(AR70:AS70) -> 0 | AU70: =SUM(AV70:AX70) -> 0 | BA70: =C57 & "-II" -> 0.0-II
F71: =F57 & ".12" -> 0.12 | G71: декабрь | J71: =IF(OFFSET('Список территорий'!CU$15,$F57,0)="a","Y","N") -> N | K71: =L71+M71-V71+AM71-W71-AE71 -> 0 | M71: =SUM(O71,R71:T71,U71,V71) -> 0 | O71: =SUM(P71:Q71) -> 0 | AO71: =SUM(AQ71,AT71,AU71) -> 0 | AQ71: =SUM(AR71:AS71) -> 0 | AU71: =SUM(AV71:AX71) -> 0 | BA71: =C57 & "-II" -> 0.0-II
F119: ="Баланс " & TEMPLATE_SPHERE & " (производство)" -> Баланс теплоснабжения (производство)
F120: Гкал
F121: № п/п | G121: Субъект баланса | H121: Установленная тепловая мощность, Гкал/час | I121: Подключённая (фактическая) тепловая нагрузка, Гкал/час | J121: Вид(-ы) теплоносителя(-ей) | K121: Выработка | L121: Собственные нужды источника тепла | M121: Отпуск с коллекторов | W121: Покупная энергия | AM121: Отпуск в сеть | AN121: Потери в сетях | AO121: Полезный отпуск, всего | AQ121: Полезный отпуск на нужды предприятия | AT121: Полезный отпуск организациям-перепродавцам | AU121: Полезный отпуск по группам потребителей
M122: Всего | O122: На технологические нужды предприятия | R122: Бюджетные потребители | S122: Население | T122: Прочие потребители | U122: Организации-перепродавцы | V122: В собственную тепловую сеть | W122: С коллекторов, всего | X122: от станций с мощностью производства >= 25 МВт | Y122: от станций с мощностью производства < 25 МВт | Z122: от котельных | AA122: в том числе покупка потерь с коллекторов | AB122: от станций с мощностью производства >= 25 МВт | AC122: от станций с мощностью производства < 25 МВт | AD122: от котельных | AE122: Из тепловой сети, всего | AF122: от станций с мощностью производства >= 25 МВт | AG122: от станций с мощностью производства < 25 МВт | AH122: от котельных (некомбинированная выработка) | AI122: в том числе покупка потерь из тепловой сети | AJ122: от станций с мощностью производства >= 25 МВт | AK122: от станций с мощностью производства < 25 МВт | AL122: от котельных (некомбинированная выработка) | AQ122: Всего | AR122: На собственное производство | AS122: На хозяйственные нужды | AT122: Всего | AU122: Всего | AV122: Финансируемые из бюджетов всех уровней | AW122: Население | AX122: Прочие
O123: Всего | P123: На собственное производство | Q123: На хозяйственные нужды
G124: А | H124: IC | I124: CL | J124: Б | K124: 1 | L124: 2 | M124: 3 | O124: 3.1 | P124: 3.1.1 | Q124: 3.1.2 | R124: 3.2 | S124: 3.3 | T124: 3.4 | U124: 3.5 | V124: 3.6 | W124: 4.1 | X124: 4.1.1 | Y124: 4.1.2 | Z124: 4.1.3 | AA124: 4.2 | AB124: 4.2.1 | AC124: 4.2.2 | AD124: 4.2.3 | AE124: 4.3 | AF124: 4.3.1 | AG124: 4.3.2 | AH124: 4.3.3 | AI124: 4.4 | AJ124: 4.4.1 | AK124: 4.4.2 | AL124: 4.4.3 | AM124: 5 | AN124: 5.1 | AO124: 5.2 | AQ124: 5.2.1 | AR124: 5.2.1.1 | AS124: 5.2.1.2 | AT124: 5.2.2 | AU124: 5.2.3 | AV124: 5.2.3.1 | AW124: 5.2.3.2 | AX124: 5.2.3.3 | BP124: RESELLERS_I | BQ124: BUDGET_I | BR124: POPULATION_I | BS124: OTHERS_I | BT124: OWN_I | BU124: RESELLERS_II | BV124: BUDGET_II | BW124: POPULATION_II | BX124: OTHERS_II | BY124: OWN_II | CE124: BPR_vs_BTR
D126: - | F126: =IF(TEMPLATE_SPHERE_CODE="COLDVSNA","0.1.P","0.1") -> 0.1 | G126: Всего по организации | K126: =SUMIF($BA131:$BA160,$BA126,K131:K160) -> 7596.375 | L126: =SUMIF($BA131:$BA160,$BA126,L131:L160) -> 347.5 | M126: =SUMIF($BA131:$BA160,$BA126,M131:M160) -> 4931.525 | O126: =SUMIF($BA131:$BA160,$BA126,O131:O160) -> 0 | P126: =SUMIF($BA131:$BA160,$BA126,P131:P160) -> 0 | Q126: =SUMIF($BA131:$BA160,$BA126,Q131:Q160) -> 0 | R126: =SUMIF($BA131:$BA160,$BA126,R131:R160) -> 0 | S126: =SUMIF($BA131:$BA160,$BA126,S131:S160) -> 0 | T126: =SUMIF($BA131:$BA160,$BA126,T131:T160) -> 0 | U126: =SUMIF($BA131:$BA160,$BA126,U131:U160) -> 0 | V126: =SUMIF($BA131:$BA160,$BA126,V131:V160) -> 4931.525 | ... AO126: =SUMIF($BA131:$BA160,$BA126,AO131:AO160) -> 6688.475 | AQ126: =SUMIF($BA131:$BA160,$BA126,AQ131:AQ160) -> 4371.14 | AR126: =SUMIF($BA131:$BA160,$BA126,AR131:AR160) -> 0 | AS126: =SUMIF($BA131:$BA160,$BA126,AS131:AS160) -> 4371.14 | AT126: =SUMIF($BA131:$BA160,$BA126,AT131:AT160) -> 0 | AU126: =SUMIF($BA131:$BA160,$BA126,AU131:AU160) -> 2317.335 | AV126: =SUMIF($BA131:$BA160,$BA126,AV131:AV160) -> 185.013 | AW126: =SUMIF($BA131:$BA160,$BA126,AW131:AW160) -> 0 | AX126: =SUMIF($BA131:$BA160,$BA126,AX131:AX160) -> 2132.322 | BA126: TOTAL_ORG_YEAR
F127: =IF(TEMPLATE_SPHERE_CODE="COLDVSNA","0.1.T","")
B131: 0 | BP131: Сумма объёмов по периодам (I, II) | CE131: Общий объём производства для сравнения с БТр (нельзя передать больше, чем произведено)
A132: =IF('Список территорий'!$AC$16="","Не определено",'Список территорий'!$AC$16) -> Тариф: Носитель - горячая вода (Т) | B132: 1 | C132: =F134 -> 1.0 | D132: - | E132: Удалить | F132: =B132 -> 1 | G132: =IF('Список территорий'!$I$16="","Не определено",'Список территорий'!$G$16 & " / " & 'Список территорий'!$H$16 & " / " & 'Список территорий'!$I$16) -> город Нижний Новгород / город Нижний Новгород / 22701000 | H132: =H134 -> 5.6 | I132: =I134 -> 4.82 | J132: =A132 -> Тариф: Носитель - горячая вода (Т) | K132: =K134 -> 7596.375 | L132: =L134 -> 347.5 | M132: =M134 -> 4931.525 | O132: =O134 -> 0 | P132: =P134 -> 0 | Q132: =Q134 -> 0 | R132: =R134 -> 0 | S132: =S134 -> 0 | T132: =T134 -> 0 | U132: =U134 -> 0 | V132: =V134 -> 4931.525 | ... AO132: =AO134 -> 6688.475 | AQ132: =AQ134 -> 4371.14 | AR132: =AR134 -> 0 | AS132: =AS134 -> 4371.14 | AT132: =AT134 -> 0 | AU132: =AU134 -> 2317.335 | AV132: =AV134 -> 185.013 | AW132: =AW134 -> 0 | AX132: =AX134 -> 2132.322 | BA132: TOTAL_ORG
F134: =F132 & ".0" -> 1.0 | G134: год | H134: =SUMIF('Список объектов'!$R$15:$R$19,$F134,'Список объектов'!$S$15:$S$19) -> 5.6 | I134: =SUMIF('Список объектов'!$R$15:$R$19,$F134,'Список объектов'!$T$15:$T$19) -> 4.82 | J134: =J132 -> Тариф: Носитель - горячая вода (Т) | K134: =L134+M134-V134+AM134-W134-AE134 -> 7596.375 | L134: 347.5 | M134: =SUM(O134,R134:T134,U134,V134) -> 4931.525 | O134: =SUM(O135:O146) -> 0 | P134: =SUM(P135:P146) -> 0 | Q134: =SUM(Q135:Q146) -> 0 | R134: =SUM(R135:R146) -> 0 | S134: =SUM(S135:S146) -> 0 | T134: =SUM(T135:T146) -> 0 | U134: =SUM(U135:U146) -> 0 | V134: =SUM(V135:V146) -> 4931.525 | W134: =SUM(X134:Z134) -> 0 | AA134: =SUM(AB134:AD134) -> 0 | AE134: =SUM(AF134:AH134) -> 0 | AI134: =SUM(AJ134:AL134) -> 0 | AM134: =AN134+AO134 -> 7248.875 | AN134: 560.4 | AO134: =SUM(AO135:AO146) -> 6688.475 | AQ134: =SUM(AQ135:AQ146) -> 4371.14 | AR134: =SUM(AR135:AR146) -> 0 | AS134: =SUM(AS135:AS146) -> 4371.14 | AT134: =SUM(AT135:AT146) -> 0 | AU134: =SUM(AU135:AU146) -> 2317.335 | AV134: =SUM(AV135:AV146) -> 185.013 | AW134: =SUM(AW135:AW146) -> 0 | AX134: =SUM(AX135:AX146) -> 2132.322 | BA134: TOTAL_ORG_YEAR | BP134: =SUM($U135:$U146)+SUM($AT135:$AT146) -> 0 | BQ134: =SUM($R135:$R146)+SUM($AV135:$AV146) -> 185.013 | BR134: =SUM($S135:$S146)+SUM($AW135:$AW146) -> 0 | BS134: =SUM($T135:$T146)+SUM($AX135:$AX146) -> 2132.322 | BU134: =SUM($U135:$U146)+SUM($AT135:$AT146) -> 0 | BV134: =SUM($R135:$R146)+SUM($AV135:$AV146) -> 185.013 | BW134: =SUM($S135:$S146)+SUM($AW135:$AW146) -> 0 | BX134: =SUM($T135:$T146)+SUM($AX135:$AX146) -> 2132.322 | CE134: =M134-V134+AO134 -> 6688.475
F135: =F132 & ".1" -> 1.1 | G135: январь | J135: =IF(OFFSET('Список территорий'!CJ$15,$F132,0)="a","Y","N") -> Y | K135: =L135+M135-V135+AM135-W135-AE135 -> 104.4 | L135: 104.4 | M135: =SUM(O135,R135:T135,U135,V135) -> 1481.544 | O135: =SUM(P135:Q135) -> 0 | V135: 1481.544 | AO135: =SUM(AQ135,AT135,AU135) -> 1477.706 | AQ135: =SUM(AR135:AS135) -> 950.25 | AS135: 950.25 | AU135: =SUM(AV135:AX135) -> 527.456 | AV135: 4.659 | AX135: 522.797 | BA135: =C132 & "-I" -> 1.0-I | BP135: =SUM($U135:$U140)+SUM($AT135:$AT140) -> 0 | BQ135: =SUM($R135:$R140)+SUM($AV135:$AV140) -> 63.406 | BR135: =SUM($S135:$S140)+SUM($AW135:$AW140) -> 0 | BS135: =SUM($T135:$T140)+SUM($AX135:$AX140) -> 1257.854 | BU135: =SUM($U135:$U140)+SUM($AT135:$AT140) -> 0 | BV135: =SUM($R135:$R140)+SUM($AV135:$AV140) -> 63.406 | BW135: =SUM($S135:$S140)+SUM($AW135:$AW140) -> 0 | BX135: =SUM($T135:$T140)+SUM($AX135:$AX140) -> 1257.854
F136: =F132 & ".2" -> 1.2 | G136: февраль | J136: =IF(OFFSET('Список территорий'!CK$15,$F132,0)="a","Y","N") -> Y | K136: =L136+M136-V136+AM136-W136-AE136 -> 70.7 | L136: 70.7 | M136: =SUM(O136,R136:T136,U136,V136) -> 1038.578 | O136: =SUM(P136:Q136) -> 0 | V136: 1038.578 | AO136: =SUM(AQ136,AT136,AU136) -> 1284.372 | AQ136: =SUM(AR136:AS136) -> 805.65 | AS136: 805.65 | AU136: =SUM(AV136:AX136) -> 478.722 | AV136: 30.682 | AX136: 448.04 | BA136: =C132 & "-I" -> 1.0-I
F137: =F132 & ".3" -> 1.3 | G137: март | J137: =IF(OFFSET('Список территорий'!CL$15,$F132,0)="a","Y","N") -> Y | K137: =L137+M137-V137+AM137-W137-AE137 -> 45 | L137: 45 | M137: =SUM(O137,R137:T137,U137,V137) -> 565.918 | O137: =SUM(P137:Q137) -> 0 | V137: 565.918 | AO137: =SUM(AQ137,AT137,AU137) -> 1065.082 | AQ137: =SUM(AR137:AS137) -> 750 | AS137: 750 | AU137: =SUM(AV137:AX137) -> 315.082 | AV137: 28.065 | AX137: 287.017 | BA137: =C132 & "-I" -> 1.0-I
F138: =F132 & ".4" -> 1.4 | G138: апрель | J138: =IF(OFFSET('Список территорий'!CM$15,$F132,0)="a","Y","N") -> Y | K138: =L138+M138-V138+AM138-W138-AE138 -> 0 | M138: =SUM(O138,R138:T138,U138,V138) -> 0 | O138: =SUM(P138:Q138) -> 0 | AO138: =SUM(AQ138,AT138,AU138) -> 0 | AQ138: =SUM(AR138:AS138) -> 0 | AU138: =SUM(AV138:AX138) -> 0 | BA138: =C132 & "-I" -> 1.0-I
F139: =F132 & ".5" -> 1.5 | G139: май | J139: =IF(OFFSET('Список территорий'!CN$15,$F132,0)="a","Y","N") -> Y | K139: =L139+M139-V139+AM139-W139-AE139 -> 0 | M139: =SUM(O139,R139:T139,U139,V139) -> 0 | O139: =SUM(P139:Q139) -> 0 | AO139: =SUM(AQ139,AT139,AU139) -> 0 | AQ139: =SUM(AR139:AS139) -> 0 | AU139: =SUM(AV139:AX139) -> 0 | BA139: =C132 & "-I" -> 1.0-I
F140: =F132 & ".6" -> 1.6 | G140: июнь | J140: =IF(OFFSET('Список территорий'!CO$15,$F132,0)="a","Y","N") -> Y | K140: =L140+M140-V140+AM140-W140-AE140 -> 0 | M140: =SUM(O140,R140:T140,U140,V140) -> 0 | O140: =SUM(P140:Q140) -> 0 | AO140: =SUM(AQ140,AT140,AU140) -> 0 | AQ140: =SUM(AR140:AS140) -> 0 | AU140: =SUM(AV140:AX140) -> 0 | BA140: =C132 & "-I" -> 1.0-I
F141: =F132 & ".7" -> 1.7 | G141: июль | J141: =IF(OFFSET('Список территорий'!CP$15,$F132,0)="a","Y","N") -> Y | K141: =L141+M141-V141+AM141-W141-AE141 -> 0 | M141: =SUM(O141,R141:T141,U141,V141) -> 0 | O141: =SUM(P141:Q141) -> 0 | AO141: =SUM(AQ141,AT141,AU141) -> 0 | AQ141: =SUM(AR141:AS141) -> 0 | AU141: =SUM(AV141:AX141) -> 0 | BA141: =C132 & "-II" -> 1.0-II | BP141: =SUM($U141:$U146)+SUM($AT141:$AT146) -> 0 | BQ141: =SUM($R141:$R146)+SUM($AV141:$AV146) -> 121.607 | BR141: =SUM($S141:$S146)+SUM($AW141:$AW146) -> 0 | BS141: =SUM($T141:$T146)+SUM($AX141:$AX146) -> 874.468 | BU141: =SUM($U141:$U146)+SUM($AT141:$AT146) -> 0 | BV141: =SUM($R141:$R146)+SUM($AV141:$AV146) -> 121.607 | BW141: =SUM($S141:$S146)+SUM($AW141:$AW146) -> 0 | BX141: =SUM($T141:$T146)+SUM($AX141:$AX146) -> 874.468
F142: =F132 & ".8" -> 1.8 | G142: август | J142: =IF(OFFSET('Список территорий'!CQ$15,$F132,0)="a","Y","N") -> Y | K142: =L142+M142-V142+AM142-W142-AE142 -> 0 | M142: =SUM(O142,R142:T142,U142,V142) -> 0 | O142: =SUM(P142:Q142) -> 0 | AO142: =SUM(AQ142,AT142,AU142) -> 0 | AQ142: =SUM(AR142:AS142) -> 0 | AU142: =SUM(AV142:AX142) -> 0 | BA142: =C132 & "-II" -> 1.0-II
F143: =F132 & ".9" -> 1.9 | G143: сентябрь | J143: =IF(OFFSET('Список территорий'!CR$15,$F132,0)="a","Y","N") -> Y | K143: =L143+M143-V143+AM143-W143-AE143 -> 0 | M143: =SUM(O143,R143:T143,U143,V143) -> 0 | O143: =SUM(P143:Q143) -> 0 | AO143: =SUM(AQ143,AT143,AU143) -> 0 | AQ143: =SUM(AR143:AS143) -> 0 | AU143: =SUM(AV143:AX143) -> 0 | BA143: =C132 & "-II" -> 1.0-II
F144: =F132 & ".10" -> 1.10 | G144: октябрь | J144: =IF(OFFSET('Список территорий'!CS$15,$F132,0)="a","Y","N") -> Y | K144: =L144+M144-V144+AM144-W144-AE144 -> 32 | L144: 32 | M144: =SUM(O144,R144:T144,U144,V144) -> 364.6 | O144: =SUM(P144:Q144) -> 0 | V144: 364.6 | AO144: =SUM(AQ144,AT144,AU144) -> 581.4 | AQ144: =SUM(AR144:AS144) -> 420 | AS144: 420 | AU144: =SUM(AV144:AX144) -> 161.4 | AV144: 4.698 | AX144: 156.702 | BA144: =C132 & "-II" -> 1.0-II
F145: =F132 & ".11" -> 1.11 | G145: ноябрь | J145: =IF(OFFSET('Список территорий'!CT$15,$F132,0)="a","Y","N") -> Y | K145: =L145+M145-V145+AM145-W145-AE145 -> 56 | L145: 56 | M145: =SUM(O145,R145:T145,U145,V145) -> 678.682 | O145: =SUM(P145:Q145) -> 0 | V145: 678.682 | AO145: =SUM(AQ145,AT145,AU145) -> 970.318 | AQ145: =SUM(AR145:AS145) -> 605 | AS145: 605 | AU145: =SUM(AV145:AX145) -> 365.318 | AV145: 23.22 | AX145: 342.098 | BA145: =C132 & "-II" -> 1.0-II
F146: =F132 & ".12" -> 1.12 | G146: декабрь | J146: =IF(OFFSET('Список территорий'!CU$15,$F132,0)="a","Y","N") -> Y | K146: =L146+M146-V146+AM146-W146-AE146 -> 39.44 | L146: 39.44 | M146: =SUM(O146,R146:T146,U146,V146) -> 802.203 | O146: =SUM(P146:Q146) -> 0 | V146: 802.203 | AO146: =SUM(AQ146,AT146,AU146) -> 1309.597 | AQ146: =SUM(AR146:AS146) -> 840.24 | AS146: 840.24 | AU146: =SUM(AV146:AX146) -> 469.357 | AV146: 93.689 | AX146: 375.668 | BA146: =C132 & "-II" -> 1.0-II
G160: Добавить

Sheet БТр
C1: =F3 -> 0.0 | D1: - | F1: =B1 -> 0 | BA1: TOTAL_ORG
F3: =F1 & ".0" -> 0.0 | G3: год | BA3: TOTAL_ORG_YEAR | BB3: =C1 & ".YEAR" -> 0.0.YEAR | BP3: =SUM($Q4:$Q15) -> 0 | BQ3: =SUM($R4:$R15) -> 0 | BR3: =SUM($S4:$S15) -> 0 | BS3: =SUM($T4:$T15) -> 0 | BT3: =SUM($N4:$N15) -> 0 | BU3: =SUM($Q4:$Q15) -> 0 | BV3: =SUM($R4:$R15) -> 0 | BW3: =SUM($S4:$S15) -> 0 | BX3: =SUM($T4:$T15) -> 0 | BY3: =SUM($N4:$N15) -> 0 | CE3: =SUM($Q4:$Q9) -> 0 | CF3: =SUM($R4:$R9) -> 0 | CG3: =SUM($S4:$S9) -> 0 | CH3: =SUM($T4:$T9) -> 0 | CI3: =SUM($N4:$N9) -> 0 | CJ3: =SUM($Q10:$Q15) -> 0 | CK3: =SUM($R10:$R15) -> 0 | CL3: =SUM($S10:$S15) -> 0 | CM3: =SUM($T10:$T15) -> 0 | CN3: =SUM($N10:$N15) -> 0
F4: =F1 & ".1" -> 0.1 | G4: январь | BA4: =C1 & "-I" -> 0.0-I | CT4: =IF(OR(BP3=0,CE3=0,BP3=""),0,CE3/BP3) -> 0 | CU4: =IF(OR(BQ3=0,CF3=0,BQ3=""),0,CF3/BQ3) -> 0 | CV4: =IF(OR(BR3=0,CG3=0,BR3=""),0,CG3/BR3) -> 0 | CW4: =IF(OR(BS3=0,CH3=0,BS3=""),0,CH3/BS3) -> 0 | CX4: =IF(OR(BT3=0,CI3=0,BT3=""),0,CI3/BT3) -> 0 | CY4: =IF(OR(SUM(BP3:BT3)=0,SUM(CE3:CI3)=0),0,SUM(CE3:CI3)/SUM(BP3:BT3)) -> 0
F5: =F1 & ".2" -> 0.2 | G5: февраль | BA5: =C1 & "-I" -> 0.0-I
F6: =F1 & ".3" -> 0.3 | G6: март | BA6: =C1 & "-I" -> 0.0-I
F7: =F1 & ".4" -> 0.4 | G7: апрель | BA7: =C1 & "-I" -> 0.0-I
F8: =F1 & ".5" -> 0.5 | G8: май | BA8: =C1 & "-I" -> 0.0-I
F9: =F1 & ".6" -> 0.6 | G9: июнь | BA9: =C1 & "-I" -> 0.0-I
F10: =F1 & ".7" -> 0.7 | G10: июль | BA10: =C1 & "-II" -> 0.0-II | CT10: =IF(OR(BU3=0,CJ3=0,BU3=""),0,CJ3/BU3) -> 0 | CU10: =IF(OR(BV3=0,CK3=0,BV3=""),0,CK3/BV3) -> 0 | CV10: =IF(OR(BW3=0,CL3=0,BW3=""),0,CL3/BW3) -> 0 | CW10: =IF(OR(BX3=0,CM3=0,BX3=""),0,CM3/BX3) -> 0 | CX10: =IF(OR(BY3=0,CN3=0,BY3=""),0,CN3/BY3) -> 0 | CY10: =IF(OR(SUM(BU3:BY3)=0,SUM(CJ3:CN3)=0),0,SUM(CJ3:CN3)/SUM(BU3:BY3)) -> 0
F11: =F1 & ".8" -> 0.8 | G11: август | BA11: =C1 & "-II" -> 0.0-II
F12: =F1 & ".9" -> 0.9 | G12: сентябрь | BA12: =C1 & "-II" -> 0.0-II
F13: =F1 & ".10" -> 0.10 | G13: октябрь | BA13: =C1 & "-II" -> 0.0-II
F14: =F1 & ".11" -> 0.11 | G14: ноябрь | BA14: =C1 & "-II" -> 0.0-II
F15: =F1 & ".12" -> 0.12 | G15: декабрь | BA15: =C1 & "-II" -> 0.0-II
A57: TBD | C57: =F59 -> 0.0 | D57: - | F57: =B57 -> 0 | H57: =H59 -> 0 | I57: =I59 -> 0 | J57: =A57 -> TBD | K57: =K59 -> 0 | L57: =L59 -> 0 | M57: =M59 -> 0 | N57: =N59 -> 0 | O57: =O59 -> 0 | P57: =P59 -> 0 | Q57: =Q59 -> 0 | R57: =R59 -> 0 | ... T57: =T59 -> 0 | BA57: TOTAL_ORG
F59: =F57 & ".0" -> 0.0 | G59: год | H59: =SUMIF('Список объектов'!$R$15:$R$19,$F59,'Список объектов'!$W$15:$W$19) -> 0 | I59: =SUMIF('Список объектов'!$R$15:$R$19,$F59,'Список объектов'!$X$15:$X$19) -> 0 | J59: =J57 -> TBD | M59: =SUM(N59,Q59,R59:T59) -> 0 | N59: =SUM(N60:N71) -> 0 | O59: =SUM(O60:O71) -> 0 | P59: =SUM(P60:P71) -> 0 | Q59: =SUM(Q60:Q71) -> 0 | R59: =SUM(R60:R71) -> 0 | S59: =SUM(S60:S71) -> 0 | T59: =SUM(T60:T71) -> 0 | BA59: TOTAL_ORG_YEAR | BB59: =C57 & ".YEAR" -> 0.0.YEAR | BP59: =SUM($Q60:$Q71) -> 0 | BQ59: =SUM($R60:$R71) -> 0 | BR59: =SUM($S60:$S71) -> 0 | BS59: =SUM($T60:$T71) -> 0 | BT59: =SUM($N60:$N71) -> 0 | BU59: =SUM($Q60:$Q71) -> 0 | BV59: =SUM($R60:$R71) -> 0 | BW59: =SUM($S60:$S71) -> 0 | BX59: =SUM($T60:$T71) -> 0 | BY59: =SUM($N60:$N71) -> 0 | CE59: =SUM($Q60:$Q65) -> 0 | CF59: =SUM($R60:$R65) -> 0 | CG59: =SUM($S60:$S65) -> 0 | CH59: =SUM($T60:$T65) -> 0 | CI59: =SUM($N60:$N65) -> 0 | CJ59: =SUM($Q66:$Q71) -> 0 | CK59: =SUM($R66:$R71) -> 0 | CL59: =SUM($S66:$S71) -> 0 | CM59: =SUM($T66:$T71) -> 0 | CN59: =SUM($N66:$N71) -> 0
F60: =F57 & ".1" -> 0.1 | G60: январь | J60: =IF(OFFSET('Список территорий'!CJ$15,$F57,0)="a","Y","N") -> N | M60: =SUM(N60,Q60,R60:T60) -> 0 | N60: =SUM(O60:P60) -> 0 | BA60: =C57 & "-I" -> 0.0-I | BP60: =SUM($Q60:$Q65) -> 0 | BQ60: =SUM($R60:$R65) -> 0 | BR60: =SUM($S60:$S65) -> 0 | BS60: =SUM($T60:$T65) -> 0 | BT60: =SUM($N60:$N65) -> 0 | BU60: =SUM($Q60:$Q65) -> 0 | BV60: =SUM($R60:$R65) -> 0 | BW60: =SUM($S60:$S65) -> 0 | BX60: =SUM($T60:$T65) -> 0 | BY60: =SUM($N60:$N65) -> 0 | CT60: =IF(OR(BP59=0,CE59=0,BP59=""),0,CE59/BP59) -> 0 | CU60: =IF(OR(BQ59=0,CF59=0,BQ59=""),0,CF59/BQ59) -> 0 | CV60: =IF(OR(BR59=0,CG59=0,BR59=""),0,CG59/BR59) -> 0 | CW60: =IF(OR(BS59=0,CH59=0,BS59=""),0,CH59/BS59) -> 0 | CX60: =IF(OR(BT59=0,CI59=0,BT59=""),0,CI59/BT59) -> 0 | CY60: =IF(OR(SUM(BP59:BT59)=0,SUM(CE59:CI59)=0),0,SUM(CE59:CI59)/SUM(BP59:BT59)) -> 0
F61: =F57 & ".2" -> 0.2 | G61: февраль | J61: =IF(OFFSET('Список территорий'!CK$15,$F57,0)="a","Y","N") -> N | M61: =SUM(N61,Q61,R61:T61) -> 0 | N61: =SUM(O61:P61) -> 0 | BA61: =C57 & "-I" -> 0.0-I
F62: =F57 & ".3" -> 0.3 | G62: март | J62: =IF(OFFSET('Список территорий'!CL$15,$F57,0)="a","Y","N") -> N | M62: =SUM(N62,Q62,R62:T62) -> 0 | N62: =SUM(O62:P62) -> 0 | BA62: =C57 & "-I" -> 0.0-I
F63: =F57 & ".4" -> 0.4 | G63: апрель | J63: =IF(OFFSET('Список территорий'!CM$15,$F57,0)="a","Y","N") -> N | M63: =SUM(N63,Q63,R63:T63) -> 0 | N63: =SUM(O63:P63) -> 0 | BA63: =C57 & "-I" -> 0.0-I
F64: =F57 & ".5" -> 0.5 | G64: май | J64: =IF(OFFSET('Список территорий'!CN$15,$F57,0)="a","Y","N") -> N | M64: =SUM(N64,Q64,R64:T64) -> 0 | N64: =SUM(O64:P64) -> 0 | BA64: =C57 & "-I" -> 0.0-I
F65: =F57 & ".6" -> 0.6 | G65: июнь | J65: =IF(OFFSET('Список территорий'!CO$15,$F57,0)="a","Y","N") -> N | M65: =SUM(N65,Q65,R65:T65) -> 0 | N65: =SUM(O65:P65) -> 0 | BA65: =C57 & "-I" -> 0.0-I
F66: =F57 & ".7" -> 0.7 | G66: июль | J66: =IF(OFFSET('Список территорий'!CP$15,$F57,0)="a","Y","N") -> N | M66: =SUM(N66,Q66,R66:T66) -> 0 | N66: =SUM(O66:P66) -> 0 | BA66: =C57 & "-II" -> 0.0-II | BP66: =SUM($Q66:$Q71) -> 0 | BQ66: =SUM($R66:$R71) -> 0 | BR66: =SUM($S66:$S71) -> 0 | BS66: =SUM($T66:$T71) -> 0 | BT66: =SUM($N66:$N71) -> 0 | BU66: =SUM($Q66:$Q71) -> 0 | BV66: =SUM($R66:$R71) -> 0 | BW66: =SUM($S66:$S71) -> 0 | BX66: =SUM($T66:$T71) -> 0 | BY66: =SUM($N66:$N71) -> 0 | CT66: =IF(OR(BU59=0,CJ59=0,BU59=""),0,CJ59/BU59) -> 0 | CU66: =IF(OR(BV59=0,CK59=0,BV59=""),0,CK59/BV59) -> 0 | CV66: =IF(OR(BW59=0,CL59=0,BW59=""),0,CL59/BW59) -> 0 | CW66: =IF(OR(BX59=0,CM59=0,BX59=""),0,CM59/BX59) -> 0 | CX66: =IF(OR(BY59=0,CN59=0,BY59=""),0,CN59/BY59) -> 0 | CY66: =IF(OR(SUM(BU59:BY59)=0,SUM(CJ59:CN59)=0),0,SUM(CJ59:CN59)/SUM(BU59:BY59)) -> 0
F67: =F57 & ".8" -> 0.8 | G67: август | J67: =IF(OFFSET('Список территорий'!CQ$15,$F57,0)="a","Y","N") -> N | M67: =SUM(N67,Q67,R67:T67) -> 0 | N67: =SUM(O67:P67) -> 0 | BA67: =C57 & "-II" -> 0.0-II
F68: =F57 & ".9" -> 0.9 | G68: сентябрь | J68: =IF(OFFSET('Список территорий'!CR$15,$F57,0)="a","Y","N") -> N | M68: =SUM(N68,Q68,R68:T68) -> 0 | N68: =SUM(O68:P68) -> 0 | BA68: =C57 & "-II" -> 0.0-II
F69: =F57 & ".10" -> 0.10 | G69: октябрь | J69: =IF(OFFSET('Список территорий'!CS$15,$F57,0)="a","Y","N") -> N | M69: =SUM(N69,Q69,R69:T69) -> 0 | N69: =SUM(O69:P69) -> 0 | BA69: =C57 & "-II" -> 0.0-II
F70: =F57 & ".11" -> 0.11 | G70: ноябрь | J70: =IF(OFFSET('Список территорий'!CT$15,$F57,0)="a","Y","N") -> N | M70: =SUM(N70,Q70,R70:T70) -> 0 | N70: =SUM(O70:P70) -> 0 | BA70: =C57 & "-II" -> 0.0-II
F71: =F57 & ".12" -> 0.12 | G71: декабрь | J71: =IF(OFFSET('Список территорий'!CU$15,$F57,0)="a","Y","N") -> N | M71: =SUM(N71,Q71,R71:T71) -> 0 | N71: =SUM(O71:P71) -> 0 | BA71: =C57 & "-II" -> 0.0-II
F118: ="Баланс " & TEMPLATE_SPHERE & " (транспортировка)" -> Баланс теплоснабжения (транспортировка)
F119: Гкал
F120: № п/п | G120: Субъект баланса | H120: Установленная тепловая мощность, Гкал/час | I120: Подключённая (фактическая) тепловая нагрузка, Гкал/час | J120: Вид(-ы) теплоносителя(-ей) | K120: Принято тепловой энергии для передачи (транспортировки) | L120: Потери | M120: Отпуск тепловой энергии
M121: Всего | N121: Передано на нужды организации | Q121: Энерго-снабжающие организации | R121: Бюджетные потребители | S121: Население | T121: Прочие потребители
N122: Всего | O122: На собственное производство | P122: На хозяйственные нужды
G124: А | H124: IC | I124: CL | J124: Б | K124: 1 | L124: 2 | M124: 3 | N124: 3.1 | O124: 3.1.1 | P124: 3.1.2 | Q124: 3.2 | R124: 3.3 | S124: 3.4 | T124: 3.5 | BP124: RESELLERS_I | BQ124: BUDGET_I | BR124: POPULATION_I | BS124: OTHERS_I | BT124: OWN_I | BU124: RESELLERS_II | BV124: BUDGET_II | BW124: POPULATION_II | BX124: OTHERS_II | BY124: OWN_II
D126: - | F126: =IF(TEMPLATE_SPHERE_CODE="COLDVSNA","0.1.P","0.1") -> 0.1 | G126: Всего по организации | K126: =SUMIF($BA131:$BA160,$BA126,K131:K160) -> 0 | L126: =SUMIF($BA131:$BA160,$BA126,L131:L160) -> 0 | M126: =SUMIF($BA131:$BA160,$BA126,M131:M160) -> 0 | N126: =SUMIF($BA131:$BA160,$BA126,N131:N160) -> 0 | O126: =SUMIF($BA131:$BA160,$BA126,O131:O160) -> 0 | P126: =SUMIF($BA131:$BA160,$BA126,P131:P160) -> 0 | Q126: =SUMIF($BA131:$BA160,$BA126,Q131:Q160) -> 0 | R126: =SUMIF($BA131:$BA160,$BA126,R131:R160) -> 0 | ... T126: =SUMIF($BA131:$BA160,$BA126,T131:T160) -> 0 | BA126: TOTAL_ORG_YEAR
F127: =IF(TEMPLATE_SPHERE_CODE="COLDVSNA","0.1.T","")
B131: 0 | BP131: Сумма объёмов по периодам (I, II)
A132: =IF('Список территорий'!$AC$16="","Не определено",'Список территорий'!$AC$16) -> Тариф: Носитель - горячая вода (Т) | B132: 1 | C132: =F134 -> 1.0 | D132: - | E132: Удалить | F132: =B132 -> 1 | G132: =IF('Список территорий'!$I$16="","Не определено",'Список территорий'!$G$16 & " / " & 'Список территорий'!$H$16 & " / " & 'Список территорий'!$I$16) -> город Нижний Новгород / город Нижний Новгород / 22701000 | BA132: TOTAL_ORG
F134: =F132 & ".0" -> 1.0 | G134: год | BA134: TOTAL_ORG_YEAR | BB134: =C132 & ".YEAR" -> 1.0.YEAR | BP134: =SUM($Q135:$Q146) -> 0 | BQ134: =SUM($R135:$R146) -> 0 | BR134: =SUM($S135:$S146) -> 0 | BS134: =SUM($T135:$T146) -> 0 | BT134: =SUM($N135:$N146) -> 0 | BU134: =SUM($Q135:$Q146) -> 0 | BV134: =SUM($R135:$R146) -> 0 | BW134: =SUM($S135:$S146) -> 0 | BX134: =SUM($T135:$T146) -> 0 | BY134: =SUM($N135:$N146) -> 0 | CE134: =SUM($Q135:$Q140) -> 0 | CF134: =SUM($R135:$R140) -> 0 | CG134: =SUM($S135:$S140) -> 0 | CH134: =SUM($T135:$T140) -> 0 | CI134: =SUM($N135:$N140) -> 0 | CJ134: =SUM($Q141:$Q146) -> 0 | CK134: =SUM($R141:$R146) -> 0 | CL134: =SUM($S141:$S146) -> 0 | CM134: =SUM($T141:$T146) -> 0 | CN134: =SUM($N141:$N146) -> 0
F135: =F132 & ".1" -> 1.1 | G135: январь | BA135: =C132 & "-I" -> 1.0-I | CT135: =IF(OR(BP134=0,CE134=0,BP134=""),0,CE134/BP134) -> 0 | CU135: =IF(OR(BQ134=0,CF134=0,BQ134=""),0,CF134/BQ134) -> 0 | CV135: =IF(OR(BR134=0,CG134=0,BR134=""),0,CG134/BR134) -> 0 | CW135: =IF(OR(BS134=0,CH134=0,BS134=""),0,CH134/BS134) -> 0 | CX135: =IF(OR(BT134=0,CI134=0,BT134=""),0,CI134/BT134) -> 0 | CY135: =IF(OR(SUM(BP134:BT134)=0,SUM(CE134:CI134)=0),0,SUM(CE134:CI134)/SUM(BP134:BT134)) -> 0
F136: =F132 & ".2" -> 1.2 | G136: февраль | BA136: =C132 & "-I" -> 1.0-I
F137: =F132 & ".3" -> 1.3 | G137: март | BA137: =C132 & "-I" -> 1.0-I
F138: =F132 & ".4" -> 1.4 | G138: апрель | BA138: =C132 & "-I" -> 1.0-I
F139: =F132 & ".5" -> 1.5 | G139: май | BA139: =C132 & "-I" -> 1.0-I
F140: =F132 & ".6" -> 1.6 | G140: июнь | BA140: =C132 & "-I" -> 1.0-I
F141: =F132 & ".7" -> 1.7 | G141: июль | BA141: =C132 & "-II" -> 1.0-II | CT141: =IF(OR(BU134=0,CJ134=0,BU134=""),0,CJ134/BU134) -> 0 | CU141: =IF(OR(BV134=0,CK134=0,BV134=""),0,CK134/BV134) -> 0 | CV141: =IF(OR(BW134=0,CL134=0,BW134=""),0,CL134/BW134) -> 0 | CW141: =IF(OR(BX134=0,CM134=0,BX134=""),0,CM134/BX134) -> 0 | CX141: =IF(OR(BY134=0,CN134=0,BY134=""),0,CN134/BY134) -> 0 | CY141: =IF(OR(SUM(BU134:BY134)=0,SUM(CJ134:CN134)=0),0,SUM(CJ134:CN134)/SUM(BU134:BY134)) -> 0
F142: =F132 & ".8" -> 1.8 | G142: август | BA142: =C132 & "-II" -> 1.0-II
F143: =F132 & ".9" -> 1.9 | G143: сентябрь | BA143: =C132 & "-II" -> 1.0-II
F144: =F132 & ".10" -> 1.10 | G144: октябрь | BA144: =C132 & "-II" -> 1.0-II
F145: =F132 & ".11" -> 1.11 | G145: ноябрь | BA145: =C132 & "-II" -> 1.0-II
F146: =F132 & ".12" -> 1.12 | G146: декабрь | BA146: =C132 & "-II" -> 1.0-II
G160: Добавить

Sheet РО
AP6: 12 | AQ6: 6 | AR6: 6 | AT6: 12 | AU6: 6 | AV6: 6
AP9: Y | AQ9: I | AR9: II | AT9: Y | AU9: I | AV9: II
AS10: START | AW10: END
AN12: Необходимо указывать значения по полугодиям (6 и 6 месяцев)
A13: FULL_MODE | AM13: Расходы организации | AO13: Период | AP13: Год | AQ13: I полугодие | AR13: II полугодие | AT13: Год | AU13: I полугодие | AV13: II полугодие
AT15: =AT17 & "_" & AT9 -> 1_Y | AU15: =AU17 & "_" & AU9 -> 1_I | AV15: =AV17 & "_" & AV9 -> 1_II
AT16: NO_TRANSPORT | AU16: NO_TRANSPORT | AV16: NO_TRANSPORT
AT17: =AT19 -> 1 | AU17: =AT19 -> 1 | AV17: =AT19 -> 1
AT18: Удалить | AW18: Добавить
AM19: № п/п | AN19: Наименование показателя | AO19: Единица измерения | AP19: Всего по организации | AS19: 0 | AT19: 1
AT20: =IF('Список территорий'!$I$16="","Не определено",'Список территорий'!$G$16 & " / " & 'Список территорий'!$H$16 & " / " & 'Список территорий'!$I$16) -> город Нижний Новгород / город Нижний Новгород / 22701000
AN21: Является ли организация плательщиком НДС | AT21: =IF('Список территорий'!$M$16="","Не определено",'Список территорий'!$M$16) -> да
AT22: =IF('Список территорий'!$AC$16="","Не определено",'Список территорий'!$AC$16) -> Тариф: Носитель - горячая вода (Т)
AM36: 4 | AN36: Расходы на натуральное топливо с учётом транспортировки (перевозки) (топливо на технологические цели) | AO36: тыс.руб. | AP36: =SUMIF($AS$9:$AW$9,AP$9,$AS36:$AW36) -> 7522.3672 | AQ36: =SUMIF($AS$9:$AW$9,AQ$9,$AS36:$AW36) -> 3761.1836 | AR36: =SUMIF($AS$9:$AW$9,AR$9,$AS36:$AW36) -> 3761.1836 | AT36: =Т!AT1110 -> 7522.3672 | AU36: =Т!AU1110 -> 3761.1836 | AV36: =Т!AV1110 -> 3761.1836
AM90: 5 | AN90: Энергия, в том числе | AO90: тыс.руб. | AP90: =SUMIF($AS$9:$AW$9,AP$9,$AS90:$AW90) -> 1292.22 | AQ90: =SUMIF($AS$9:$AW$9,AQ$9,$AS90:$AW90) -> 646.11 | AR90: =SUMIF($AS$9:$AW$9,AR$9,$AS90:$AW90) -> 646.11 | AT90: =SUM(AT91,AT154) -> 1292.22 | AU90: =SUM(AU91,AU154) -> 646.11 | AV90: =SUM(AV91,AV154) -> 646.11
AM91: 5.1 | AN91: энергия (покупная энергия) на технологические цели | AO91: тыс.руб. | AP91: =SUMIF($AS$9:$AW$9,AP$9,$AS91:$AW91) -> 1292.22 | AQ91: =SUMIF($AS$9:$AW$9,AQ$9,$AS91:$AW91) -> 646.11 | AR91: =SUMIF($AS$9:$AW$9,AR$9,$AS91:$AW91) -> 646.11 | AT91: =SUM(AT92,AT126,AT127) -> 1292.22 | AU91: =SUM(AU92,AU126,AU127) -> 646.11 | AV91: =SUM(AV92,AV126,AV127) -> 646.11
AM92: 5.1.1 | AN92: затраты на покупную тепловую энергию | AO92: тыс.руб. | AP92: =SUMIF($AS$9:$AW$9,AP$9,$AS92:$AW92) -> 0 | AQ92: =SUMIF($AS$9:$AW$9,AQ$9,$AS92:$AW92) -> 0 | AR92: =SUMIF($AS$9:$AW$9,AR$9,$AS92:$AW92) -> 0 | AT92: =SUM(AT93,AT109) -> 0 | AU92: =SUM(AU93,AU109) -> 0 | AV92: =SUM(AV93,AV109) -> 0
AM93: =AM92 & ".1" -> 5.1.1.1 | AN93: С коллекторов, всего | AO93: тыс.руб. | AP93: =SUMIF($AS$9:$AW$9,AP$9,$AS93:$AW93) -> 0 | AQ93: =SUMIF($AS$9:$AW$9,AQ$9,$AS93:$AW93) -> 0 | AR93: =SUMIF($AS$9:$AW$9,AR$9,$AS93:$AW93) -> 0 | AT93: =SUM(AT94,AT98,AT102) -> 0 | AU93: =SUM(AU94,AU98,AU102) -> 0 | AV93: =SUM(AV94,AV98,AV102) -> 0
AM94: =AM92 & ".1.1" -> 5.1.1.1.1 | AN94: от станций с мощностью производства >= 25 МВт | AO94: тыс.руб. | AP94: =SUMIF($AS$9:$AW$9,AP$9,$AS94:$AW94) -> 0 | AQ94: =SUMIF($AS$9:$AW$9,AQ$9,$AS94:$AW94) -> 0 | AR94: =SUMIF($AS$9:$AW$9,AR$9,$AS94:$AW94) -> 0 | AT94: =AU94+AV94 -> 0
AM95: =AM92 & ".1.1.0.1" -> 5.1.1.1.1.0.1 | AN95: объём ТЭ | AO95: тыс. Гкал | AP95: =SUMIF($AS$9:$AW$9,AP$9,$AS95:$AW95) -> 0 | AQ95: =SUMIF($AS$9:$AW$9,AQ$9,$AS95:$AW95) -> 0 | AR95: =SUMIF($AS$9:$AW$9,AR$9,$AS95:$AW95) -> 0 | AT95: =AU95+AV95 -> 0
AM96: =AM92 & ".1.1.0.2" -> 5.1.1.1.1.0.2 | AN96: цена ТЭ | AO96: руб./Гкал | AP96: =IF(AP95=0,0,AP94/AP95) -> 0 | AQ96: =IF(AQ95=0,0,AQ94/AQ95) -> 0 | AR96: =IF(AR95=0,0,AR94/AR95) -> 0 | AT96: =IF(AT95=0,0,AT94/AT95) -> 0 | AU96: =IF(AU95=0,0,AU94/AU95) -> 0 | AV96: =IF(AV95=0,0,AV94/AV95) -> 0
AM98: =AM92 & ".1.2" -> 5.1.1.1.2 | AN98: от станций с мощностью производства < 25 МВт | AO98: тыс.руб. | AP98: =SUMIF($AS$9:$AW$9,AP$9,$AS98:$AW98) -> 0 | AQ98: =SUMIF($AS$9:$AW$9,AQ$9,$AS98:$AW98) -> 0 | AR98: =SUMIF($AS$9:$AW$9,AR$9,$AS98:$AW98) -> 0 | AT98: =AU98+AV98 -> 0
AM99: =AM92 & ".1.2.0.1" -> 5.1.1.1.2.0.1 | AN99: объём ТЭ | AO99: тыс. Гкал | AP99: =SUMIF($AS$9:$AW$9,AP$9,$AS99:$AW99) -> 0 | AQ99: =SUMIF($AS$9:$AW$9,AQ$9,$AS99:$AW99) -> 0 | AR99: =SUMIF($AS$9:$AW$9,AR$9,$AS99:$AW99) -> 0 | AT99: =AU99+AV99 -> 0
AM100: =AM92 & ".1.2.0.2" -> 5.1.1.1.2.0.2 | AN100: цена ТЭ | AO100: руб./Гкал | AP100: =IF(AP99=0,0,AP98/AP99) -> 0 | AQ100: =IF(AQ99=0,0,AQ98/AQ99) -> 0 | AR100: =IF(AR99=0,0,AR98/AR99) -> 0 | AT100: =IF(AT99=0,0,AT98/AT99) -> 0 | AU100: =IF(AU99=0,0,AU98/AU99) -> 0 | AV100: =IF(AV99=0,0,AV98/AV99) -> 0
AM102: =AM92 & ".1.3" -> 5.1.1.1.3 | AN102: от котельных | AO102: тыс.руб. | AP102: =SUMIF($AS$9:$AW$9,AP$9,$AS102:$AW102) -> 0 | AQ102: =SUMIF($AS$9:$AW$9,AQ$9,$AS102:$AW102) -> 0 | AR102: =SUMIF($AS$9:$AW$9,AR$9,$AS102:$AW102) -> 0 | AT102: =AU102+AV102 -> 0
AM103: =AM92 & ".1.3.0.1" -> 5.1.1.1.3.0.1 | AN103: объём ТЭ | AO103: тыс. Гкал | AP103: =SUMIF($AS$9:$AW$9,AP$9,$AS103:$AW103) -> 0 | AQ103: =SUMIF($AS$9:$AW$9,AQ$9,$AS103:$AW103) -> 0 | AR103: =SUMIF($AS$9:$AW$9,AR$9,$AS103:$AW103) -> 0 | AT103: =AU103+AV103 -> 0
AM104: =AM92 & ".1.3.0.2" -> 5.1.1.1.3.0.2 | AN104: цена ТЭ | AO104: руб./Гкал | AP104: =IF(AP103=0,0,AP102/AP103) -> 0 | AQ104: =IF(AQ103=0,0,AQ102/AQ103) -> 0 | AR104: =IF(AR103=0,0,AR102/AR103) -> 0 | AT104: =IF(AT103=0,0,AT102/AT103) -> 0 | AU104: =IF(AU103=0,0,AU102/AU103) -> 0 | AV104: =IF(AV103=0,0,AV102/AV103) -> 0
AM105: =AM92 & ".2" -> 5.1.1.2 | AN105: в том числе покупка потерь с коллекторов | AO105: тыс.руб. | AP105: =SUMIF($AS$9:$AW$9,AP$9,$AS105:$AW105) -> 0 | AQ105: =SUMIF($AS$9:$AW$9,AQ$9,$AS105:$AW105) -> 0 | AR105: =SUMIF($AS$9:$AW$9,AR$9,$AS105:$AW105) -> 0 | AT105: =SUM(AT106:AT108) -> 0 | AU105: =SUM(AU106:AU108) -> 0 | AV105: =SUM(AV106:AV108) -> 0
AM106: =AM92 & ".2.1" -> 5.1.1.2.1 | AN106: от станций с мощностью производства >= 25 МВт | AO106: тыс.руб. | AP106: =SUMIF($AS$9:$AW$9,AP$9,$AS106:$AW106) -> 0 | AQ106: =SUMIF($AS$9:$AW$9,AQ$9,$AS106:$AW106) -> 0 | AR106: =SUMIF($AS$9:$AW$9,AR$9,$AS106:$AW106) -> 0 | AT106: =AU106+AV106 -> 0
AM107: =AM92 & ".2.2" -> 5.1.1.2.2 | AN107: от станций с мощностью производства < 25 МВт | AO107: тыс.руб. | AP107: =SUMIF($AS$9:$AW$9,AP$9,$AS107:$AW107) -> 0 | AQ107: =SUMIF($AS$9:$AW$9,AQ$9,$AS107:$AW107) -> 0 | AR107: =SUMIF($AS$9:$AW$9,AR$9,$AS107:$AW107) -> 0 | AT107: =AU107+AV107 -> 0
AM108: =AM92 & ".2.3" -> 5.1.1.2.3 | AN108: от котельных | AO108: тыс.руб. | AP108: =SUMIF($AS$9:$AW$9,AP$9,$AS108:$AW108) -> 0 | AQ108: =SUMIF($AS$9:$AW$9,AQ$9,$AS108:$AW108) -> 0 | AR108: =SUMIF($AS$9:$AW$9,AR$9,$AS108:$AW108) -> 0 | AT108: =AU108+AV108 -> 0
AM109: =AM92 & ".3" -> 5.1.1.3 | AN109: Из тепловой сети, всего | AO109: тыс.руб. | AP109: =SUMIF($AS$9:$AW$9,AP$9,$AS109:$AW109) -> 0 | AQ109: =SUMIF($AS$9:$AW$9,AQ$9,$AS109:$AW109) -> 0 | AR109: =SUMIF($AS$9:$AW$9,AR$9,$AS109:$AW109) -> 0 | AT109: =SUM(AT110,AT114,AT118) -> 0 | AU109: =SUM(AU110,AU114,AU118) -> 0 | AV109: =SUM(AV110,AV114,AV118) -> 0
AM110: =AM92 & ".3.1" -> 5.1.1.3.1 | AN110: от станций с мощностью производства >= 25 МВт | AO110: тыс.руб. | AP110: =SUMIF($AS$9:$AW$9,AP$9,$AS110:$AW110) -> 0 | AQ110: =SUMIF($AS$9:$AW$9,AQ$9,$AS110:$AW110) -> 0 | AR110: =SUMIF($AS$9:$AW$9,AR$9,$AS110:$AW110) -> 0 | AT110: =AU110+AV110 -> 0
AM111: =AM92 & ".3.1.0.1" -> 5.1.1.3.1.0.1 | AN111: объём ТЭ | AO111: тыс. Гкал | AP111: =SUMIF($AS$9:$AW$9,AP$9,$AS111:$AW111) -> 0 | AQ111: =SUMIF($AS$9:$AW$9,AQ$9,$AS111:$AW111) -> 0 | AR111: =SUMIF($AS$9:$AW$9,AR$9,$AS111:$AW111) -> 0 | AT111: =AU111+AV111 -> 0
AM112: =AM92 & ".3.1.0.2" -> 5.1.1.3.1.0.2 | AN112: цена ТЭ | AO112: руб./Гкал | AP112: =IF(AP111=0,0,AP110/AP111) -> 0 | AQ112: =IF(AQ111=0,0,AQ110/AQ111) -> 0 | AR112: =IF(AR111=0,0,AR110/AR111) -> 0 | AT112: =IF(AT111=0,0,AT110/AT111) -> 0 | AU112: =IF(AU111=0,0,AU110/AU111) -> 0 | AV112: =IF(AV111=0,0,AV110/AV111) -> 0
AM114: =AM92 & ".3.2" -> 5.1.1.3.2 | AN114: от станций с мощностью производства < 25 МВт | AO114: тыс.руб. | AP114: =SUMIF($AS$9:$AW$9,AP$9,$AS114:$AW114) -> 0 | AQ114: =SUMIF($AS$9:$AW$9,AQ$9,$AS114:$AW114) -> 0 | AR114: =SUMIF($AS$9:$AW$9,AR$9,$AS114:$AW114) -> 0 | AT114: =AU114+AV114 -> 0
AM115: =AM92 & ".3.2.0.1" -> 5.1.1.3.2.0.1 | AN115: объём ТЭ | AO115: тыс. Гкал | AP115: =SUMIF($AS$9:$AW$9,AP$9,$AS115:$AW115) -> 0 | AQ115: =SUMIF($AS$9:$AW$9,AQ$9,$AS115:$AW115) -> 0 | AR115: =SUMIF($AS$9:$AW$9,AR$9,$AS115:$AW115) -> 0 | AT115: =AU115+AV115 -> 0
AM116: =AM92 & ".3.2.0.2" -> 5.1.1.3.2.0.2 | AN116: цена ТЭ | AO116: руб./Гкал | AP116: =IF(AP115=0,0,AP114/AP115) -> 0 | AQ116: =IF(AQ115=0,0,AQ114/AQ115) -> 0 | AR116: =IF(AR115=0,0,AR114/AR115) -> 0 | AT116: =IF(AT115=0,0,AT114/AT115) -> 0 | AU116: =IF(AU115=0,0,AU114/AU115) -> 0 | AV116: =IF(AV115=0,0,AV114/AV115) -> 0
AM118: =AM92 & ".3.3" -> 5.1.1.3.3 | AN118: от котельных (некомбинированная выработка) | AO118: тыс.руб. | AP118: =SUMIF($AS$9:$AW$9,AP$9,$AS118:$AW118) -> 0 | AQ118: =SUMIF($AS$9:$AW$9,AQ$9,$AS118:$AW118) -> 0 | AR118: =SUMIF($AS$9:$AW$9,AR$9,$AS118:$AW118) -> 0 | AT118: =AU118+AV118 -> 0
AM119: =AM92 & ".3.3.0.1" -> 5.1.1.3.3.0.1 | AN119: объём ТЭ | AO119: тыс. Гкал | AP119: =SUMIF($AS$9:$AW$9,AP$9,$AS119:$AW119) -> 0 | AQ119: =SUMIF($AS$9:$AW$9,AQ$9,$AS119:$AW119) -> 0 | AR119: =SUMIF($AS$9:$AW$9,AR$9,$AS119:$AW119) -> 0 | AT119: =AU119+AV119 -> 0
AM120: =AM92 & ".3.3.0.2" -> 5.1.1.3.3.0.2 | AN120: цена ТЭ | AO120: руб./Гкал | AP120: =IF(AP119=0,0,AP118/AP119) -> 0 | AQ120: =IF(AQ119=0,0,AQ118/AQ119) -> 0 | AR120: =IF(AR119=0,0,AR118/AR119) -> 0 | AT120: =IF(AT119=0,0,AT118/AT119) -> 0 | AU120: =IF(AU119=0,0,AU118/AU119) -> 0 | AV120: =IF(AV119=0,0,AV118/AV119) -> 0
AM122: =AM92 & ".4" -> 5.1.1.4 | AN122: в том числе покупка потерь из тепловой сети | AO122: тыс.руб. | AP122: =SUMIF($AS$9:$AW$9,AP$9,$AS122:$AW122) -> 0 | AQ122: =SUMIF($AS$9:$AW$9,AQ$9,$AS122:$AW122) -> 0 | AR122: =SUMIF($AS$9:$AW$9,AR$9,$AS122:$AW122) -> 0 | AT122: =SUM(AT123:AT125) -> 0 | AU122: =SUM(AU123:AU125) -> 0 | AV122: =SUM(AV123:AV125) -> 0
AM123: =AM92 & ".4.1" -> 5.1.1.4.1 | AN123: от станций с мощностью производства >= 25 МВт | AO123: тыс.руб. | AP123: =SUMIF($AS$9:$AW$9,AP$9,$AS123:$AW123) -> 0 | AQ123: =SUMIF($AS$9:$AW$9,AQ$9,$AS123:$AW123) -> 0 | AR123: =SUMIF($AS$9:$AW$9,AR$9,$AS123:$AW123) -> 0 | AT123: =AU123+AV123 -> 0
AM124: =AM92 & ".4.2" -> 5.1.1.4.2 | AN124: от станций с мощностью производства < 25 МВт | AO124: тыс.руб. | AP124: =SUMIF($AS$9:$AW$9,AP$9,$AS124:$AW124) -> 0 | AQ124: =SUMIF($AS$9:$AW$9,AQ$9,$AS124:$AW124) -> 0 | AR124: =SUMIF($AS$9:$AW$9,AR$9,$AS124:$AW124) -> 0 | AT124: =AU124+AV124 -> 0
AM125: =AM92 & ".4.3" -> 5.1.1.4.3 | AN125: от котельных (некомбинированная выработка) | AO125: тыс.руб. | AP125: =SUMIF($AS$9:$AW$9,AP$9,$AS125:$AW125) -> 0 | AQ125: =SUMIF($AS$9:$AW$9,AQ$9,$AS125:$AW125) -> 0 | AR125: =SUMIF($AS$9:$AW$9,AR$9,$AS125:$AW125) -> 0 | AT125: =AU125+AV125 -> 0
AM126: 5.1.2 | AN126: затраты на оплату услуг по передаче тепловой энергии | AO126: тыс.руб. | AP126: =SUMIF($AS$9:$AW$9,AP$9,$AS126:$AW126) -> 0 | AQ126: =SUMIF($AS$9:$AW$9,AQ$9,$AS126:$AW126) -> 0 | AR126: =SUMIF($AS$9:$AW$9,AR$9,$AS126:$AW126) -> 0 | AT126: =AU126+AV126 -> 0
